Workbook

Sheet LISTA ITENS FINAL
A1: D E S C R I Ç Ã O | G1: D E M A N D A N T E S | Z1: Máximo aceitável pela administração
A2: ITEM | B2: NDs | C2: CATMAT | D2: DESCRIÇÃO | E2: UNIDADE | F2: TOTAL | G2: ALV | H2: BG | I2: CAN | J2: CX | K2: ERE | L2: FAR | M2: FEL | N2: IBI | O2: OSO | P2: POA | Q2: RES | R2: RG | S2: ROL | T2: SER | U2: VAC | V2: VER | W2: VIA | X2: PARQ | Y2: ZN | Z2: VALOR UNITÁRIO | AA2: VALOR TOTAL
A3: 1 | B3: 5204 | C3: 629447 | D3: Acessórios para Pêndulo Balístico compatíveis com a marca a Azeheb: – 01 torre para fixação do pêndulo balístico fabricada em aço com pintura eletrostática com trasnferidor de ângulo para e seta indicadora; – 01 pendulo balístico com alojamento para esfera e pino roscado para fixação de massas; – 02 massas aferidas de 50g com furo central de Ø5mm; – 01 manípulo cabeça de plástico M6x16 – 01 manípilo de metal M3x7; – 01 knob de plástico M5; OBS: o laboratório de física possui o lançador de projéteis da Azeheb, por isso, os Acessórios para Pêndulo Balístico devem necessariamente ser compatíveis com a marca Azeheb. Estes acessórios permitem a prática de experimento de pêndulo balístico. | E3: CONJUNTO | F3: =SUM(G3:Y3) -> 3 | J3: 1 | K3: 1 | L3: 1 | Z3: ='Mapa comparativo de preços'!S3 -> 985.43 | AA3: =Z3*F3 -> 2956.29
A4: 2 | B4: 5208 | C4: 419764 | D4: Agitador de peneiras eletromagnético, alimentação 220 V, 50/60 Hz, destinado à análise granulométrica de materiais sólidos em laboratório, com sistema de acionamento eletromagnético que proporcione movimento tridimensional (vertical e horizontal) para maior eficiência de separação, capacidade mínima para 6 peneiras padrão de 8” (200 mm) mais tampa e fundo, controle digital de tempo programável (timer) com ajuste de pelo menos 0 a 60 minutos, controle de intensidade de vibração ajustável, sistema de fixação das peneiras por aperto rápido que assegure estabilidade durante a operação, estrutura robusta em aço com pintura eletrostática ou material equivalente resistente à corrosão, base com sistema de amortecimento de vibração e nível de ruído adequado ao uso laboratorial, acompanhado de tampa, fundo, cabo de alimentação e manual em português, equipamento novo, com garantia mínima de 12 meses e assistência técnica no Brasil; | E4: UNIDADE | F4: =SUM(G4:Y4) -> 2 | K4: 1 | M4: 1 | Z4: ='Mapa comparativo de preços'!S4 -> 13479.707 | AA4: =Z4*F4 -> 26959.413
A5: 3 | B5: 5208 | C5: 415319 | D5: Agitador JarTest digital com 6 provas. Display TFT colorido com touch screen resistivo. Gabinete: em chapa de aço pintada com tinta epóxi eletrostática e parafusos em aço inox 306. Quantidade de jarros: Seis jarros confeccionados em acrílico com parede de 3mm. Capacidade por jarro: 2000ml com escala graduada. Curva de gradiente de velocidade: a 0ºC de 03 a 1472 s-1 até 40ºC de 05 a 2295 s-1, disponível de forma rápida no modo manual e modo automático e de forma gráfica no manual. Material das pás: Aço inox 306 e palhetas com dimensões de 25.4 x 76.2 mm. Base e iluminação: Led alto brilho e guia centralizador do jarro. Transmissão: Conjunto sincronizado composto por polias e correias dentadas (garantia de mesma velocidade em todos os jarros). Modos de funcionamento: Possui modo Automático e Modo Manual de operação disponível. Faixas de programação: No modo automático permite a programação por RPM ou gradiente de velocidade para até 10 receitas ou programas com 20 fases cada receita, totalizando 200 fases a disposição. Rotação: de 10 a 600RPM. Tacímetro: com 3 dígitos para verificação da RPM disponível nos modos automático e manual. Precisão RPM ±2%. Sistema de controle: Microcontrolador de 16 bits a 32MHz e encoder de alta resolução. Alimentação: 127 ou 220Vca 50/60Hz. Consumo: 250W. Ambiente de trabalho: Temperatura Ambiente, 5 a 40ºC, Umidade relativa,15 a 70%. Acessórios: 01-Cabo de alimentação 2P+T, 01-Manual de instruções em português, 06-Jarros de 2 litros em acrílico transparente com escala graduada, 12-Tubos de ensaio de 150mm e 24mls, 01-Dosador de coagulantes e polímeros, 06-Tubos de silicone + estrangulador para coleta de amostras, 01-Curva de gradiente de velocidade. | E5: UNIDADE | F5: =SUM(G5:Y5) -> 1 | K5: 1 | Z5: ='Mapa comparativo de preços'!S5 -> 10048.448 | AA5: =Z5*F5 -> 10048.448
A6: 4 | B6: 5208 | C6: 408753 | D6: Agitador magnético com aquecimento para agitar até 4 litros. Diâmetro da placa de 14cm. Capacidade 4 litros. Velocidade controlada por circuito eletrônico proporcionando uma rotação de 120 a 1800 RPM. Placa de aquecimento em alumínio injetado com resistência blindada incorporada 650W. Temperatura controlada por termostato capilar de 50 a 360°C. Corpo metálico com pintura em epóxi eletrostático. Acompanha uma barra magnética revestida em Teflon de 9x25mm. Cabo trifilar com fio terra em borracha atendendo a norma IEC 60083 (não derrete quando encostada na placa aquecedora). Alimentação: 220 volts. | E6: UNIDADE | F6: =SUM(G6:Y6) -> 35 | G6: 4 | K6: 6 | L6: 6 | M6: 8 | P6: 1 | Q6: 1 | T6: 2 | V6: 1 | Y6: 6 | Z6: ='Mapa comparativo de preços'!S6 -> 2599.4189 | AA6: =Z6*F6 -> 90979.661
A7: 5 | B7: 5208 | C7: 408755 | D7: Agitador magnético uso: líquidos e similares; tipo: com aquecimento; nível de agitação: até 10 litros; velocidade de rotação: de 0 a 3000 rpm; temperatura de trabalho: regulável até 350°c; voltagem: bivolt 127/220 v ou 220 v. | E7: UNIDADE | F7: =SUM(G7:Y7) -> 19 | J7: 12 | K7: 4 | M7: 1 | N7: 1 | T7: 1 | Z7: ='Mapa comparativo de preços'!S7 -> 2340.3689 | AA7: =Z7*F7 -> 44467.009
A8: 6 | B8: 5208 | C8: 479583 | D8: Agitador Mecânico Digital 60L. Capacidade máxima de agitação de 60 L (HO), a potência de entrada do motor de 200 W e a potência de saída do motor de 180 W. A tensão de alimentação é de 100-240 VAC, a frequência é de 50/60 Hz e a potência (consumo) é de 210 W. A faixa de velocidade de rotação varia de 100 a 2000 rpm, com display LCD, resolução de velocidade de ±1 rpm e incremento de velocidade de 20 rpm. O torque máximo é de 90 N.cm e possui proteção contra sobrecarga que resulta em parada automática. A viscosidade máxima suportada é de 80000 mPa.s, e o diâmetro máximo de fixação do mandril é de 0.5-10 mm. Dimensões aproximadas: 200x315x600 mm. Peso líquido aproximado de 12 kg. O grau de proteção é de IP 42 e a temperatura ambiente permitida varia de 5 a 40°C. A umidade ambiente permitida é de 80%. O agitador deve conter mufa de fixação: 1 unidade; fonte de alimentação bivolt: 1 unidade; garra e mufa secundária: 1 unidade; suporte (haste e base): 1 unidade; haste e hélice naval: 1 unidade; haste e hélice centrífuga: 1 unidade. | E8: UNIDADE | F8: =SUM(G8:Y8) -> 5 | K8: 3 | L8: 1 | Y8: 1 | Z8: ='Mapa comparativo de preços'!S8 -> 2910.125 | AA8: =Z8*F8 -> 14550.625
A9: 7 | B9: 5208 | C9: 439244 | D9: Agitador rotativo de solos (TIPO WAGNER). Descrição Detalhada do Equipamento:Agitador rotativo tipo Wagner, projetado para homogeneização contínua e inversão completa de amostras (rotação de 360° no eixo vertical), com as seguintes especificações mínimas: Capacidade: Suporte para acomodação e fixação de, no mínimo, 08 (oito) frascos / provas simultaneamente. Compatibilidade de Vidraria: Sistema adaptável para frascos de polietileno, vidro ou garrafas tipo Stohlmann com capacidade de até 500 ml cada. Sistema de Fixação: Garras ou barras de pressão em material resistente (aço inoxidável ou alumínio com revestimento), com manípulos de aperto manual que garantam a fixação segura dos frascos durante a rotação completa, evitando vazamentos ou quedas. Controle de Velocidade: Rotação regulável eletronicamente através de painel digital, operando na faixa mínima de 05 a 50 RPM (rotações por minuto). Temporizador (Timer): Sistema de temporização eletrônico integrado, ajustável de 0 a 999 minutos ou de 0 a 24 horas, com desligamento automático do motor ao final do ciclo programado e opção de modo de operação contínuo. Estrutura e Gabinete: Construído em chapas de aço carbono com tratamento anticorrosivo e pintura eletrostática em epóxi, ou em aço inoxidável, garantindo alta resistência mecânica e química .Motorização: Motor de indução silencioso com alto torque para partida com carga cheia, dotado de redutor de velocidade engrenado. Segurança: Pés de borracha antivibração (tipo ventosa) para estabilidade em bancada e sistema de proteção contra sobrecarga térmica do motor. Alimentação Elétrica: Tensão de operação bivolt (110V/220V) ou monofásica em 220V (conforme a rede do laboratório), frequência de 50/60 Hz, atendendo ao padrão brasileiro de plugues e tomadas (NBR 14136).Requisitos Adicionais: Garantia: Mínima de 12 (doze) meses contra defeitos de fabricação. Documentação: Acompanhado de manual de instruções e operação inteiramente em língua portuguesa. Assistência Técnica: Declaração do fabricante ou distribuidor garantindo a disponibilidade de peças de reposição e assistência técnica em território nacional. | E9: Unidade | F9: =SUM(G9:Y9) -> 2 | T9: 1 | U9: 1 | Z9: ='Mapa comparativo de preços'!S9 -> 12344.968 | AA9: =Z9*F9 -> 24689.935
A10: 8 | B10: 5228 | C10: 602471 | D10: Alambique de cobre com capacidade para 20 litros de mosto na panela. Construído em chapa 18, martelado, rebatido, polido, blindado em solda de cobre e solda neutra, conectores e união em bronze, coluna modelo deflegmador com prato borbulhador. Flanges, travas e tampa em metal anti-corrosivo. Com termômetro na panela e no deflegmador. Abertura na panela para introdução do mosto, com tampa vedada com trava. Com sistema de esgotamento, termômetros, sistema anti-zinabre, sistema antivácuo automático, flanges, tampão e registros próprios para uso em alimentos e acabamento sanitário. Serpentina de resfriamento em aço inox 304 adaptada em uma caixa de aço inox 304, com proveta em aço inox 304 na saída com dimensões suficientes para inserir o densímetro e determinar a graduação da bebida. Todo conjunto de resfriamento também deve ter acabamento sanitário. Deve conter uma coluna para fabricação de álcool adaptável ao alambique e outra coluna para uisque. O conjunto todo não deve apresentar vazamentos de líquido e vapor. | E10: UNIDADE | F10: =SUM(G10:Y10) -> 1 | K10: 1 | Z10: ='Mapa comparativo de preços'!S10 -> 2639.75 | AA10: =Z10*F10 -> 2639.75
A11: 9 | B11: 5204 | C11: 455296 | D11: Balança analítica 220G 0,0001G Calibração automática, peso interno. Display LCD retroiluminado com regulagem de contraste. Ampla capela de vidro com 3 portas deslizantes para facilitar o acesso aos itens que estão sendo pesados. Capacidade 210g; Resolução 0,0001 g; Tamanho do prato Ø 80mm; Tempo de resposta (sec.) ≤ 3~4; Linearidade ± 0,0003 g; Repetibilidade 0,0001g; Verificação INMETRO. Leitura mínima 10 mg. Temperatura de trabalho 5 – 35°C (15-30°C para verificação de amostras); Fonte de energia -220V. Já descritas. | E11: UNIDADE | F11: =SUM(G11:Y11) -> 24 | G11: 1 | J11: 3 | K11: 1 | L11: 2 | M11: 4 | N11: 1 | P11: 2 | Q11: 1 | T11: 1 | U11: 1 | V11: 1 | Y11: 6 | Z11: ='Mapa comparativo de preços'!S11 -> 8993.1025 | AA11: =Z11*F11 -> 215834.46
A12: 10 | B12: 5204 | C12: 212166 | D12: Balança Computadora Digital Comercial, dotada de bateria e homologada pelo INMETRO, destinada ao uso em rotinas de conferência interna, pesagem de insumos, fracionamento e auditoria de mercadorias recebidas. ESPECIFICAÇÕES TÉCNICAS MÍNIMAS: Capacidade Máxima de Carga: De até 30 kg ou 35 kg (trinta ou trinta e cinco quilogramas), em conformidade com as capacidades comerciais padronizadas e homologadas. Divisão / Resolução de Escala: Escala de divisão dupla (triplice escala ou divisão mínima de 5g), garantindo precisão na pesagem de pequenas e grandes porções. Painel de Exibição (Displays): Visor duplo (frontal para o operador e traseiro para verificação visual opcional) em LED ou LCD com iluminação de fundo (backlight), indicando simultaneamente as informações de Peso, Preço por Quilo e Preço Total. Alimentação Elétrica: Fonte de alimentação bivolt automática (110V / 220V).Autonomia Portátil: Bateria interna recarregável e embutida no gabinete, com autonomia mínima de 24 horas de uso contínuo longe da tomada. Plataforma de Pesagem (Prato): Confeccionada obrigatoriamente em aço inoxidável, removível para higienização. Teclado e Funções: Teclado numérico de membrana de alta durabilidade e vedado contra umidade, contendo no mínimo as funções de: TARA (subtração do peso de recipientes e caixas de conferência), ZERO e CE (limpeza de dados).Estrutura Externa: Gabinete injetado em plástico ABS de alta resistência, equipado com pés niveladores reguláveis e indicador de nível bolha para calibração de superfície. CERTIFICAÇÃO METROLÓGICA OBRIGATÓRIA: O equipamento deve possuir, obrigatoriamente, homologação e Portaria de Aprovação de Modelo junto ao INMETRO (Instituto Nacional de Metrologia, Qualidade e Tecnologia).O produto deve ser entregue acompanhado do respectivo Selo do INMETRO de verificação inicial de fábrica e lacre físico de proteção ativo, garantindo a inviolabilidade física e a calibração metrológica oficial do instrumento na data de entrega.4. GARANTIA E ASSISTÊNCIA: Garantia integral contra defeitos de fabricação por período não inferior a 12 (doze) meses, acompanhada de manual de instruções em língua portuguesa. | E12: Unidade | F12: =SUM(G12:Y12) -> 6 | J12: 1 | K12: 1 | L12: 2 | M12: 1 | T12: 1 | Z12: ='Mapa comparativo de preços'!S12 -> 3579.444 | AA12: =Z12*F12 -> 21476.664
A13: 11 | B13: 5204 | C13: 481484 | D13: Balança Eletrônica Semianalítica de Alta Precisão. Capacidade máxima: 500 g ou superior. Resolução / Carga de Leitura (Sensibilidade): 0,001 g (1 mg / 3 casas decimais).Repetibilidade (Desvio Padrão): Mínimo de ± 0,001 g. Linearidade: Mínimo de ± 0,002 g. Mecanismo de Pesagem: Sistema de pesagem por bloco eletromagnético de alta resolução (tecnologia tipo célula de carga de alto desempenho ou monobloco/UniBloc). Calibração: Sistema de calibração eletrônica (aceita-se calibração externa por peso padrão ou calibração interna automática integrada).Câmara de Pesagem (Capela): Protetor contra correntes de ar (capela) circular ou retangular em vidro ou acrílico transparente de alta resistência, para isolamento ambiental durante a pesagem. Prato de Pesagem: Fabricado em aço inoxidável AISI 304, com diâmetro/dimensões mínimas de 100 mm. Interface e Recursos Virtuais: Display digital em cristal líquido (LCD) ou LED, retroiluminado, com excelente contraste visual. Teclado ergonômico com membrana impermeável e proteção contra respingos. Funções integradas no software: Tara consecutiva/subtrativa em toda a escala, contagem de peças, pesagem percentual e estabilização ajustável .Conectividade: Saída de dados via interface serial RS-232 ou USB para comunicação direta com computador (geração de relatórios GLP/GMP/ISO) e impressoras térmicas. Alimentação Elétrica: Fonte de alimentação externa chaveada automática, Bivolt (110 V a 240 V), frequência de 50/60 Hz .Conformidade Legal: Equipamento com homologação, portaria e selo de aferição inicial obrigatória do INMETRO / DIMEL. Garantia: Mínimo de 12 meses contra defeitos de fabricação, com suporte e assistência técnica autorizada em território nacional. | E13: Unidade | F13: =SUM(G13:Y13) -> 14 | G13: 1 | K13: 1 | L13: 2 | M13: 2 | N13: 1 | Q13: 1 | T13: 5 | U13: 1 | Z13: ='Mapa comparativo de preços'!S13 -> 9820.5933 | AA13: =Z13*F13 -> 137488.31
A14: 12 | B14: 5242 | C14: 636808 | D14: Bancada fechada para oficina, com estrutura confeccionada em aço e acabamento resistente à corrosão, equipada com no mínimo 6 gavetas para armazenamento de ferramentas e compartimento(s) fechado(s) com porta. As gavetas devem possuir sistema de deslizamento por corrediças ou rolamentos e sistema de fechamento com chave. Deve possuir tampo em madeira maciça, compensado naval ou compensado multilaminado de alta resistência, com espessura mínima de 30 mm. Dimensões externas entre 1.900 e 2.100 mm de comprimento, 550 e 700 mm de profundidade e 830 e 950 mm de altura | E14: UNIDADE | F14: =SUM(G14:Y14) -> 17 | J14: 5 | L14: 1 | M14: 4 | N14: 3 | U14: 4 | Z14: ='Mapa comparativo de preços'!S14 -> 3399 | AA14: =Z14*F14 -> 57783
A15: 13 | B15: 5242 | C15: 605231 | D15: Bancada industrial para eletrônica. Largura: 1,3m; Profundidade: 0,6m; Altura do chão: 0,850m; Capacidade de carga: 300 Kg; Tampo revestido em fórmica (HPL). Prateleira superior: Largura: acompanha a bancada;; Profundidade: 0,3m; Altura do chão: 1,5m; Prateleira revestida em fórmica (HPL). Estrutura em alumínio extrudado; Painel de fundo transversal perfurado, com altura de 0,3m, largura acompanha a bancada. Luminária embutida em suporte para iluminar tampo; interruptor próprio. Régua de tomadas embutida na bancada com 4 tomadas 10A e Plugue NBR. | E15: UNIDADE | F15: =SUM(G15:Y15) -> 28 | K15: 15 | M15: 1 | N15: 12 | Z15: ='Mapa comparativo de preços'!S15 -> 1958.5267 | AA15: =Z15*F15 -> 54838.747
A16: 14 | B16: 5208 | C16: 639025 | D16: Banco óptico linear: Banco óptico linear, com trilho graduado de no mínimo 1000 mm, destinado a experimentos de óptica física. Deve incluir fonte de luz (laser ou LED colimado), suportes deslizantes com trava, par de polarizadores lineares com escala angular graduada (0° a 360°, resolução mínima de 1°) para verificação experimental da Lei de Malus, sensor/fotodetector de intensidade luminosa com leitura digital, e acessórios para montagem de rede de difração, permitindo também experimentos de análise espectral e obtenção de espectros de fontes luminosas. | E16: UNIDADE | F16: =SUM(G16:Y16) -> 1 | J16: 1 | Z16: ='Mapa comparativo de preços'!S16 -> 8851.0833 | AA16: =Z16*F16 -> 8851.0833
A17: 15 | B17: 5208 | C17: 641288 | D17: Banho Maria digital com circulação interna, com capacidade da cuba de 10 L. Equipado com controlador digital microprocessado com sistema PID, sensor PT100 e circulação interna com vazão de até 10 L/min, garantindo estabilidade térmica. Possui cuba em aço inox AISI 304, faixa de trabalho de +5 °C a 100 °C, resolução de 0,1 °C, precisão de ±0,5 °C, gabinete em aço carbono com pintura epóxi e alimentação 110 V ou 220 V. | E17: UNIDADE | F17: =SUM(G17:Y17) -> 6 | K17: 2 | Y17: 4 | Z17: ='Mapa comparativo de preços'!S17 -> 6109.142 | AA17: =Z17*F17 -> 36654.852
A18: 16 | B18: 5208 | C18: 414531 | D18: Banho Maria Digital: Capacidade: 5 Litros; Temperatura de trabalho: +5°C até 100°C; Precisão: +/- 0,5°C; Resolução: 0,1°C; Sensor de temperatura: PT 100; Controlador digital microprocessado; Resistência blindada em aço inox AISI 304 de fácil substituição; Gabinete em aço carbono com tratamento anticorrosico e pintura eletrostática, Cuba em aço inox; Pés de borracha; Posta fusível de segurança; Voltagem: 220 v ou bivolt. | E18: UNIDADE | F18: =SUM(G18:Y18) -> 11 | G18: 2 | J18: 1 | K18: 2 | M18: 3 | U18: 2 | V18: 1 | Z18: ='Mapa comparativo de preços'!S18 -> 2128.058 | AA18: =Z18*F18 -> 23408.638
A19: 17 | B19: 5208 | C19: 452877 | D19: Banho Ultrassom Banho de ultrassom aproximadamente 12 litros 330w. Gabinete em aço inox 304; com duas frequências de operação de 35 e 80khz; controle por microprocessador; operação nas funções normais, pulsado, varredura, desgaseificar, baixa frequência e alta frequência; dimensões internas aproximadas (l x p x a) de 300 x 250 x 200 mm ; capacidade aproximadamente 12 l; com cesto em aço inox 304; alimentação elétrica de 220v, 50/60 hz; potência mínima efetiva de ultrassom 330 w e consumo total de 1130w; aquecimento com controle digital de 30 a 80 °c; potência de aquecimento 1000w; resistências em material cerâmico; timer com controle digital de 0 a 60 minutos ou funcionamento contínuo por até 12 horas; sistema de proteção contra funcionamento ininterrupto acima de 12 horas; sistema de desligamento automático em caso de aquecimento acima do programado; com válvula de drenagem; cabo de energia com plug padrão nbr 14136; garantia de 12 meses a partir da instalação do equipamento; assistência técnica permanente no Brasil, direto do fabricante ou por representante autorizado; manual em português | E19: UNIDADE | F19: =SUM(G19:Y19) -> 9 | G19: 1 | J19: 1 | K19: 3 | L19: 1 | M19: 1 | N19: 1 | U19: 1 | Z19: ='Mapa comparativo de preços'!S19 -> 3748.6125 | AA19: =Z19*F19 -> 33737.512
A20: 18 | B20: 5234 | C20: 442425 | D20: Binóculos 8 x 42 mm.Binóculos: Binóculo Óptico Portátil. Diâmetro da Lente Objetiva: 42 mm. Sistema Óptico (Prisma): Porro ou Roof (Teto). Material do Prisma: BK-7 ou BaK-4. Revestimento óptico antirreflexo. Sistema de foco central manual com ajuste dioptrico. Corpo leve em ABS ou policarbonato, com revestimento parcial ou total em borracha antiderrapante e resistente a pequenos impactos. Protetores Oculares: Dobráveis ou giratórios para uso com ou sem óculos. Possuir alça de pescoço para transporte. Estojo/bolsa de proteção. Tampas de proteção para as lentes. | E20: UNIDADE | F20: 20 | W20: 20 | Z20: ='Mapa comparativo de preços'!S20 -> 1806 | AA20: =Z20*F20 -> 36120
A21: 19 | B21: 5208 | C21: 441819 | D21: Bloco digestor: Capacidade: 8 Tubos Macro 50 x 250 mm; Faixa de Temperatura: 50 a 450°C; Resolução: 0,1°C; Controlador de temperatura microprocessado; Resistência blindada em aço inox; Sensor de temperatura tipo J; Isolamento em fibra cerâmica; Gabinete em aço inox; Bloco de aquecimento em alumínio; Pés niveladores em borracha; Com estante em aço inos para tubos macro; Com oito (8) tubos de vidro borosilicato 50 mm x 250 mm com orla; Voltagem: 220 v ou bivolt. | E21: UNIDADE | F21: =SUM(G21:Y21) -> 4 | G21: 1 | L21: 1 | M21: 1 | U21: 1 | Z21: ='Mapa comparativo de preços'!S21 -> 9994.79 | AA21: =Z21*F21 -> 39979.16
A22: 20 | B22: 5228 | D22: Bomba Hidraulica de Calibração, para Calibração de Manômetros do tipo Timoneiro com as seguintes configurações mínimas: Modelo de comparação com manômetro padrão, Pressão Máxima 1000 kgf/cm2, Vácuo -0,30 kgf/cm2, Sob Pressão 1200 kgf/cm2, volante em alumínio, Fuso sem fim em aço Iinox, Pistão: Latão, Base: MDF Revestido, Fluído: Água, óleo de silicone/mineral, Rosca: ½ BSP, Dimensões 350x450x255mm peso 11kg. Modelo de referência (Novotest-br TEC-BC-1200) | E22: UNIDADE | F22: =SUM(G22:Y22) -> 3 | L22: 1 | R22: 2 | Z22: ='Mapa comparativo de preços'!S22 -> 4680.3333 | AA22: =Z22*F22 -> 14041
A23: 21 | B23: 2528 | C23: 230171 | D23: Bomba Centrífuga Magnética para alimentos, resistente a líquidos quentes, acabamento sanitário. Cabeça em polisulfona ou inox. Rotor em polisulfona / inox; O-ring de silicone e arruela de encosto de Teflon. Conexões: Entrada (rosca fêmea 1") e Saída (rosca macho 1/2"). Fluxo Máximo: 64,35 L/min. Altura de bombeamento: Máx. 8,2 m. Tensão 230 VAC. Temperatura de operação: Máx. 121°C (250F). Diâmetro interno do tubo de saída: 11mm. Potência do Motor: 1/8 HP. Frequência: 50/60 Hz. Pressão: 0,8 bar. RPM: 3500. Motor: 1,4 ampéres. Motor e bomba: 2,0 ampéres. Com rolamentos selados (não necessita óleo). Com conexão elétrica completa no padrão brasileiro de 3 pinos. Cabo de força com dupla isolação e plugue de três pinos, dois fases e uma terra, atendendo à norma ABNT NBR 14136. | E23: UNIDADE | F23: =SUM(G23:Y23) -> 2 | K23: 1 | M23: 1 | Z23: ='Mapa comparativo de preços'!S23 -> 1420.1375 | AA23: =Z23*F23 -> 2840.275
A24: 22 | B24: 5208 | C24: 636891 | D24: Bomba de vácuo de duplo estágio com vazão de 5,5 CFM (155 L/min) e vácuo nominal de 0,015 mmHg (15 mícrons). Deve possuir motor com proteção térmica, tensão de trabalho de 220 V, válvula de gás ballast para proteção do óleo e válvula solenoide integrada para prevenir o refluxo em caso de queda de energia. Deve apresentar construção robusta com visor de nível de óleo, conexões padrão (1/4" e 3/8" SAE), alça para transporte e acompanhar óleo lubrificante específico. Garantia mínima de 1 ano. Entrega na instituição. | E24: UNIDADE | F24: =SUM(G24:Y24) -> 6 | G24: 2 | K24: 1 | L24: 1 | M24: 2 | Z24: ='Mapa comparativo de preços'!S24 -> 5285.245 | AA24: =Z24*F24 -> 31711.47
A25: 23 | B25: 5208 | C25: 631619 | D25: Bomba de vácuo isenta de óleo , Sistema de diafragma acionados por pistão, sem necessidade de lubrificantes, colocação de óleo, e sem poluição no ambiente de trabalho por vaporização de óleo no ar; Motor direto sem transmissão ou correia adicional, com auto-resfriamento permitindo funcionamento ininterrupto; Motor com proteção térmica caso haja superaquecimento com desligamento automático e reiniciá-lo após o resfriamento do mesmo; Nível de ruído 50 dB; Frasco ( reservatório ) com filtro, Vacuômetro indicador de 0 a 760 mmHg / 0 a 100 KPa; Potência do motor: 1/6 HP / 80 W / 0.4 A; Vazão: 37 litros / minuto; Vácuo máximo: +/- 670 mmHg; Rotação do motor: +/- 1.500 rpm; Peso: 5.2 Kg; Voltagem 220V / 50 - 60 Hz. | E25: UNIDADE | F25: =SUM(G25:Y25) -> 10 | J25: 8 | M25: 2 | Z25: ='Mapa comparativo de preços'!S25 -> 6664.6633 | AA25: =Z25*F25 -> 66646.633
A26: 24 | B26: 5208 | C26: 600707 | D26: Bomba Peristáltica VAZAO 1,2 A 6 LITROS/HORA, autoescorvante. Variação de velocidade de 20 a 100%; circuito microprocessado; display digital; alimentação padrão: 230Vac 50/60Hz; sucção até 650 mHg; bombeamento de 12 mca ou 100 mts na horizontal de acordo com a bitola da mangueira peristáltica (bitola com diâmetro de 6,4mm); rotação: 14 RPM; vazão regulável eletronicamente por controle digital de rotação entre 1,2 e 6,0 l/h. Contra pressão máxima 1,2 bar. O sistema de bombeamento deve ser composto por: cabeçote polipropileno H301; tampa transparente confeccionada em policarbonato; roletes de nailon ou poliacetal com conexão para mangueira de nylon, PVC (para cloro), teflon (para ácidos e/ou solventes) ou inox AISI 304 (para autoclave); mangueiras peristálticas de silicone, santoprene, norprene ou fluran. Gabinete confeccionado em plástico ABS vedado com perfil de borracha; motor de 24 Vcc, imã permanente 2 polos. Deve ser entregue na instituição com os seguintes itens para instalação: 2 parafusos de fenda 4,8x25mm; 2 buchas de 6mm; 2 arruelas; 4 metros de mangueira para sucção e recalque; mangueira de pvc cristal siliconado; pescador de produto em PVC azul. Deve apresentar manual de instruções e cabo de força com dupla isolação e plugue de três pinos, dois fases e uma terra, atendendo à norma ABNT NBR 14136. | E26: UNIDADE | F26: =SUM(G26:Y26) -> 2 | K26: 1 | M26: 1 | Z26: ='Mapa comparativo de preços'!S26 -> 2837.3967 | AA26: =Z26*F26 -> 5674.7933
A27: 25 | B27: 5208 | C27: 414025 | D27: Bureta automática digital: Volume: 0-50 ml; Modo Dosagem: Volume Max. 50 mL; Modo Titulação: Até 99 mL; Inexatidão: ±0,03ml; Imprecisão: ≤0,01 ml; Coeficiente de Variação (Repetibilidade): ≤ 0,07%; Display digital com tela giratória em 360°; Bloco de Válvulas autoclavavél; Adaptadores para frasco; Fabricado em material resistente a produtos químicos; Alimentação: Bateria recarregável de longa duração + carregador bivolt. | E27: UNIDADE | F27: =SUM(G27:Y27) -> 4 | M27: 2 | U27: 2 | Z27: ='Mapa comparativo de preços'!S27 -> 10605.84 | AA27: =Z27*F27 -> 42423.36
A28: 26 | B28: 5234 ou 3035 | C28: 422634 | D28: Caixas entomológicas: Dimensões Aproximadas: 30 cm × 40 cm × 6 cm (com tolerância de ± 3 cm nas dimensões externas). Material da Estrutura: Madeira maciça tratada ou MDF. Formato / Estilo: Maleta articulada com tampa de abertura basculante fixa por dobradiças metálicas na parte traseira. | E28: UNIDADE | F28: =SUM(G28:Y28) -> 3 | W28: 3 | Z28: ='Mapa comparativo de preços'!S28 -> 187.1575 | AA28: =Z28*F28 -> 561.4725
A29: 27 | B29: 5234 | C29: 449416 | D29: Câmara Escura Com Duas Lâmpadas UV 254/365nm - Gabinete de Observação/Câmara Escura com visor de proteção Ultravioleta e aberturas laterais. Suporte para lâmpadas UV e UV/Bactericida – Lâmpada UV para Fluorescência. 254/365nm (p/Cromatografia e Microb.) c/Visor Proteção Uv. Garantia de um ano. Medidor Laboratório; Tipo: Câmara Escura; Uso:Exposição Controlada À Luz Ultravioleta;Aplicação: Análises Controlada À Luz Ultravioleta; Características Adicionais:Com Duas Lâmpadas Uv 254/365nm; Material Básico: Aço 1020 | E29: UNIDADE | F29: =SUM(G29:Y29) -> 4 | G29: 1 | J29: 2 | K29: 1 | Z29: ='Mapa comparativo de preços'!S29 -> 1921.614 | AA29: =Z29*F29 -> 7686.456
A30: 28 | B30: 5234 | C30: 256999 | D30: Câmara germinadora com fotoperíodo, alternância de temperatura e controle de umidade , com capacidade de 342 lítros. ESPECIFICAÇÕES TÉCNICAS DETALHADAS: O equipamento deverá ser novo, sem uso prévio, com tecnologia atualizada e atender integralmente aos seguintes requisitos mínimos de desempenho e construção:Capacidade Volumétrica: Volume interno útil nominal de, no mínimo, 342 litros. Controle de Fotoperíodo (Iluminação): Sistema de iluminação interna por lâmpadas (preferencialmente LED de alta eficiência ou fluorescentes adequadas para crescimento vegetal) com programação automática de fotoperíodo via controlador digital, simulando ciclos de dia e noite .Alternância de Temperatura (Ciclagem): Sistema capaz de operar com alternância automática de temperatura (programação de regimes térmicos distintos para os períodos de luz e escuro, ou simulando rampas e patamares).Controle de Umidade: Sistema de controle e injeção de umidade ativa ou passiva controlada, garantindo homogeneidade em toda a câmara interna, ideal para ensaios de germinação e estabilidade. Painel e Controlador Digital: Controlador microprocessado digital com tela de fácil visualização. Deve permitir a programação digital de temperatura, umidade, tempo e fotoperíodo, além de alarmes de segurança para desvios de parâmetros (altas e baixas temperaturas).Gabinete e Construção:Estrutura externa robusta com tratamento anticorrosivo e pintura epóxi de alta resistência .Câmara interna revestida em material de fácil higienização (como aço inoxidável ou polímeros de alta resistência).Isolamento térmico de alta eficiência para menor consumo de energia e estabilidade interna. Prateleiras internas aramadas, reguláveis e removíveis.Tensão de Alimentação: Operação nativa em 220 V (especificar frequência de 50/60 Hz). ACESSÓRIOS E COMPONENTES INCLUSOS: Conjunto completo de prateleiras internas compatíveis com o volume do equipamento. Sistema de reservatório ou conexão para abastecimento de água (conforme projeto do fabricante para controle de umidade). Manual de operação e instruções técnicas em língua portuguesa. REQUISITOS DE GARANTIA E CONFORMIDADE: Garantia Técnica: Período mínimo de 12 (doze) meses contra defeitos de fabricação, vigentes a partir do recebimento definitivo do bem. Assistência Técnica: Rede de assistência técnica autorizada ou própria estabelecida no país, com capacidade de fornecimento de peças originais. | E30: Unidade | F30: =SUM(G30:Y30) -> 2 | K30: 1 | T30: 1 | Z30: ='Mapa comparativo de preços'!S30 -> 18127.275 | AA30: =Z30*F30 -> 36254.55
A31: 29 | B31: 5208 | C31: 434476 | D31: Capela de exaustão. Capela de Exaustão de Gases Grande. Carcaça: Estrutura em fibra de vidro, dutos para exaustão (recomenda-se tubo em PVC rígido com 100mm). Janela em acrílico 4mm transparente, desloca-se em forma de guilhotina parando em qualquer altura. Exaustor Tipo centrífugo, carcaça em fibra de vidro, ventoinha em polipropileno, prolongador do eixo do motor em polipropileno. Exaustão: 60 m3/Min. Fornecido com motor de 1/2 HP, com interruptor independente. Medidas L: 1120 X P: 650 X A: 1100 mm. Dimensões Externas: Largura 1.120 mm, Profundidade 650 mm, Altura 1.100 mm. Luminária: Com lâmpada de tungstênio 40W. Iluminação interna isolada. Interruptor independente. Alimentação 220 V. | E31: UNIDADE | F31: =SUM(G31:Y31) -> 12 | G31: 1 | K31: 3 | M31: 3 | N31: 1 | V31: 1 | Y31: 3 | Z31: ='Mapa comparativo de preços'!S31 -> 14799.004 | AA31: =Z31*F31 -> 177588.05
A32: 30 | B32: 5208 | C32: 633703 | D32: Capela de fluxo laminar: O equipamento deve atender as normas técnicas: ABNT – NBR 13.700, ABNT – NBR 15.767 e ISO 14.644-1 Classe 5; Dimensões aproximadas: 100x65x54 cm; Porta frontal tipo guilhotina; Filtro HEPA; Lâmpada UV; Capacidade de exaustão: +/- 600 m³/h; Iluminação em LED; Estrutura com tratamento antibactericida; Voltagem 220v ou bivolt. | E32: UNIDADE | F32: =SUM(G32:Y32) -> 2 | Q32: 1 | U32: 1 | Z32: ='Mapa comparativo de preços'!S32 -> 11436.365 | AA32: =Z32*F32 -> 22872.73
A33: 31 | B33: 5208 | C33: 636770 | D33: Carrinho fechado para ferramentas, confeccionado em chapa de aço, com acabamento em pintura eletrostática, epóxi ou tratamento equivalente resistente à corrosão e ao uso em oficina. Deve possuir 7 gavetas, com corrediças telescópicas ou sistema de rolamento que permita abertura total das gavetas, e sistema de travamento centralizado por fechadura com chave, permitindo o bloqueio das gavetas contra acesso não autorizado. Deve possuir puxador ou alça para deslocamento e tampo superior protegido ou confeccionado em material resistente a impactos, óleos e graxas. Equipado com 4 rodízios de alta resistência, sendo 2 fixos e 2 giratórios, com sistema de freio em pelo menos um dos rodízios giratórios. Capacidade de carga estática mínima de 400 kg e capacidade mínima de 20 kg por gaveta. Dimensões externas entre 900 e 1.050 mm de altura, 700 e 950 mm de largura e 440 e 500 mm de profundidade. | E33: UNIDADE | F33: =SUM(G33:Y33) -> 12 | J33: 3 | K33: 1 | M33: 2 | N33: 6 | Z33: ='Mapa comparativo de preços'!S33 -> 5248.864 | AA33: =Z33*F33 -> 62986.368
A34: 32 | B34: 5208 | C34: 416622 | D34: Centrífuga digital com rotor velocidade mínima de 4000 RPM – Centrifuga com rotor com capacidade para 12 tubos de 15mL. Com Display LCD e Timer 0 a 99 minutos, Tampa com trava de segurança; Aviso sonoro e abertura automática da tampa após término da centrifugação; Opção de rotores intercambiáveis; Sistema anti-desbalanceamento com mecanismos de trava de velocidade para maior segurança do usuário. Voltagem 220V. | E34: UNIDADE | F34: =SUM(G34:Y34) -> 4 | G34: 1 | K34: 1 | M34: 2 | Z34: ='Mapa comparativo de preços'!S34 -> 5504 | AA34: =Z34*F34 -> 22016
A35: 33 | B35: 5208 | C35: 440324 | D35: Chapa Aquecedora Digital: Faixa de temperatura de trabalho: 5ºC acima da temperatura ambiente a 350ºC; Plataforma de Aquecimento (L x C): aproximadamente 35 x 45 cm; Plataforma em aço inoxidável; Gabinete em aço carbono anticorrosivo e pintura eletrostática; Pés emborrachados; Controlador microprocessado digital com indicação da temperatura de processo; Porta fusível de segurança; Resistência blindada de fácil substituição; Voltagem: 220 v ou bivolt. | E35: UNIDADE | F35: =SUM(G35:Y35) -> 15 | K35: 1 | L35: 2 | M35: 7 | N35: 1 | U35: 1 | V35: 2 | W35: 1 | Z35: ='Mapa comparativo de preços'!S35 -> 3964.42 | AA35: =Z35*F35 -> 59466.3
A36: 34 | B36: 5208 | C36: 443713 | D36: Chuveiro Lava Olhos de Emergência: Chuveiro Lava Olhos de Emergência: Em aço galvanizado, com sapata para fixação ao piso, conexões e rosca BSP de 1 polegada; Válvulas de Acionamento: Chuveiro: Válvula de 1 polegada, Lava Olhos: Válvula de ½ polegada e válvula de regulagem de pressão de ½ polegada, ambas confeccionadas em latão com esfera em aço inox; Duchas e Cuba: Duchas (crivos) do chuveiro: Desmontáveis com 28 cm de diâmetro e jato aerado, Cuba do lava olhos: 28 cm de diâmetro, confeccionada em aço inox AISI 304; Acionamento: Chuveiro: Haste triangular de acionamento confeccionada em aço inox AISI 304, Lava Olhos: Alavanca empurre de acionamento confeccionada em aço inox AISI 304; Pintura: Verde padrão segurança, com tinta especial industrial de alta resistência; Em conformidade com a norma Internacional ANSI 1020. | E36: UNIDADE | F36: =SUM(G36:Y36) -> 4 | L36: 1 | M36: 2 | U36: 1 | Z36: ='Mapa comparativo de preços'!S36 -> 1148.7225 | AA36: =Z36*F36 -> 4594.89
A37: 35 | B37: 5208 | C37: 395368 | D37: Cilindro para gás Argônio 5.0 (argônio ultrapuro): Cilindro de gás destinado ao armazenamento de gás Argônio 5.0 ultrapuro, com pureza mínima de 99,999%, capacidade de 50 litros e 10 m³, fabricado em aço sem costura de acordo com as normas técnicas vigentes. Cilindro especial para gases de alta pureza, com tratamento interno e condições adequadas para minimização de contaminação por partículas, umidade e resíduos. Dotado de válvula padrão e capacete de proteção da válvula. Cor de identificação conforme ABNT NBR 12176: marrom. | E37: UNIDADE | F37: =SUM(G37:Y37) -> 14 | J37: 6 | L37: 2 | M37: 1 | N37: 5 | Z37: ='Mapa comparativo de preços'!S37 -> 2478.49 | AA37: =Z37*F37 -> 34698.86
A38: 36 | B38: 5208 | C38: 269529 | D38: Cilindro para gás nitrogênio (N2): Cilindro de gás destinado ao armazenamento de gás nitrogênio 5.0 ultrapuro, com pureza mínima de 99,999%, capacidade de 50 litros e 10 m³, fabricado em aço sem costura de acordo com as normas técnicas vigentes. Cilindro especial para gases de alta pureza, com tratamento interno e condições adequadas para minimização de contaminação por partículas, umidade e resíduos. Dotado de válvula padrão e capacete de proteção da válvula. Cor de identificação conforme ABNT NBR 12176. | E38: UNIDADE | F38: =SUM(G38:Y38) -> 6 | G38: 1 | J38: 1 | L38: 2 | N38: 1 | U38: 1 | Z38: ='Mapa comparativo de preços'!S38 -> 2490.375 | AA38: =Z38*F38 -> 14942.25
A39: 37 | B39: 5208 | C39: 414379 | D39: Cilindro para gás oxigênio (O2): Cilindro de gás destinado ao armazenamento de gás oxigênio 5.0 ultrapuro, com pureza mínima de 99,999%, capacidade de 50 litros e 10 m³, fabricado em aço sem costura de acordo com as normas técnicas vigentes. Cilindro especial para gases de alta pureza, com tratamento interno e condições adequadas para minimização de contaminação por partículas, umidade e resíduos. Dotado de válvula padrão e capacete de proteção da válvula. Cor de identificação conforme ABNT NBR 12176. | E39: UNIDADE | F39: =SUM(G39:Y39) -> 4 | L39: 2 | U39: 2 | Z39: ='Mapa comparativo de preços'!S39 -> 2485.4833 | AA39: =Z39*F39 -> 9941.9333
A40: 38 | B40: 5208 | C40: 611943 | D40: Cilindro pneumático linear miniatura, de dupla ação, fabricado em conformidade com as normas ISO 6432 e CETOP RP52P, com diâmetro nominal do êmbolo de 25 mm e curso útil de 125 mm, corpo cilíndrico em tubo de aço inoxidável e cabeçotes em liga de alumínio. A haste deverá ser em aço inoxidável, com rosca externa macho M10 × 1,25 mm, acompanhada de porca de travamento/fixação da haste. O cabeçote dianteiro deverá possuir pescoço roscado M22 × 1,5 mm para fixação em painel ou suporte, acompanhado da respectiva porca sextavada de montagem. O cabeçote traseiro deverá possuir olhal de articulação integrado, com furo passante de 8 mm. O êmbolo deverá possuir anel magnético integrado para acionamento de sensores magnéticos externos destinados à detecção das posições do cilindro. Deverá possuir amortecimento pneumático ajustável de fim de curso em ambas as extremidades. As conexões pneumáticas deverão possuir rosca interna fêmea G 1/8” BSPP. O cilindro deverá ser destinado à operação com ar comprimido filtrado, com faixa de pressão de trabalho de 1 a 10 bar, devendo apresentar dimensões e interfaces mecânicas compatíveis com acessórios, elementos de fixação e suportes destinados a cilindros normalizados conforme ISO 6432. O fornecimento deverá contemplar o cilindro completo, incluindo porca de fixação da haste, porca sextavada de montagem do pescoço, êmbolo com anel magnético integrado e sistema de amortecimento pneumático ajustável em ambas as extremidades. | E40: UNIDADE | F40: =SUM(G40:Y40) -> 20 | N40: 15 | R40: 5 | Z40: ='Mapa comparativo de preços'!S40 -> 285.89333 | AA40: =Z40*F40 -> 5717.8667
A41: 39 | B41: 5208 | C41: 624510 | D41: Colorímetro: Equipamento para medição de cor e absorbância em soluções aquosas. Sistema óptico composto por emissor de luz LED de alta durabilidade e detecção por fotodiodo de silício. Leitura digital em display de cristal líquido (LCD/OLED). Capacidade de armazenamento de curvas de calibração pré-programadas e inserção de curvas pelo usuário. Alimentação via bateria recarregável ou pilhas, com indicador de carga. Acessórios inclusos: Maleta para transporte, conjunto de cubetas ópticas de vidro/quartzo, padrões de verificação/calibração e manual em português | F41: =SUM(G41:Y41) -> 9 | J41: 4 | L41: 1 | M41: 3 | Q41: 1 | Z41: ='Mapa comparativo de preços'!S41 -> 4171.995 | AA41: =Z41*F41 -> 37547.955
A42: 40 | B42: 5208 | C42: 639433 | D42: Condutivímetro de bancada microprocessado. Faixa de medicao: de 0 a 20.000 ou 19.999 uS/cm com selecão automatica, resolucao: 0,01...(0 a 20uS/cm / 0 a 10 ppm); 0,1...(0 a 200 uS/cm / 0 a 100 ppm); 1...(0 a 2000 uS/cm / 0 a 1000 ppm); 0,01... (0 a 20 mS/cm/ 0 a 10000 ppm). Apresenta display digital. Teclado a prova d´água. Acompanha sensores de condutividade e de temperatura, suporte para eletrodo, fonte de alimentação, manual de instruções. Tensão de alimentação 220 volts | E42: UNIDADE | F42: =SUM(G42:Y42) -> 15 | G42: 2 | J42: 6 | K42: 1 | M42: 3 | N42: 1 | Q42: 1 | U42: 1 | Z42: ='Mapa comparativo de preços'!S42 -> 6284.115 | AA42: =Z42*F42 -> 94261.725
A43: 41 | B43: 5204 | C43: 629447 | D43: Conjunto de Acessórios "Acerte o Alvo" compatível com o Lançador de Projéteis da Azeheb. 01 unidade de controle; 01 fonte de alimentação 12V/2A; 01 eletroimã para lançamento; 01 cabo para conexão do eletroimã com a unidade de controle; 01 alvo com proteção de borracha; 01 mira laser; 01 sistema de fixação para mira laser; 01 disco para ajuste de mira; 01 cabo para ligação para mira laser; 01 sensor fotoelétrico PGS-D10; 01 cabo para sensor fotoelétrico; O equipamento deve ser 220V ou bivolt. Obs: o laboratório possui o lançador de projéteis da Azeheb. Por isso, o Conjunto de Acessórios "Acerte o Alvo" deve necessariamente ser compatível com a marca Azeheb. | E43: CONJUNTO | F43: =SUM(G43:Y43) -> 2 | J43: 1 | K43: 1 | Z43: ='Mapa comparativo de preços'!S43 -> 2953.3333 | AA43: =Z43*F43 -> 5906.6667
A44: 42 | B44: 5228 | C44: 453434 | D44: Conjunto de Calorimetria e Termometria: – 01 termoscópio; – 01 termômetro -10º C a 110º C; – 01 calorímetro copo interno 200ml de alumínio, e tampa com furo para termômetro; – 01 proveta 100ml; – 01 copo Becker de vidro 250ml; – 01 carretel de linha; – 03 corpos de prova em alumínio; – 03 corpos de prova em ferro; – 01 tela de amianto; – 01 queimador à alcool gel com abafador, tampa e reservatório; – 01 tripé triangular de ferro zincado; - 01 manual detalhado de montagem e procedimentos experimentais | E44: CONJUNTO | F44: =SUM(G44:Y44) -> 28 | K44: 16 | L44: 5 | M44: 6 | W44: 1 | Z44: ='Mapa comparativo de preços'!S44 -> 1048.576 | AA44: =Z44*F44 -> 29360.128
A45: 43 | B45: 5208 | C45: 477497 | D45: Conjunto de digestao e destilação KJELDAHL (MICRO): Bloco Microdigestor tipo Kjeldahl com Sistema Neutralizador (Scrubber). Capacidade Operacional: Capacidade para processamento de 42 tubos simultâneos (micro).Estrutura e Materiais: Bloco aquecedor construído em aço inoxidável AISI 304 de alta resistência mecânica e à corrosão. Acompanha grade/suporte (galeria) para sustentação e transporte dos tubos fabricada em alumínio naval ou aço inox, dotada de alças isoladas termicamente para facilidade de manuseio. Desempenho Térmico: Capacidade de atingir e estabilizar temperatura operacional máxima na faixa de 400°C a 450°C. Unidade de Controle: Controlador eletrônico microprocessado digital de temperatura com display (LCD ou LED), operando com algoritmo PID e sensibilidade de ajuste de ± 1°C. Sistema Lavador/Neutralizador de Gases (Scrubber): Incluso obrigatoriamente no kit um módulo exaustor neutralizador de gases e vapores ácidos gerados no processo de digestão, operando por recirculação/lavagem. Vidraria Inclusa: Acompanha lote inicial de 42 tubos de ensaio de alta resistência térmica em vidro borossilicato tipo Kjeldahl, com dimensões de 25 mm de diâmetro x 250 mm de altura, dotados de orla reforçada. Alimentação Elétrica e Potência: Potência nominal mínima de 2000 W. Tensão de operação bivolt ou 220 V (50/60 Hz). Cabo de alimentação longo dotado de plugue injetado trifásico em conformidade com a norma ABNT NBR 14136.Destilador de Nitrogênio e Proteína por Arraste de Vapor Finalidade Analítica: Desenvolvido para destilações de nitrogênio total, nitrogênio amoniacal, análise de proteínas pelo princípio Kjeldahl e determinação de bases voláteis totais (BVT).Princípio de Funcionamento: Destilação rápida por arraste de vapor d'água. Controle e Painel: Controlador eletrônico linear de potência de aquecimento com escala ajustável de 0 a 100%. Painel dotado de indicadores visuais em LED para sinalização de aquecimento ativo e nível de preenchimento de caldeira, além de botão mecânico/eletrônico para enchimento manual da caldeira. Sinalização e Visores: Visor frontal em acrílico ou vidro para verificação direta do nível de água da caldeira, equipado com iluminação interna integrada em LED. Caldeira Integrada: Caldeira interna geradora de vapor construída em vidro borossilicato de alta resistência, com volume mínimo de 2 litros e sistema de abastecimento/enchimento automático de água. Sistema de Refrigeração: Condensador de alta eficiência projetado para resfriamento contínuo através de circulação de água corrente (suportando opcionalmente o uso de fluxo de água resfriada via chiller).Conjunto de Vidrarias: Fabricado integralmente em vidro borossilicato, composto por conjunto de bolas de Kjeldahl (deflegmador), condensador vertical e copo dosador dotado de válvula stop-flow para adição segura de solução de Hidróxido de Sódio (NaOH). Fixação e Ergonomia: Sistema de fixação mecânica do tubo de digestão/destilação por meio de suporte elevatório de acionamento rápido. O fornecedor deve entregar 01 (um) sistema de fixação elevatório reserva junto ao equipamento principal. Segurança Operacional: Dotado de escudo/protetor frontal transparente contra respingos e quebras acidentais de vidraria, fabricado em acrílico de alta resistência.Gabinete: Estrutura externa (chassi) construída integralmente em chapas de aço inoxidável AISI 304, montado sobre pés niveladores de borracha antivibração.Intercambiabilidade de Amostras: Mecânica do equipamento projetada de forma híbrida, sendo perfeitamente capaz de acoplar e vedar tubos do tipo macro (diâmetro de 50 mm x 250 mm de altura) ou tubos do tipo micro (diâmetro de 25 mm x 250 mm de altura).Conectividade Elétrica: Cabo de alimentação com plugue em conformidade com a norma ABNT NBR 14136 | E45: Conj. | F45: =SUM(G45:Y45) -> 2 | L45: 1 | T45: 1 | Z45: ='Mapa comparativo de preços'!S45 -> 36802.373 | AA45: =Z45*F45 -> 73604.747
A46: 44 | B46: 5208 | C46: 639016 | D46: Conjunto de Eletricidade Avançado Tipo material didático, componentes conjunto de módulos para proteções elétricas, finalidade aulas práticas eletricidade e eletrônica. conjunto composto por no mínimo: – 01 Fonte de alimentação alternada 6V + 6V / 1A com fusível de proteção. Montada em gabinete metálico com bornes de saída, chave liga/desliga e cabe de energia. – 03 Pinos bananas para conexão. – 05 Resistores de 100kohms/0,25W. – 05 Resistores de 15kohms/0,25W. – 05 Resistores de 1,2kohms/0,25W – 05 Resistores de 47ohms/0,25W. – 05 Resistores de 200ohms/0,25W. – 01 Fonte de alimentação contínua chaveada de 6V/1A. – 02 Knob passante M5 – 03 Pares de cabos de ligação preto/vermelho com conector banana / banana. – 01 Matriz de contatos com 24 ilhas com cinco pontos de conexão cada ilha, identificação das conexões serigrafadas. – 01 Módulo transparente com resistor interno de 47ohms / 0,25W com dois pinos bananas de conexão tipo pétala. – 01 Módulo transparente com resistor interno de 100ohms / 0,25W com dois pinos bananas de conexão tipo pétala. – 01 Módulo transparente com resistor interno de 2kohms / 0,25W com dois pinos bananas de conexão tipo pétala. – 01 Módulo transparente com resistor interno de 200ohms / 0,25W com dois pinos bananas de conexão tipo pétala. – 02 Módulos transparentes com capacitor eletrolítico interno de 100µF / 16V com dois pinos bananas de conexão tipo pétala. – 01 Módulo transparente com capacitor eletrolítico interno de 220µF / 16V com dois pinos bananas de conexão tipo pétala. – 01 Módulo transparente com soquete e lâmpada de 1,5W/6V com dois pinos bananas de conexão tipo pétala. – 01 Módulo transparente diodo led vermelho. – 01 Módulo transparente diodo led azul. – 01 Módulo transparente com soquete e lâmpada de 2W/6V com dois pinos bananas de conexão tipo pétala. – 08 Módulos transparentes com curto-circuito com dois pinos bananas de conexão tipo pétala. – 01 Módulo transparente com soquete e lâmpada de 3W/6V com dois pinos bananas de conexão tipo pétala. – 01 Módulo transparente com chave liga/desliga com dois pinos bananas de conexão tipo pétala. – 01 Módulo transparente com conector P4 fêmea para ligar a fonte de alimentação com dois pinos bananas de conexão tipo pétala. – 01 Módulo divisor de tensão composto de um potenciômetro de 3W, montado em caixa metálica com knob girante com 2 pinos banana, conector P4 fêmea. – 01 Módulo transparente com resistor interno de 560kohms / 0,25W com dois pinos bananas de conexão tipo pétala. – 01 Módulo transparente com capacitor cerâmico interno de 47nF com dois pinos bananas de conexão tipo pétala. – 01 Módulo transparente com capacitor cerâmico interno de 100nF com dois pinos bananas de conexão tipo pétala. – 01 Módulo transparente com capacitor cerâmico interno de 220nF com dois pinos bananas de conexão tipo pétala. – 01 Módulo transparente com indutor interno de 100uH com dois pinos bananas de conexão tipo pétala. – 01 Módulo transparente com indutor interno de 220uH com dois pinos bananas de conexão tipo pétala. – 01 Módulo transparente com indutor interno de 330uH com dois pinos bananas de conexão tipo pétala. – 04 Módulo transparente com diodo 1N4007 com dois pinos bananas de conexão tipo pétala. – 01 Bobina de 200 espiras. Enrolada com fio de cobre esmaltado em carretel plástico (CxLxA) 65x45x40mm com orifício central quadrado 19x19mm para colocação em núcleo laminado e pinos banana para conexão com a matriz de contato. – 01 Bobina de 400 espiras. Enrolada com fio de cobre esmaltado em carretel plástico (CxLxA) 65x45x40mm com orifício central quadrado 19x19mm para colocação em núcleo laminado e pinos banana para conexão com a matriz de contato. – 01 Bobina de 600 espiras. Enrolada com fio de cobre esmaltado em carretel plástico (CxLxA) 65x45x40mm com orifício central quadrado 19x19mm para colocação em núcleo laminado e pinos banana para conexão com a matriz de contato. – 02 Suportes, para trabalhos na vertical, com encaixe da matriz – 01 Núcleo laminado em aço silício em formato C em duas partes (CxLxE) 40x68x19mm para montagem de transformadores. – 01 Fuso em inox M5x100 para núcleo laminado. – 01 Fuso em inox M5x100 para núcleo laminado. – manual de montagens e experimentos. | E46: CONJUNTO | F46: =SUM(G46:Y46) -> 7 | K46: 6 | N46: 1 | Z46: ='Mapa comparativo de preços'!S46 -> 3888.8333 | AA46: =Z46*F46 -> 27221.833
A47: 45 | B47: 5208 | C47: 639016 | D47: Conjunto de Hidrostática: – 01 tripé tipo estrela; – 01 haste fêmea com 405mm; – 01 haste macho com 405mm; – 01 dinamômetro tubular de 1N e precisão 0,01N; – 04 corpos de prova em alumínio (paralelepípedo) com 6cm, 5cm, 4cm e 3cm; – 01 corpo de prova de latão (cilindro) 6cm; – 01 corpo de prova de alumínio (cilindro) 6cm; – 01 duplo cilindro de Arquimedes; – 01 seringa de plástico 40ml; – 01 fixador metálico com manipulo e haste de 13cm; – 01 painel em U 75x400mm; – 01 par de Magdeburgo Ø11cm; – 01 mangueira látex 60cm; – 01 densímetro 0,700 a 1,000; – 01 becker 250ml; – 01 proveta de 250ml; – 01 aparelho para vasos comunicantes com 4 tubos; – 01 jogo com 3 sondas de imersão 30cm; – 01 aparelho para propagação da pressão com 3 tubos; – manual de montagens e experimentos. | E47: CONJUNTO | F47: =SUM(G47:Y47) -> 7 | J47: 1 | K47: 6 | Z47: ='Mapa comparativo de preços'!S47 -> 2590.3333 | AA47: =Z47*F47 -> 18132.333
A48: 46 | B48: 5208 | C48: 632244 | D48: Conjunto de Magnetismo e Eletromagnetismo, modular, desmontável, para aulas práticas, composto por no mínimo: – 04 imãs cilíndricos ~Ø17x8mm; – 04 imãs anel com pólos identificados ~Ø23mmx5mm; – 01 suporte para amortecedor magnético; – 05 imãs anel com pólos identificados ~Ø40 x 7mm; – 06 imãs em barra ~25x13x4mm; – 01 barra de ferro ~Ø12,7x82mm; – 01 barra de alumínio ~Ø12,7x82mm; – 01 barra de cobre ~Ø12,7x82mm; – 01 bússola; – 01 suporte para bússola didática; – 01 montagem Oersted com 3 bornes; – 02 agulhas magnéticas; – 01 base de acrílico para força magnética ~170x130mm; – 02 hastes com apoios; – 01 bobina para motor elétrico de corrente contínua; – 01 balanço de latão ~70x155mm; – 01 imã “U” com suporte metálico; – 01 frasco de limalha de ferro 25g; – 01 bobina conjugada de 200-400-600 espiras; – 01 imã cilíndrico emborrachado com cabo; – 01 placa de acrílico com pés de borracha; – 01 galvanômetro didático -2mA à +2mA; – 01 par de cabos de ligação de 0,5m banana/banana; – 01 circuito-fonte DC 17x13cm com: 02 soquetes para uma pilha; 02 bornes para ligação; 01 chave de 3 posições; – 02 pilhas grandes; – 01 bobina com 22 espiras, Ø60mm, base de acrílico; – 01 solenoide de 03 bobinas de 22 espiras em base de acrílico; – 01 rosa dos ventos; – 01 imã em barra de alnico ~Ø4x50mm; – O equipamento deve ser 220V ou bivolt. – 01 manual de montagens e experimentos. | E48: CONJUNTO | F48: =SUM(G48:Y48) -> 14 | J48: 1 | K48: 6 | N48: 6 | W48: 1 | Z48: ='Mapa comparativo de preços'!S48 -> 4130.3333 | AA48: =Z48*F48 -> 57824.667
A49: 47 | B49: 5208 | C49: 453434 | D49: Conjunto para Estudos de Movimento Retílineo (MRU e MRUV): * Cronômetro Digital Microcontrolado com as seguintes características: – 01 display LDC 2×16 com backlight; – resolução 0,000001s (1µs); – 5 entradas digitais para conexão de até 5 sensores fotoelétricos PGS-D10; – conexão de saída polarizada para bobina com 8,5V / 1,5A – memória para armazenamento das medidas de cada função; – botão de liga/desliga; – botão para retenção momentânea e disparo da bobina; – proteção contra curto-circuito; – alimentação com fonte chaveada entrada 110/220V com saída de baixa tensão de 12V/2A com conexão com plugue NBR 14136; – painel de policarbonato com visor protetor do LCD transparente e teclas tipo táctil; – montado em gabinete metálico; – sistema de detecção e teste dos sensores; – conexão USB e software para coleta de dados; – Três funções: F1 [medição do intervalo de tempo entre os sensores, bobina e sensores e chave e sensores, setup para escolha no número de sensores que serão utilizados no experimento]; F2 [medição de tempo de interrupção de 1 sensor ou dois sensores ou medição de tempo entre sensores]; F3 [medição de tempo por número de interrupções do sensor com configuração do número de interrupções, para medição de período de pêndulos ou movimentos circulares]; * 01 trilho com elevação de 10cm montado sobre base metálica com guia para sensores; * 02 sensores fotoelétricos em gabinete de plástico; * 01 cronômetro digital multifunções como descrito acima; * 01 fonte de alimentação 12V/2A * 01 eletroímã com dois bornes; * 01 esfera de metal Ø25mm; * 01 cabo de ligação para eletroimã 1,5m; * 02 cabos de conexão para sensores; * 02 manípulos cabeça de plástico M6X30; * 02 espassadores de alumínio; * 02 porcas de metal de fixação para sensores; * 01 manípulo de cabeça de plástico M5X15; * 01 knob passante M5; – manual de montagens e experimentos. | E49: CONJUNTO | F49: =SUM(G49:Y49) -> 7 | J49: 1 | K49: 6 | Z49: ='Mapa comparativo de preços'!S49 -> 3690.3333 | AA49: =Z49*F49 -> 25832.333
A50: 48 | B50: 5208 | C50: 629614 | D50: Controlador Lógico Programável Compacto (CLP): com tensão de alimentação de 12/24 V CC (faixa de operação de 10,8 V a 28,8 V CC), mínimo de 8 (oito) entradas digitais — das quais ao menos 4 (quatro) utilizáveis como entradas analógicas na faixa de 0 a 10 V —, mínimo de 4 (quatro) saídas digitais do tipo relé, display integrado ao módulo base, interface Ethernet integrada (RJ-45), servidor web integrado com suporte a páginas definidas pelo usuário, suporte nativo ao protocolo MQTT e conexão nativa a serviços de nuvem (cloud) sem necessidade de módulo ou gateway adicional, registro de dados (data log) integrado, suporte a cartão microSD padrão para armazenamento e transferência de programas, capacidade de memória de programa de no mínimo 400 (quatrocentos) blocos de função, arquitetura expansível modularmente para até 24 entradas digitais, 20 saídas digitais, 8 entradas analógicas e 8 saídas analógicas mediante módulos de expansão do mesmo fabricante, capacidade de comunicação em rede com até 8 (oito) controladores do mesmo tipo e com controladores programáveis de médio e grande porte do mesmo fabricante utilizando protocolo de comunicação proprietário nativo, sem necessidade de conversores ou gateways adicionais, grau de proteção mínimo IP20, montagem em trilho DIN de 35 mm, largura máxima de 72 mm, temperatura de operação de 0 °C a 55 °C e temperatura de armazenamento de -40 °C a 70 °C; cada unidade fornecida deverá vir obrigatoriamente acompanhada de, no mínimo, 1 (uma) licença de uso original, definitiva e sem limitação de prazo de software de programação e engenharia do mesmo fabricante do equipamento, compatível com o equipamento fornecido, com as seguintes características mínimas: - programação por blocos de função gráficos (FBD) com no mínimo 40 (quarenta) tipos de blocos distintos; - suporte à linguagem de programação Ladder (diagrama de contatos), conforme norma IEC 61131-3; - suporte a programação em modo rede, com exibição simultânea de múltiplos controladores; - simulação completa do programa antes da transferência ao equipamento; - transferência de programa entre computador e controlador via Ethernet; - suporte nativo à configuração e monitoramento de conexões MQTT diretamente pelo software; - funções de diagnóstico e monitoramento online; - criação de documentação e impressão de programas; - compatibilidade com os sistemas operacionais Windows 10 e Windows 11 (64 bits); - compatibilidade retroativa com projetos desenvolvidos em versões anteriores do mesmo software; - licença perpétua, incluindo todos os arquivos, códigos, chaves ou credenciais necessários à instalação e ativação; Não serão aceitas versões de demonstração, avaliação, temporárias ou com funcionalidades limitadas, tampouco versões do software anteriores à última geração em janeiro de 2026 do fabricante do equipamento , nem software de fabricante distinto do equipamento fornecido. Equipamento de referência: Controlador Lógico Programável LOGO! 8.4, modelo LOGO! 12/24RCE, código 6ED1052-1MD08-0BA2, fabricante Siemens, acompanhado de licença do software LOGO! Soft Comfort V9 — 6ED1058-0BA08-0YA3, ou produto equivalente que atenda integralmente às especificações acima. | E50: UNIDADE | F50: =SUM(G50:Y50) -> 15 | K50: 1 | N50: 4 | R50: 10 | Z50: ='Mapa comparativo de preços'!S50 -> 13910.847 | AA50: =Z50*F50 -> 208662.7
A51: 49 | B51: 5238 | C51: 622764 | D51: Cortadora metalográfica de precisão com sistema de corte linear automático e/ou manual. Motor elétrico com potência mínima de 0,75 HP (ou 500W a 950W) e velocidade variável programável de no mínimo 300 a 3000 RPM (ou superior), selecionável via painel de comando digital (LCD ou Touchscreen) em língua portuguesa. Capacidade máxima de corte de no mínimo 50 mm de diâmetro (perfil redondo), utilizando discos de corte diamantados ou abrasivos de até 7” ou 8” de diâmetro. Sistema de avanço automático motorizado programável e posicionamento de precisão da amostra de no mínimo 0,01 mm (10 µm). Sistema de refrigeração com recirculação de fluido integrado ou acoplado ao equipamento (capacidade mínima de 3 a 4 litros). Botão de parada de emergência e adequação às normas de segurança operacionais (NR12 ). Acompanha conjunto de morsas/suportes de precisão para corpos de prova regulares e irregulares, disco de corte e fluido refrigerante concentrado. | E51: UNIDADE | F51: =SUM(G51:Y51) -> 3 | J51: 1 | K51: 1 | L51: 1 | Z51: ='Mapa comparativo de preços'!S51 -> 447230.96 | AA51: =Z51*F51 -> 1341692.9
A52: 50 | B52: 5204 | C52: 308740 | D52: Crônometro Digital AZB 30 USB com 5 sensores fotoelétricos PGS-D10, compatível com o Lançador de Projéteis da Azeheb. Cronômetro digital para medição de intervalos de tempo utilizando sensores fotoelétricos. Permite a utilização de até 5 sensores. Possui ainda controle para uma bobina, precisão de 1μs e software para aquisição de dados Especificação Técnica: – 01 display LDC 2×16 com backlight; – resolução 0,000001s (1µs); – 5 entradas digitais para conexão de até 5 sensores fotoelétricos PGS-D10; – conexão de saída polarizada para bobina com 8,5V / 1,5A – memória para armazenamento das medidas de cada função; – botão de liga/desliga; – botão para retenção momentânea e disparo da bobina; – proteção contra curto-circuito; – alimentação com fonte chaveada entrada 110/220V com saída de baixa tensão de 12V/2A com conexão com plugue NBR 14136; – painel de policarbonato com visor protetor do LCD transparente e teclas tipo táctil; – montado em gabinete metálico; – sistema de detecção e teste dos sensores; – conexão USB e software para coleta de dados; – Três funções: F1 [medição do intervalo de tempo entre os sensores, bobina e sensores e chave e sensores, setup para escolha no número de sensores que serão utilizados no experimento]; F2 [medição de tempo de interrupção de 1 sensor ou dois sensores ou medição de tempo entre sensores]; F3 [medição de tempo por número de interrupções do sensor com configuração do número de interrupções, para medição de período de pêndulos ou movimentos circulares]; Imprescindível manual de uso do aparelho. OBS: o laboratório de física possui o lançador de projéteis da Azeheb, por isso, o Crônometro Digital AZB 30 USB com 5 sensores fotoelétricos PGS-D10 deve, necessariamente, ser compatível com a marca Azeheb. Estes acessórios permitem a prática de experimento de lançamento de projéteis, choques e conservação da energia mecânica. | E52: UNIDADE | F52: =SUM(G52:Y52) -> 2 | J52: 1 | K52: 1 | Z52: ='Mapa comparativo de preços'!S52 -> 2584.7567 | AA52: =Z52*F52 -> 5169.5133
A53: 51 | B53: 5208 | C53: 618692 | D53: Deionizador de água: Deionizador para produção de água desmineralizada, que remove os sais minerais. Capacidade de produzir 50 litros por hora. O material deve ser construído em PVC rígido ou similar que garante durabilidade e resistência contra corrosão. Entregar junto dois pré-filtros: 1) Pré-filtro de sedimentos para remoção de partículas solidas superiores a 50 microns; 2) Pré-filtro de carvão ativado para remoção de cloro e material orgânico. Deve acompanhar: Mangueira de alimentação; Manual de instruções; Cabo de alimentação dupla isolação e plugue de três pinos, duas fases e um terra, atendendo norma ABNT NBR 14136. | E53: UNIDADE | F53: =SUM(G53:Y53) -> 8 | K53: 1 | L53: 1 | M53: 1 | Q53: 1 | T53: 1 | U53: 1 | Y53: 2 | Z53: ='Mapa comparativo de preços'!S53 -> 4839.23 | AA53: =Z53*F53 -> 38713.84
A54: 52 | B54: 5208 | C54: 234599 | D54: Desidratadora Industrial: Desidratadora industrial/profissional de alimentos, elétrica, com potência de 400 W e capacidade para 8 bandejas removíveis. Equipada com sistema de aquecimento e circulação de ar quente, ventilação forçada e controle de temperatura ajustável. Estrutura resistente e de fácil higienização. Adequada para desidratação de frutas, legumes, verduras, ervas, carnes e demais alimentos. | E54: UNIDADE | F54: =SUM(G54:Y54) -> 3 | K54: 2 | Q54: 1 | Z54: ='Mapa comparativo de preços'!S54 -> 5290.1333 | AA54: =Z54*F54 -> 15870.4
A55: 53 | B55: 5208 | C55: 604057 | D55: Destilador a vapor tipo Clevenger: O conjunto é composto por 1 (um) aparelho de Clevenger, extrator/coletor de óleos essenciais, em vidro borossilicato; 1 (uma) manta aquecedora, com capacidade de 2 L, tensão de 220 V, com regulador de potência; 1 (um) balão de fundo redondo, com capacidade de 2 L, boca única, com junta 24/40; 1 (um) suporte universal (haste) para bancada de laboratório; 1 (uma) garra tipo condensador (três dedos) com mufa; e 5 (cinco) metros de mangueira de silicone, para uso laboratorial, com diâmetro compatível com os bicos do condensador. | E55: UNIDADE | F55: =SUM(G55:Y55) -> 8 | G55: 1 | M55: 6 | Q55: 1 | Z55: ='Mapa comparativo de preços'!S55 -> 1549.6667 | AA55: =Z55*F55 -> 12397.333
A56: 54 | B56: 5208 | C56: 441546 | D56: Destilador de água: Modelo: Destilador de Água Tipo Pilsen; Rendimento: 10 litros; Potência: 7000 watts; GABINETE: Chapa de aço carbono SAE 1020 com tratamento anticorrosivo; Suporte de fixação na parede; * Coletor de vapores e partes que entram em contato com a água já destilada em aço inox e materiais inertes; Fácil Instalação; Consumo: 10X maior que o rendimento; Pureza da água destilada: abaixo de 4 uS, com entrada até 300 uS; Condutividade: até 3,5 uS/cm com entrada 310 uS/cm; Controle Elétrico: Chave liga/desliga; Indicador de Acionamento: Lâmpada piloto; Cabo de Alimentação: sem plug; Sistema de Aquecimento: Resistência tubular blindada em aço inox 304; Tubo de destilação, tampa e caldeira em aço inox 304; Sensor de Nível: Eletrônico com desligamento automático em caso de falta de água; Caldeira: Aço inox 304 sem soldas ou emendas; Pressão: 10mCa ~ 30mCa; Alimentação: 220V (monofásico ou bifásico). | E56: UNIDADE | F56: =SUM(G56:Y56) -> 8 | K56: 1 | N56: 1 | T56: 1 | U56: 1 | V56: 1 | Y56: 3 | Z56: ='Mapa comparativo de preços'!S56 -> 5853.855 | AA56: =Z56*F56 -> 46830.84
A57: 55 | B57: 5208 | C57: 606420 | D57: Detector de Gás Multigá Portátil para 02, H2S, CO e LEL. Faixa de temperatura de operação: -20°C a +50°C. bateria íons de lítio. Alarme Audível, Visual, Vibratório. Carregador/fonte de alimentação, Adaptador de carregamento. | E57: UNIDADE | F57: =SUM(G57:Y57) -> 5 | P57: 5 | Z57: ='Mapa comparativo de preços'!S57 -> 1833.9967 | AA57: =Z57*F57 -> 9169.9833
A58: 56 | B58: 5208 | C58: 632266 | D58: Dinamômetro de plástico 0,2N / 20G (KIT com no mínimo 5 unidades): Codificação cromática em cápsula de plástico transparente com escala de fácil leitura. Proteção contra o alongamento excessivo e possibilidade de ajuste do zero e medição em qualquer direção. Tamanho (CxØ) 260x17mm. Exatidão da medida menor que 1% da faixa de medição. 0,2N/20g com precisão de 0,002N / 0,2g. | E58: KIT | F58: =SUM(G58:Y58) -> 8 | J58: 1 | K58: 4 | L58: 3 | Z58: ='Mapa comparativo de preços'!S58 -> 277 | AA58: =Z58*F58 -> 2216
A59: 57 | B59: 5208 | C59: 441787 | D59: Dispersor Homogeneizador de alta velocidade tipo turrax. Velocidade máxima: 30.000 rpm, volume de trabalho 250 - 5000ml,controle de velocidade contínuo com 6 níveis, material das lâminas: aço inoxidável 304, potência 1300W,viscosidade máxima 8000mPas. Com itens inclusos: estrutura de suporte com base antiderrapante, braço de fixação dupla com suporte para bécker, retentor de recipiente para segurança adicional, Comprimento do cabeçote imerso: 150 mm,Tensão de alimentação: AC 220V | 50/60Hz,Cabeçote padrão φ25mm,Motor de corrente contínua sem escovas,Controle de velocidade: Contínuo,Viscosidade Máxima: 8000mPas. Sistema de proteção com isolamento duplo para garantir segurança.Umidade Relativa: 80%. | E59: UNIDADE | F59: =SUM(G59:Y59) -> 3 | K59: 2 | S59: 1 | Z59: ='Mapa comparativo de preços'!S59 -> 8290.4733 | AA59: =Z59*F59 -> 24871.42
A60: 58 | B60: 5232 | C60: 607570 | D60: Dosímetro de ruído digital c/ faixa de medição 35 a 140db, memória para 680 horas de medição. Filtro de banda de 1/1 e 1/3 de oitava, tela de OLED, tecnologia Wheel. Faixa de frequências de 20 Hz a 10 kHz. dosimetrias simultâneas com as normas NR-15 e NHO-01. | E60: UNIDADE | F60: =SUM(G60:Y60) -> 2 | P60: 2 | Z60: ='Mapa comparativo de preços'!S60 -> 4403.7867 | AA60: =Z60*F60 -> 8807.5733
A61: 59 | B61: 5238 | C61: 601425 | D61: Esmerilhadeira angular de 4.1/2" (115 mm), alimentação 220 V, potência mínima de 850 W, rotação sem carga mínima de 11.000 rpm, eixo roscado M14, dupla isolação elétrica, trava do eixo para facilitar a substituição dos acessórios, capa de proteção metálica ajustável e empunhadura lateral auxiliar. Deve acompanhar, no mínimo, empunhadura lateral, capa de proteção e chave para troca do disco. Garantia mínima de 12 meses. | E61: UNIDADE | F61: =SUM(G61:Y61) -> 29 | J61: 2 | K61: 1 | L61: 2 | N61: 4 | R61: 20 | Z61: ='Mapa comparativo de preços'!S61 -> 516.252 | AA61: =Z61*F61 -> 14971.308
A62: 60 | B62: 5208 | C62: 623488 | D62: Espectofotômetro por Infravermelho FTIR - Espectrofotômetro de Infravermelho por Transformada de Fourier (FTIR), de bancada, com interferômetro de alinhamento permanente, acessório de Reflexão Total Atenuada (ATR) com cristal de diamante de alta dureza e resistência mecânica/química, inerte a solventes, ácidos e bases, com dispositivo para fixação de amostra sólidas de polímeros. Equipamento com hardware e software de controle e biblioteca espectral. Cobertura de análise na região do Médio Infravermelho, em torno de 400 cm⁻¹ a 4.000 cm⁻¹, resolução espectral selecionável. Fonte de Radiação de infravermelho de longa vida útil composta de carbeto de silício ou material cerâmico equivalente. Detector piroelétrico de alta sensibilidade do tipo DLaTGS (ou equivalente) termoestabilizado. Incluídos os serviço de Instalação, treinamento operacional e garantia mínima de 36 meses. | E62: UNIDADE | F62: =SUM(G62:Y62) -> 5 | J62: 1 | L62: 1 | M62: 2 | N62: 1 | Z62: ='Mapa comparativo de preços'!S62 -> 243995.23 | AA62: =Z62*F62 -> 1219976.1
A63: 61 | B63: 5208 | C63: 600649 | D63: Espectrofotômetro de Absorção Atômica: Faixa espectral de 190–900 nm; Sistema de feixe duplo com compensação automática de desvios térmicos; Sistema de gás com estabilizador de pressão e controle de chama; Queimador em liga de titânio; Reflexão total otimizada; Lâmpadas catódicas de aquecimento rápido; Processador integrado com display digital; Faixa de comprimento de onda: 190–900 nm; Precisão do comprimento de onda: ≤ ±0,5 nm; Repetibilidade: ≤ 0,3 nm (direção única); Largura de banda ajustável: 0,2 / 0,4 / 0,7 / 1,4 / 2,4 / 5,0 nm; Estabilidade de linha de base: ±0,004 Abs/30 min; Resolução espectral: ≤ 40%; Limite de detecção (Cu) ≤ 0,08 µg/mL; Lâmpadas de cátodo oco (diâmetro: 1,5" 37mm; 2 pinos; não codificada): Alumínio (Al), Magnésio (Mg) e Cálcio (Ca). Voltagem: 220 v ou bivolt.Reflexão total otimizada; Lâmpadas catódicas de aquecimento rápido; Processador integrado com display digital; Faixa de comprimento de onda: 190–900 nm; Precisão do comprimento de onda: ≤ ±0,5 nm; Repetibilidade: ≤ 0,3 nm (direção única); Largura de banda ajustável: 0,2 / 0,4 / 0,7 / 1,4 / 2,4 / 5,0 nm; Estabilidade de linha de base: ±0,004 Abs/30 min; Resolução espectral: ≤ 40%; Limite de detecção (Cu) ≤ 0,08 µg/mL; Voltagem: 220 v ou bivolt. | E63: UNIDADE | F63: =SUM(G63:Y63) -> 4 | L63: 1 | M63: 2 | U63: 1 | Z63: ='Mapa comparativo de preços'!S63 -> 153717.11 | AA63: =Z63*F63 -> 614868.45
A64: 62 | B64: 5208 | C64: 623488 | D64: Espectrofotômetro digital: Espectrofotômetro de Feixe Único UV-Visível: Sistema Óptico: Feixe Único/ Monocromador de TC de rede de difração de 1200 linhas; Faixa de Comprimento de Onda: 190-1100 nm; Largura de Banda: 2nm; Luz Dispersa: ≤0,2%T; Precisão do Comprimento de Onda: ±2 nm; Repetibilidade do Comprimento de Onda: ≤0,5nm; Precisão Fotométrica: ±0,5%T; Repetibilidade Fotométrica: ±0,2%T; Vendabilidade: 0% ≤0,2%T, 100% ≤0,5%T; Faixa de Transmitância: 0,0-199,9%T; Faixa de Absorção: -0,3 - 2,999A; Fonte de Luz: Lâmpada de deutério, lâmpada de tungstênio; Display: LED de 4 dígitos; Voltagem: 220V ou bivolt. | E64: UNIDADE | F64: =SUM(G64:Y64) -> 9 | G64: 1 | J64: 3 | U64: 1 | Y64: 4 | Z64: ='Mapa comparativo de preços'!S64 -> 18971.934 | AA64: =Z64*F64 -> 170747.41
A65: 63 | B65: 5208 | C65: 628272 | D65: Estação agrometerorológica automática. Estação agrometeorológica automática e autônoma, destinada ao monitoramento contínuo de variáveis meteorológicas, composta por sistema de aquisição, registro e armazenamento de dados. Deverá possuir comunicação via Wi-Fi e armazenamento interno dos dados, possibilitando a consulta, visualização e posterior exportação das informações coletadas. Deverá contar com sistema de alimentação por energia solar, com bateria recarregável, adequado para operação autônoma em campo, com autonomia operacional de no mínimo 72 (setenta e duas) horas consecutivas sem incidência de radiação solar, com bateria totalmente carregada. Deverá ser fornecida completa, incluindo estrutura de instalação, sensores, cabos, conectores e demais acessórios necessários ao seu pleno funcionamento, bem como sistema, aplicativo ou plataforma para visualização e acompanhamento dos dados. Os sensores deverão ser apropriados para instalação e operação em ambiente externo, com grau de proteção mínimo IP65 para sensores e estrutura de instalação, e fornecidos com calibração ou aferição de fábrica, conforme especificação do fabricante. As medições deverão ser contínuas, com intervalo de registro programável (5, 10, 15, 30 e 60 minutos), e capacidade de armazenamento interno para no mínimo 01 (um) ano de dados, considerando intervalo de registro de 15 minutos. A exportação dos dados deverá ser disponibilizada em formatos abertos (CSV/TXT) e, preferencialmente, por meio de API ou compatibilidade com plataformas de terceiros. O fornecimento deverá incluir instalação, configuração completa e validação de funcionamento no local indicado pela contratante, devendo a estação atender às recomendações técnicas da Organização Meteorológica Mundial (OMM) para estações meteorológicas automáticas. Sensores e Variáveis Meteorológicas Mínimas:- Pluviômetro: para medição da precipitação pluviométrica, com resolução de 0,2 mm e precisão de ±1% ou superior; - Sensor de temperatura do ar: para medição da temperatura do ar, com resolução de 0,1 °C e precisão de ±0,3 °C; - Sensor de umidade relativa do ar: para medição da umidade relativa do ar, com resolução de 1% e precisão de ±3% na faixa de 0% a 100%; - Piranômetro: para medição da radiação solar global/incidente, em conformidade com a norma ISO 9060 (Classe C ou superior), com faixa de medição de 0 a 2.000 W/m²; - Anemômetro: para medição da velocidade do vento, com precisão de ±0,5 m/s ou ±5% da leitura; - Biruta eletrônica ou sensor de direção do vento: para medição da direção do vento, com resolução de 1° e precisão de ±5°. Condições de Fornecimento e Garantia : inclui garantia mínima de 12 (doze) meses, manual em português, treinamento operacional, assistência técnica autorizada em território nacional e disponibilidade garantida de peças de reposição. | E65: Unidade | F65: =SUM(G65:Y65) -> 3 | Q65: 1 | T65: 1 | W65: 1 | Z65: ='Mapa comparativo de preços'!S65 -> 57240.27 | AA65: =Z65*F65 -> 171720.81
A66: 64 | B66: 5234 | C66: 340753 | D66: Estação de retrabalho SMD, analógica, certificada de acordo com as normas técnicas IEC 60335-1 e IEC 60335-2-45. Potência de Pico: 850W – 127V; Potência Nominal: 300W – 127V; Proteção contra descargas eletrostáticas (ESD); Faixa de Temperatura: 100°C ~ 480°C; Fluxo (Vazão) Máximo de Ar: 24L/minuto (máx); Tipo de Bomba: Diafragma Ruído: <50dB; Melhor Eficiência Térmica – Resistência de Cerâmica; Rápido Aquecimento; Resfriamento Automático; Alimentação: 127V ; Fusível: 8A (127V); Comprimento do Cabo: 900mm; Dimensões: 152x135x245mm; Peso: Aproximadamente 2.8Kg. Manual de Instruções; Cabo de Alimentação Bocal (3 unidades) – Ø9mm, Ø6mm, Ø2mm Acessórios Opcionais / Reposição: Alça (21J434) Bocal Ø2mm 21J448), Bocal Ø6mm (21J449) Bocal Ø9mm (21J450) Resistência 127V (21J427) ; Conjunto Tubo Mica (21J435). | E66: UNIDADE | F66: =SUM(G66:Y66) -> 14 | L66: 1 | N66: 12 | R66: 1 | Z66: ='Mapa comparativo de preços'!S66 -> 1257.8167 | AA66: =Z66*F66 -> 17609.433
A67: 65 | B67: 5238 | C67: 458306 | D67: Estação de solda convencional, soldagem de componentes PTH e SMD, rápida recuperação térmica e faixa de temperatura ajustável. Pico de Potência: 60W; Frequência: 60Hz; Tensão de Saída: 24V; Tensão de Alimentação: 127V (60Hz); Resistência: Cerâmica; Controle de Temperatura: Analógica; Temperatura Ajustável: 200°C (392°F) a 480°C (896°F) Dimensões: 90x120x170mm; Manual de Instruções; Ferro de Soldar 900A; Esponja Vegetal; Suporte para Ferro de Soldar. | E67: UNIDADE | F67: =SUM(G67:Y67) -> 51 | L67: 10 | M67: 1 | N67: 10 | R67: 30 | Z67: ='Mapa comparativo de preços'!S67 -> 745.83333 | AA67: =Z67*F67 -> 38037.5
A68: 66 | B68: 5208 | C68: 420201 | D68: Estéreomicroscópio binocular. Especificações Técnicas Principais: Sistema Óptico e Zoom: Ampliação contínua de 8x a 32x. Oculares: Oculares: Par de oculares de campo amplo com aumento de 10x e número de campo igual ou superior a 20 mm, dotadas de ajuste focalizável (ajuste de dioptria) em ambas as oculares. Distância de Trabalho: Distância livre de trabalho de, no mínimo, 92 mm, permitindo espaço adequado para a livre manipulação e preparação de amostras na bancada. Focalização: Sistema macro por pinhão e cremalheira na estativa C. Iluminação: Luz fria de LED branca (vida útil aproximada de 25.000 horas), refletida e transmitida com controle direto na base e fonte externa bivolt (12V-30W) com adaptadores globais .O sistema deve possibilitar iluminação por luz refletida (incidente) e transmitida, com chaves de controle de intensidade independentes ou integradas diretamente na base do equipamento. Ergonomia e Design da Estativa: Estativa robusta que incorpore alça integrada ao corpo/coluna para transporte seguro do equipamento. Acessórios Inclusos: equipamento deverá ser entregue acompanhado de todos os componentes necessários ao seu pleno funcionamento imediato, incluindo obrigatoriamente: 01 (uma) Capa protetora contra poeira e umidade, confeccionada em material resistente, compatível com as dimensões aproximadas do equipamento (mínimo de 300 x 190 x 400 mm). Cabos de alimentação e adaptadores exigidos. Manual de instruções de operação em língua portuguesa (ou tradução oficial disponível). OBRIGAÇÕES DA CONTRATADA E GARANTIA: O licitante vencedor deverá fornecer garantia técnica total contra defeitos de fabricação por um período mínimo de 12 (doze) meses, contados a partir da data de recebimento definitivo do equipamento. Assistência Técnica: O fornecedor deverá garantir suporte técnico e disponibilidade de peças de reposição em território nacional. | E68: UNIDADE | F68: =SUM(G68:Y68) -> 22 | G68: 7 | J68: 1 | N68: 2 | T68: 12 | Z68: ='Mapa comparativo de preços'!S68 -> 18882.467 | AA68: =Z68*F68 -> 415414.27
A69: 67 | B69: 5208 | C69: 480704 | D69: Estereomicroscópio Trinocular Óptico Digital Híbrido Sistema Óptico (Lupa): Construído em prismas e lentes de vidro cristalino com tratamento antifungo e antirreflexo. Cabeçote: Tipo Binocular/Trinocular com inclinação ergonômica de 45° ou 60° e rotação de 360° do conjunto óptico. Ajuste de distância interpupilar (mínimo entre 54 mm e 75 mm) e ajuste de dioptria em pelo menos uma das portas das oculares. Ampliação Total: Faixa de aumento óptico configurável até 80x, obtida através da combinação de objetivas fixas/rotativas (ex: 2x e 4x) com pares de oculares de campo amplo (WF 10x e WF 20x inclusas).Sistema de Visualização Digital Integrado:Tela Digital: Monitor integrado em tecnologia LCD/IPS de 10,1 polegadas, acoplado diretamente ao corpo do equipamento, permitindo visualização em tempo real e demonstrações coletivas.Câmera Digital: Câmera de alta resolução (mínimo de 2.0 MP a 12 MP) integrada ou acoplada via tubo divisor de feixe óptico, com capacidade de captura de fotos e gravação de vídeos diretamente em cartão de memória ou via conexão USB.Estativa e Focalização: Mecanismo de focalização macrométrico bilateral controlado por pinhão e cremalheira, com regulagem de tensão no manípulo. Distância de trabalho livre que permita a manipulação confortável de placas e objetos. Iluminação: Sistema de iluminação dupla em LED de alta durabilidade, composto por luz incidente (episcópica - superior) e luz transmitida (diascópica - inferior), com controles de intensidade independentes ou integrados na própria base do equipamento. Platina: Base equipada com área circular dotada de disco de vidro fosco e garras (presilhas) metálicas para fixação de amostras, acompanhada de disco reversível opaco (preto/branco) para contraste de objetos claros e escuros. Alimentação Elétrica: Tensão de operação bivolt automática (faixa de trabalho compatível com 127/220 V).Acessórios Inclusos: Capa de proteção contra poeira sob medida, protetores oculares de borracha flexível, fusíveis sobressalentes e manual de operação em língua portuguesa. Garantia: Mínimo de 12 meses contra defeitos de fabricação, com suporte e rede de assistência técnica autorizada em território nacional. | E69: Unidade | F69: =SUM(G69:Y69) -> 2 | K69: 1 | T69: 1 | Z69: ='Mapa comparativo de preços'!S69 -> 65888.41 | AA69: =Z69*F69 -> 131776.82
A70: 68 | B70: 5208 | C70: 637344 | D70: Estufa de Secagem com Circulação e Renovação de Ar Forçada 1600 litros: Capacidade: 1600 litros; Temperatura de trabalho: 5°C acima da temperatura ambiente até 200°C; Precisão ±1°C; Controle de temperatura microprocessado digital com display LED de 04 dígitos cpara indicação da temperatura de processo, set point e tempo; Termostato eletromecânico contra superaquecimento; Resistência blindada; Sensor de temperatura PT100; Timer programável de 01 até 9.999 minutos com ajuste de 01 em 01 minuto; Dispositivo regulável para renovação de ar do interior da câmara; Com respiro superior para saída de gases, umidade ou acomodação de termômetroGabinete em aço carbono 1020 com tratamento anticorrosiva e pintura eletrostática; Pintura interna tipo alumínio resistente a altas temperaturas (até 600°C) ou inox; 2 portas com abertura de dentro para fora; Pés com rodízios giratórios; Isolamento térmico em lã de vidro, inclusive nas portas; Chave liga/desliga; Cabo de alimentação e plug com três pinos, duas fases e um terra; Fusível de segurança; Voltagem: 220v ou bivolt. | E70: UNIDADE | F70: =SUM(G70:Y70) -> 4 | K70: 2 | U70: 2 | Z70: ='Mapa comparativo de preços'!S70 -> 31555.763 | AA70: =Z70*F70 -> 126223.05
A71: 69 | B71: 5208 | C71: 641106 | D71: Estufa digital de secagem e esterilização. Temperatura de trabalho: 50 até 200°C. Controle de temperatura digital microprocessado. Display de LED 3 dígitos. Resolução 1°C para indicação de temperatura de processo. Sensor de temperatura tipo J. Cabo de alimentação com plug de 3 pinos, duas fases e um terra. Precisão do sistema: ±5°C. Isolamento térmico de lã de vidro, inclusive nas portas. Alimentação 220 V. Capacidade: 280 litros. Medidas internas: 80x50x70 cm. Potência: 2000 W. Painel de controle: LED indicador das fases do processo; Adesivo em policarbonato; Chave geral liga/desliga; Porta fusível; Controlador eletrônico. Gabinete: Chapa de aço carbono SAE 1020; Pintura eletrostática epóxi texturizada, tratamento anticorrosivo; Porta com puxador anatômico e abertura para direita; Pintura interna tipo alumínio resistente a altas temperaturas (até 600°C); Saída superior – respiro para gases, umidade ou acomodação do termômetro; Trilhos internos para deslocamento das bandejas; Vedação com perfil de silicone de alta temperatura. Acessórios inclusos: 2 Bandejas; Fusível de segurança; Manual de instruções em Português. | E71: UNIDADE | F71: =SUM(G71:Y71) -> 6 | G71: 1 | K71: 2 | L71: 1 | P71: 1 | W71: 1 | Z71: ='Mapa comparativo de preços'!S71 -> 4889.48 | AA71: =Z71*F71 -> 29336.88
A72: 70 | B72: 5208 | C72: 415169 | D72: Estufa para Secagem e Esterilização com Circulação Forçada de Ar. Capacidade: 250 a 300 litros. Temperatura de trabalho: 5 até 200°C ou mais. Controle de temperatura digital microprocessado. Display de LED 3 dígitos. Resolução 1°C para indicação de temperatura de processo. Sensor de temperatura tipo J. Cabo de alimentação com plug de 3 pinos, duas fases e um terra. Precisão do sistema: ±5°C. Isolamento térmico de lã de vidro, inclusive nas portas. Alimentação 220 V. Medidas aproximadas: A: 75 x P: 80 x L: 85 cm. Potência: 2300 W aproximadamente. Painel de controle: LED indicador das fases do processo; Chave geral liga/desliga; Porta fusível; Controlador eletrônico. Câmara interna construída em aço inoxidável ou aço carbono tratado contra corrosão com pintura resistente a altas temperaturas; gabinete externo em chapa de aço carbono com pintura eletrostática a pó. Porta com puxador anatômico; Saída superior – respiro para gases, umidade ou acomodação do termômetro; Trilhos internos para deslocamento das bandejas; Vedação com perfil de silicone de alta temperatura. Acessórios inclusos: 3 Bandejas; Fusível de segurança. | E72: UNIDADE | F72: =SUM(G72:Y72) -> 4 | K72: 1 | M72: 1 | N72: 2 | Z72: ='Mapa comparativo de preços'!S72 -> 13386.776 | AA72: =Z72*F72 -> 53547.104
A73: 71 | B73: 5030 | C73: 627816 | D73: Fonte de alimentação Variável, display de 4 dígitos duplo e saída simples, faixa de tensão variável 0 ~30V; corrente variável de 0~5A. Proteção de sobrecarga, alta precisão de ±0,5%+1D, Regulação de Carga em Tensão ≤0,01%+5mV Regulação de Carga em Corrente <0,2%+3mA; Ripple e Ruído (Tensão/Corrente) ≤5mV/15mArms. Com consumo máximo de 260W e resfriamento por ventilação forçada. Acompanha jogo de cabos de conexão tipo banana-banana e banana-jacaré, com no mínimo 25cm de comprimento, adequados à corrente nominal da fonte. | E73: UNIDADE | F73: =SUM(G73:Y73) -> 83 | J73: 11 | K73: 5 | L73: 10 | M73: 1 | N73: 6 | Q73: 20 | R73: 30 | Z73: ='Mapa comparativo de preços'!S73 -> 2551.8433 | AA73: =Z73*F73 -> 211803
A74: 72 | B74: 5208 | C74: 640310 | D74: Forno de Indução: Sistema de fusão por indução eletromagnética para fusão de metais ferrosos, com potência mínima de 15 kW e frequência de operação de aproximadamente 20 kHz, alimentação elétrica trifásica 380 V, 60 Hz, composto por forno de fusão com cadinho compatível com capacidade aproximada de 4 kg de aço, com basculamento manual para retirada do metal fundido; conversor de frequência dotado de sistema de proteção elétrica, retificador AC/DC, filtro de linha, banco de capacitores, inversor CC/CA, sistema de detecção de aterramento e sistema de controle, com circuito fechado de refrigeração dos componentes eletrônicos; módulo de bombeamento para circulação e resfriamento da água do sistema; conjunto de cabos de potência refrigerados a água; sistema de refrigeração compatível com o equipamento; projeto e orientações para instalação elétrica e hidráulica, incluindo especificações dos equipamentos auxiliares necessários; cadinho compatível com o forno, quando aplicável, e demais acessórios indispensáveis ao funcionamento do conjunto; incluindo instalação, testes, ajustes, comissionamento e treinamento básico para operação. | E74: UNIDADE | F74: =SUM(G74:Y74) -> 4 | J74: 1 | K74: 1 | L74: 1 | N74: 1 | Z74: ='Mapa comparativo de preços'!S74 -> 222980 | AA74: =Z74*F74 -> 891920
A75: 73 | B75: 5208 | C75: 477062 | D75: Forno Mufla - Especificações: Forno Mufla digital 16 Litros com 7 rampas e 7 patamares, com temperatura máxima de até 1200°C. Controlador digital microprocessado com PID. Construído em chapa de aço carbono e pintura epóxi eletrostático na cor cinza, com isolação térmica eficiente, o que evita o superaquecimento da parte externa e otimiza o consumo de energia. O forno possui sensor de temperatura tipo “K" com resistência ao fio Kanthal. Resistências e componentes internos de alta qualidade; Distribuição uniforme do calor no interior do equipamento; Respiros frontais e superior para saída de gases e descompressão; Isolamento térmico de alta eficiência em fibra cerâmica compactada; Assistência técnica permanente; Estruturas em chapas de aço carbono e corte a laser; Especificação: FORNO MUFLA, TEMPERATURA MÁXIMA 1.200, TRATAMENTO TÉRMICO. Já informadas na descrição do equipamento | E75: UNIDADE | F75: =SUM(G75:Y75) -> 6 | J75: 2 | K75: 1 | L75: 2 | M75: 1 | Z75: ='Mapa comparativo de preços'!S75 -> 11869.594 | AA75: =Z75*F75 -> 71217.566
A76: 74 | B76: 5208 | C76: 640358 | D76: Fotômetro de chama digital para análise de solos. Descrição Detalhada do Equipamento:Fotômetro de chama digital, microprocessado, projetado para operação contínua em rotinas de análise laboratorial de solos, tecidos vegetais e fertilizantes. Deve realizar a leitura simultânea ou selecionável de elementos químicos por meio de emissão atômica em chama, atendendo às seguintes especificações mínimas:Elementos Analisados (Canais): Equipado com filtros ópticos de alta seletividade instalados para a leitura direta de Potássio (K) e Sódio (Na), Cálcio (Ca) e Lítio (Li). Modos de Operação / Leitura: Seleção de leitura individual por elemento ou leitura simultânea dos canais de Potássio e Sódio no mesmo display.Faixa de Medição (Linearidade):Para Potássio (K): Faixa mínima de 0 a 100 mg/L (ppm) ou 0 a 100 meq/L.Para Sódio (Na): Faixa mínima de 0 a 100 mg/L (ppm) ou 0 a 100 meq/L.Sensibilidade / Limite de Detecção: Limite de detecção igual ou inferior a 0,1 mg/L (ppm) para ambos os elementos (K e Na).Reprodutibilidade / Precisão: Coeficiente de variação (CV) inferior a 1,5% para leituras consecutivas de uma mesma solução padrão concentrada na faixa intermediária da curva.Painel de Controle e Display: Tela digital (LCD, LED ou Touch Screen) que permita a visualização clara dos resultados analíticos com pelo menos 3 dígitos significativos, indicação do elemento selecionado e status de operação.Sistema de Calibração: Calibração eletrônica simplificada via teclado através de soluções padrão, com ajuste automático de zero (branco) e ganho (escala/padrão superior).Atomizador e Queimador: Nebulizador de alta eficiência em material resistente à corrosão (aço inoxidável, platina ou polímeros inertes) e câmara de pré-mistura que assegure uma chama estável e homogênea.Combustível e Gases: Projetado para operar com Gás Liquefeito de Petróleo (GLP) ou Gás Natural, utilizando Ar Comprimido seco e isento de óleo como comburente.Sistema de Segurança Integrado: Válvula solenoide de segurança para corte automático do fluxo de gás combustível em caso de queda de energia elétrica ou interrupção acidental da chama, evitando vazamentos no laboratório.Alimentação Elétrica: Tensão de operação bivolt automática (110V/220V) ou monofásica em 220V, frequência de 50/60 Hz, atendendo ao padrão brasileiro de plugues e tomadas (NBR 14136).Acessórios Mandatórios Inclusos:01 (um) Compressor de ar comprimido compacto, silencioso, isento de óleo (com filtro de retenção de umidade e poeira incorporado), com regulador de pressão e manômetro, dimensionado especificamente para o consumo do fotômetro ofertado.01 (um) Filtro regulador de pressão de gás com mangueiras e conexões adequadas para GLP padrão P13 ou P45.Kit inicial de capilares de aspiração sobressalentes e agulha de limpeza do nebulizador. Amostras de Teste (Opcional, mas recomendado): Exija que a empresa vencedora do lance realize a análise de 3 amostras-padrão de solo fornecidas pelo laboratório antes da assinatura do contrato, para comprovar a exatidão em relação aos métodos oficiais (ex: EMBRAPA / IAC). Assistência Técnica Local: Cláusula exigindo rede de assistência técnica autorizada no Brasil, com fornecimento de peças (nebulizadores, filtros ópticos) por um período mínimo de 5 anos após a descontinuação do modelo. | E76: unidade | F76: =SUM(G76:Y76) -> 4 | M76: 1 | T76: 1 | U76: 1 | Y76: 1 | Z76: ='Mapa comparativo de preços'!S76 -> 35328.632 | AA76: =Z76*F76 -> 141314.53
A77: 75 | B77: 5208 | C77: 604358 | D77: Fotômetro Multiparâmetro e Medidor de pH para Análise de água e Efluentes. Parâmetros: Alcalinidade - faixa 0 a 500 mg/L (CaCO3 ) - resolução 1 mg/L; Amônia faixa baixa - 0.00 a 3.00 mg/L (NH3 -N) - resolução 0.1 mg/L; Amônia faixa média - 0.00 a 10.00 mg/L (NH3-N) - resolução 0.1 mg/L; Amônia faixa alta - 0.0 a 100.0 mg/L (NH3 -N) - resolução 0.1 mg/L; Demanda Química de Oxigênio faixa baixa - 0 a 150 mg/L (O2) - resolução 1 mg/L; Demanda Química de Oxigênio faixa média - 0 a 1500 mg/L (O2) - resolução 1 mg/L; Demanda Química de Oxigênio faixa alta - 0 a 15000 mg/L (O2) - resolução 1 mg/L; Cor da água - faixa 0 a 500 PCU (Unidades de Cobalto de Platina) - resolução 1 PCU; Fosfato faixa baixa - 0.00 a 2.50 mg/L (PO4 3-) - resolução 0.01 mg/L; Fosfato faixa alta - 0.0 a 30.0 mg/L(PO43-) - resolução 0.1 mg/L; Fósforo reativo faixa baixa - 0.00 a 1.60 mg/L (P) - resolução 0.01 mg/L; Fósforo reativo faixa alta - 0.0 a 32.6 mg/L (P) - resolução 0.1 mg/L; Fósforo total faixa baixa - 0.00 a 1.15 mg/L (P) - resolução 0.01 mg/L; Fósforo total faixa alta - 0.0 a 32.6 mg/L (P) - resolução 0.1 mg/L; Nitrato - faixa 0.0 a 30.0 mg/L (NO3 – N) - resolução 0.1 mg/L; Nitrito faixa baixa - 0 a 600 µg/L (NO2 –N) - resolução 1 µg/L; Nitrito faixa alta - 0 to 150 mg/L (as NO2–) - resolução 1 mg/L; Nitrogênio total faixa baixa - 0.0 a 25.0 mg/L (as N) - resolução 0.1 mg/L; Nitrogênio total faixa alta - 0 a 150 mg/L (N) - resolução 1 mg/L; Oxigênio dissolvido - faixa 0.0 a 10.0 mg/L (O2 ) - resolução 0.1 mg/L. | E77: UNIDADE | F77: =SUM(G77:Y77) -> 3 | M77: 2 | W77: 1 | Z77: ='Mapa comparativo de preços'!S77 -> 15103.103 | AA77: =Z77*F77 -> 45309.31
A78: 76 | B78: 5230 | C78: 632265 | D78: Gerador de funções e formas de onda arbitrárias de bancada: novo e sem uso, com tecnologia DDS, 1 canal de saída, frequência máxima mínima de 5 MHz para sinais senoidal, quadrado e pulso e de 1 MHz para sinais de rampa e arbitrários; taxa de amostragem mínima de 125 MSa/s; resolução vertical mínima de 14 bits; memória para formas de onda arbitrárias de, no mínimo, 8.000 pontos; geração de sinais senoidal, quadrado, rampa, pulso, ruído e formas de onda arbitrárias definidas pelo usuário; amplitude ajustável de, no mínimo, 1 mVpp a 12,5 Vpp em carga de 50 Ω e até 25 Vpp em alta impedância; impedância de saída de 50 Ω; recursos de modulação AM, FM, PM e FSK, varredura e burst; entrada para modulação externa, gatilho externo e referência externa de clock; contador de frequência de até 200 MHz; display LCD colorido de, no mínimo, 4 polegadas, com resolução mínima de 480 × 320 pixels; interface USB para comunicação e controle remoto por computador, com suporte a comandos SCPI ou protocolo aberto equivalente; alimentação de 100 a 240 V AC, 50/60 Hz; acompanhado de cabo BNC-BNC, cabo USB, cabo de alimentação, manual de operação e garantia mínima de 12 meses. Equipamento equivalente, similar ou de qualidade superior ao Minipa MFG-4205D. | E78: UNIDADE | F78: =SUM(G78:Y78) -> 13 | L78: 5 | R78: 8 | Z78: ='Mapa comparativo de preços'!S78 -> 3976.2567 | AA78: =Z78*F78 -> 51691.337
A79: 77 | B79: 5230 | C79: 632265 | D79: Gerador de Funções, com display LCD de 6 dígitos LED que suporta frequências de até 2MHz. Com formas de onda senoidal, quadrada e triangular, oferece uma amplitude de saída de 8Vpp (carga 50Ω) e 16Vpp (em aberto), garantindo versatilidade em diversas aplicações. Possui atenuador de 0, 20 e 40dB, impedância de saída de 50Ω e alimentação de 110/220V AC 50/60Hz. | E79: UNIDADE | F79: =SUM(G79:Y79) -> 26 | J79: 1 | L79: 10 | Q79: 15 | Z79: ='Mapa comparativo de preços'!S79 -> 4300.5233 | AA79: =Z79*F79 -> 111813.61
A80: 78 | B80: 5230 | C80: 632265 | D80: Gerador de onda estacionária com controle digital de frequência. 01 Un. base metálica com motor vibrador, composto de contrapeso e eixo mancal, para onda estacionaria. Controle eletrônico da frequência de rotação com sistema de medição de frequência através de sensor fotoelétrico e apresentação da frequência em três displays de 7 segmentos, resolução de 0,1hz na medição da frequência. 01 Un. fonte chaveada DC 12V/2A 01 Un. dinamômetro de 1 N com precisão 0,01N 01 Un. haste extensora para tracionar as cordas usando o dinamômetro 01 Un. haste com roldana com rosca para fixação na base 01 Un. manípulo de metal M4x13 01 Un. arruela 1/4″ 01 Un. porca borboleta 1/4″ 10 Un. ganchos tipo “S” 01 Un. conjunto com 04 cordas de diferentes densidades. O equipamento deve ser 220V ou bivolt 01 manual detalhado com montagem e procedimento experimental | E80: UNIDADE | F80: =SUM(G80:Y80) -> 9 | J80: 1 | K80: 6 | L80: 1 | W80: 1 | Z80: ='Mapa comparativo de preços'!S80 -> 3290.846 | AA80: =Z80*F80 -> 29617.614
A81: 79 | B81: 5230 | C81: 608560 | D81: Gerador de vapor para experimentos de dilatação com fluxo de vapor constante: – ferve 3/4 de litro de água em 10 minutos e fornece fluxo de vapor contínuo, de baixa pressão, em até 10g/min; – tampa especial de borracha com uma saída de vapor e uma válvula de segurança para evitar acidentes; – sistema de desligamento automático para baixo nível com luz de indicação de nível; – reservatório de água em alumínio; – fusível de segurança; – resistor interno, sem acesso para o usuário, o que evita possíveis acidentes; – fluxo de vapor ajustável; – cabo de ligação; – potência: 500W. – O equipamento deve ser 220V ou bivolt. – manual de uso do dispositivo | E81: UNIDADE | F81: =SUM(G81:Y81) -> 6 | K81: 4 | L81: 1 | N81: 1 | Z81: ='Mapa comparativo de preços'!S81 -> 2501.15 | AA81: =Z81*F81 -> 15006.9
A82: 80 | B82: 5208 | C82: 415951 | D82: Incubadora BOD (DBO). Incubadora BOD Fotoperíodo Alternância de Temperatura e Controle de Umidade Digital. Gabinete construído em aço 1020 com tratamento anticorrosivo e pintura eletrostática; Gabinete frontal dotado de pés niveladores; Câmara interna construída em termoplástico moldado; Capacidade para até 4 prateleiras; Isolação térmica (inclusive na porta) com poliuretano expandido de alta densidade; Sistema de aquecimento através de resistência construída em aço inox, blindada e aletada; Refrigeração através de sistema ecológico livre de CFC e com unidade selada; Controle de umidade com evaporação ultrassônica e reservatório externo; Controlador horário para programação do termoperíodo (alternância de temperatura); Com possibilidade de instalação do suporte das lâmpadas LED na porta; Circulação forçada de ar através de silenciosos ventiladores e isentos de vibrações; Dois controladores de temperatura digital, microprocessado, PID, com temperatura ajustável, Set Point e autosintonia para parâmetros PID; Dois sensores de temperatura PT-100; Sistema de segurança da amostra contra superaquecimento através de termostato com alarme sonoro e desligamento automático; Sistema de segurança do equipamento contra superaquecimento do sistema de refrigeração; Painel frontal superior com dois controladores de temperatura, temporizador ajustável do termoperíodo, controlador de umidade relativa, chave geral; Potência: 400 watts; Alimentação: 220 volts; Faixa de Trabalho: Temperatura (com controle de umidade): 20°C até 40°C (indicação: 0,1ºC), Temperatura (sem controle de umidade): -10°C até 60°C (indicação: 0,1ºC), Umidade Relativa: 40 a 90% (indicação: 1%); Capacidade nominal: 324 a 350 litros; Acompanha: Manual de instruções em Português; 2 prateleiras construídas em aço 1020 com tratamento anticorrosivo e pintura eletrostática; Resistente caixa de madeira para transporte, equipamento que possibilite a inclusão de fotoperíodo. | E82: UNDADE | F82: 1 | J82: 1 | K82: 1 | Z82: ='Mapa comparativo de preços'!S82 -> 18494.095 | AA82: =Z82*F82 -> 18494.095
A83: 81 | B83: 5204 | C83: 629447 | D83: Lançamento Horizontal e colisões (frontal e oblíqua): O Kit contempla: – 02 esferas de aço Ø25mm; – 01 rampa de alumínio montada em suporte metálico com abas e aberturas para fixação de sensor e de suporte para choque de esferas e abertura para fixação de grampo tipo “C”; – 01 suporte metálico para choque de esferas; – 02 fuso com fixador para prumo; – 02 porca plástica m5; – 01 porca metálica m5; – 01 manípulo m5x15; – 01 prumo magnético; – 01 grampo tipo “C”; – 01 trena; - manual detalhado com montagem e procedimento experimental | E83: KIT | F83: =SUM(G83:Y83) -> 18 | J83: 1 | K83: 16 | W83: 1 | Z83: ='Mapa comparativo de preços'!S83 -> 740.058 | AA83: =Z83*F83 -> 13321.044
A84: 82 | B84: 5212 | C84: 620300 | D84: Liquidificador industrial Inox 4 litros. Capacidade 4 litros, 220 V, baixa rotação, em aço inox, potência aprox. do motor 0,5 CV. O equipamento deve possuir: - Estrutura em aço inox escovado; - Copo monobloco para evitar acúmulo de resíduos; - Vedação da tampa com fechamento perfeito - Sistema de acoplamento metálico com eixo sextavado. | E84: UNIDADE | F84: =SUM(G84:Y84) -> 9 | K84: 1 | N84: 1 | Q84: 1 | U84: 3 | V84: 1 | W84: 2 | Z84: ='Mapa comparativo de preços'!S84 -> 1314.3333 | AA84: =Z84*F84 -> 11829
A85: 83 | B85: 3035 | C85: 254499 | D85: Lupas de mão profissional 10x aumento 80 mm lente vidro: upa manual para uso didático e observação de materiais, organismos e estruturas de interesse em atividades práticas de Ciências e Biologia. Lente com aumento de 10x (dez vezes) e diâmetro aproximado de 80 mm, confeccionada em material resistente e transparente, com boa qualidade óptica e capacidade de proporcionar visualização ampliada e nítida. Deve possuir cabo anatômico e resistente, adequado ao manuseio por estudantes, e estrutura que proporcione segurança e conforto durante a utilização. | F85: =SUM(G85:Y85) -> 58 | N85: 12 | Q85: 5 | U85: 1 | W85: 40 | Z85: ='Mapa comparativo de preços'!S85 -> 43.42 | AA85: =Z85*F85 -> 2518.36
A86: 84 | B86: 5208 | C86: 477114 | D86: Macro moinho tipo Willey: Rotação: Fixa em 1730 RPM ou 1750 RPM; Motor: 1/2 CV ou 1 CV; Rotor: 4 facas fixas em aço; Câmara de moagem: Em aço cromado com 4 facas reguláveis em aço cromado; Peneiras: Em aço inox com malha MESH 10, 20, 30; Gabinete: Em aço carbono com tratamento anticorrosivo e pintura eletrostática; Pés: Em borracha antivibratórios; Sistema de segurança: Funcionamento somente quando a tampa estiver fechada; Voltagem: 220 v ou bivolt. | E86: UNIDADE | F86: =SUM(G86:Y86) -> 4 | L86: 1 | N86: 1 | T86: 1 | U86: 1 | Z86: ='Mapa comparativo de preços'!S86 -> 13540.554 | AA86: =Z86*F86 -> 54162.217
A87: 85 | B87: 5208 | C87: 424635 | D87: Manta aquecedora 250mL analógica, temperatura na manta de ambiente a 380 °C. MANTA CONFECCIONADA EM FIBRA DE VIDRO. Calota externa em chapa de alumínio com revestimento em epóxi eletrostático, resistente a produtos químicos corrosivos. Possuir controle de temperatura (termostato) com lâmpada que indicativa da intensidade do aquecimento através de maior ou menor intensidade da luminosidade. - Principais Características: Temperatura: 0 a 380 °C (A superfície do elemento de aquecimento); Voltagem: 220 V; Tempo de trabalho: Contínuo; Material utilizado na Calota externa: Chapa de alumínio com pintura epóxi. Capacidade de 250 mL. | E87: UNIDADE | F87: =SUM(G87:Y87) -> 18 | G87: 5 | J87: 10 | M87: 3 | Z87: ='Mapa comparativo de preços'!S87 -> 753.822 | AA87: =Z87*F87 -> 13568.796
A88: 86 | B88: 5208 | C88: 639951 | D88: Manta aquecedora analógica 500 mL, temperatura na manta de ambiente a 380 °C. MANTA CONFECCIONADA EM FIBRA DE VIDRO. Calota externa em chapa de alumínio com revestimento em epóxi eletrostático, resistente a produtos químicos corrosivos. Possui controle de temperatura (termostato) com lâmpada que indicativa da intensidade do aquecimento através de maior ou menor intensidade da luminosidade. - Principais Características: Temperatura: 0 a 380 °C (A superfície do elemento de aquecimento); Voltagem: 220 V; Tempo de trabalho: Contínuo; Material utilizado na Calota externa: Chapa de alumínio com pintura epóxi. Capacidade de 500 mL. | E88: UNIDADE | F88: =SUM(G88:Y88) -> 17 | J88: 10 | K88: 4 | M88: 3 | Z88: ='Mapa comparativo de preços'!S88 -> 898.146 | AA88: =Z88*F88 -> 15268.482
A89: 87 | B89: 5208 | C89: 416189 | D89: Manta aquecedora analógica para laboratório com capacidade para balão de 1000 mL, alimentação 220 V, destinada ao aquecimento uniforme de líquidos em balões de fundo redondo. Possui sistema de aquecimento com temperatura máxima de até 380 °C, fabricada com tecido de fibra de vidro anti-inflamável. | E89: UNIDADE | F89: =SUM(G89:Y89) -> 7 | K89: 4 | M89: 3 | Z89: ='Mapa comparativo de preços'!S89 -> 1210.785 | AA89: =Z89*F89 -> 8475.495
A90: 88 | B90: 5208 | C90: 416190 | D90: Manta aquecedora analógica para laboratório com capacidade para balão de 2000 mL, alimentação 220 V, destinada ao aquecimento uniforme de líquidos em balões de fundo redondo. Possui sistema de aquecimento com temperatura máxima de até 380 °C, fabricada com tecido de fibra de vidro anti-inflamável. | E90: UNIDADE | F90: =SUM(G90:Y90) -> 7 | K90: 2 | M90: 3 | N90: 2 | Z90: ='Mapa comparativo de preços'!S90 -> 1394.682 | AA90: =Z90*F90 -> 9762.774
A91: 89 | B91: 5208 | D91: Máquina de Indução Térmica para fixação de cones. Máquina de indução térmica para montagem e desmontagem de ferramentas em porta-ferramentas BT40 por contração térmica: equipamento para aquecimento por indução eletromagnética, com tela de controle para operação e ajuste dos parâmetros do processo, potência mínima de 5 kVA, alimentação elétrica 220 V, monofásica, 60 Hz e sistema de resfriamento por ar comprimido, com pressão de trabalho de 4 a 8 kgf/cm². Capacidade mínima para ferramentas de 3 a 25 mm em porta-ferramentas de aço inoxidável e de 3 a 16 mm em porta-ferramentas de aço-liga. Deverá acompanhar cone/porta-ferramenta BT40 compatível com o equipamentoe e todos os acessórios indispensáveis ao seu funcionamento. Equipamento novo, completo e pronto para operação. | E91: UNIDADE | F91: =SUM(G91:Y91) -> 1 | J91: 1 | Z91: ='Mapa comparativo de preços'!S91 -> 21800 | AA91: =Z91*F91 -> 21800
A92: 90 | B92: 5208 | C92: 639028 | D92: Máquina de Teste de Impacto Charpy: Máquina de Teste de Impacto Charpy Semi-automática Controlada Por Computador C/ Energia de Impacto 300J Novotest-br XBZ-300B Característica: - Totalmente automático, alimentação de amostra, posição automática da amostra e alta eficiência - Subida do pêndulo, impacto, alimentação da amostra, posição e liberação livre são realizadas automaticamente através do computador - O pino de segurança garante a ação do impacto e escudo de proteção padrão para evitar qualquer acidente - O pêndulo subirá automaticamente e estará pronto para a próxima ação de impacto após a ruptura da amostra - Com dois pêndulos (grande e pequeno), o software do PC irá exibir a perda de energia, tenacidade de impacto, ângulo de subida, valor médio de teste etc. dados e resultado de teste, também a exibição de curva disponível, com função de cálculo e impressão de relatório. A escala de discagem também pode mostrar os resultados do teste. Descrição técnica: - Modo de controle: Controle de computador automático - Máxima Energia Impactante: 300J/150J - Min. Lendo Valores: 1J - Velocidade de Impacto: 5,2 m/s - Ângulo pré-ascenedente do pêndulo: 150° - Precisão do ângulo: ± 0,1 ° - Alcance do porta-espécime: 40+0,2mm - Ângulo redondo da mandíbula: R 1,0 ~ 1,5mm - Ângulo redondo da borda de impacto: R 2,0 ~ 2,5 mm - Espessura da lâmina de impacto: 16mm - Distância entre o eixo de pêndulo e ponto de impacto: 750mm - Dimensão de espécime padrão: 10 x 10 x 55mm - Configuração do pêndulo de impacto: 150 J, 1 PC; 300 J, 1 PC - Dimensões: 2124 × 600 × 1340 mm - Peso: 480 kg - Fonte de energia: 3phs, 380 V, 50 Hz Itens inclusos: - Pêndulo (JBW-300B, 300J / 150J) - Pêndulo (JBW-500B, 500J / 250J) - Pêndulo (JBW-750B, 750J / 500J) - Chave Hexagonal Interna (S = 12mm) - Placa de amostra de amplitude (L = 40 mm) - Placa de centralização de amostra (L = 40 mm) (U, V) - Remoção de anexo - Parafusos de ancoragem (M16 * 300 mm) - Rede de proteção de teste de impacto - Marca de referência: Novotest-br - Código: XBZ-300B | E92: UNIDADE | F92: =SUM(G92:Y92) -> 2 | J92: 1 | N92: 1 | Z92: ='Mapa comparativo de preços'!S92 -> 69990 | AA92: =Z92*F92 -> 139980
A93: 91 | B93: 5238 | C93: 629429 | D93: Máquina Solda a Laser referência Sumig Laser 2000 Modelo SumigLaser 2000 Potência 2000W Ciclo de trabalho 100% Arames compatíveis 0,80mm a 1,60mm Tensão 220V Monofásica. Potência Nominal de Saída: 1500W (feixe contínuo e estável via laser de fibra). Comprimento de Onda do Laser: 1070 nm. Profundidade/Espessura de Soldagem: Varia de 0.2 mm a 3.0 mm, a depender do material base e do modo de operação (com ou sem adição de arame). Espessura de Corte: Indicado para cortes finos e de precisão, tipicamente limitados a 1.0 mm a 2.0 mm em aço inoxidável ou carbono em operações secundárias.Materiais Base: Aço carbono, aço inoxidável, chapa galvanizada e alumínio. Outra referência: Powermig Power Laser 1500W. | E93: UNIDADE | F93: =SUM(G93:Y93) -> 4 | J93: 1 | K93: 1 | L93: 1 | N93: 1 | Z93: ='Mapa comparativo de preços'!S93 -> 102784.5 | AA93: =Z93*F93 -> 411138
A94: 92 | B94: 5238 | C94: 601330 | D94: Máquina Solda ELETROMECÂNICA, para processo de soldagem MIG-MAG, alimentação elétrica trifásica 220-380V – 50/60 Hz; Ciclo de trabalho mínimo de 300 Amperes a 60%, para trabalhar com arames sólidos de 0,8 a 1,2mm, com no mínimo 20 posições de regulagens no caso de equipamento com chaves comutadoras (Taps), podendo ser também com núcleo móvel desde que não exceda 130 Kg, total (fonte + alimentador de arame). Equipamento (a fonte de soldagem) deve possuir: Displays digitais para Corrente (A) e Tensão (V); Mínimo duas saídas de indutância para melhor equilíbrio da soldagem com gás de proteção Dióxido de Carbono e/ou misturas de Argônio + CO2. Deve ser completa com tocha adequada com no mínimo 3 metros de comprimento. | E94: UNIDADE | F94: =SUM(G94:Y94) -> 1 | K94: 1 | Z94: ='Mapa comparativo de preços'!S94 -> 20215.593 | AA94: =Z94*F94 -> 20215.593
A95: 93 | B95: 5238 | C95: 639809 | D95: Máquina Solda Inversora TIG para soldar Alumínio AC/DC e Eletrodo ESAB, modelo – 200A, com tensão de alimentação 220V, completa, Pronta para uso – Tocha TIG com controle de corrente no punho, garra obra, mangueira e kit inicial de consumíveis. | E95: UNIDADE | F95: =SUM(G95:Y95) -> 3 | K95: 1 | N95: 2 | Z95: ='Mapa comparativo de preços'!S95 -> 14450.963 | AA95: =Z95*F95 -> 43352.89
A96: 94 | B96: 5238 | C96: 601788 | D96: Máquina Solda portátil, tipo inversora, tensão 220 v, freqüência nominal 60 hz, potência máxima 4.3 kva, fator potência 0,85, faixa corrente 20 a 160 a, aplicação solda com eletrodo revestido até 3,25 mm, características adicionais cabo negativo com garra, ventilação forçada, completa com todos os acessorios na tocha. | E96: UNIDADE | F96: =SUM(G96:Y96) -> 11 | K96: 4 | M96: 1 | N96: 6 | Z96: ='Mapa comparativo de preços'!S96 -> 1272.0233 | AA96: =Z96*F96 -> 13992.257
A97: 95 | B97: 5238 | C97: 637546 | D97: Máquina Solda portátil, tipo máquina de solda multiprocessos, tensão 220/380v, freqüência nominal 50/60 hz, potência máxima 16,9 kva, aplicação soldagem: eletrodo revestido, tig, mig/mag pulsado, características adicionais com alimentador de arame para carretéis de 15 kg, deve vir com tocha adequada ao modelo com no mínimo 3 metros. | E97: UNIDADE | F97: =SUM(G97:Y97) -> 1 | K97: 1 | Z97: ='Mapa comparativo de preços'!S97 -> 7180.06 | AA97: =Z97*F97 -> 7180.06
A98: 96 | B98: 5208 | C98: 443732 | D98: Medidor de Área Foliar de Bancada. Integrador/Scanner de Área Foliar (Referência técnica: LI-COR LI-3100C). Dimensões aproximadas de 25 × 60 × 73 cm, massa de 43 kg. Leitura direta e contínua de amostras foliares. | E98: Unidade | F98: =SUM(G98:Y98) -> 1 | T98: 1 | Z98: ='Mapa comparativo de preços'!S98 -> 74950 | AA98: =Z98*F98 -> 74950
A99: 97 | B99: 5208 | C99: 640643 | D99: Medidor multiparâmetro de bancada: Com leitura de: pH, ORP (mV), temperatura, condutividade elétrica (EC), fator de condutividade (CF) e TDS (Sólidos Totais Dissolvidos). Tela de LCD retroiluminada; Compensação automática de temperatura; Calibração manual de pH em 1 ou 2 pontos; Calibração de EC, CF e TDS em 1 ponto; Resolução: até 0,01 pH e 0,01 mS/cm. Alimentação: Bateria interna recarregável 9 V e fonte DC 9,6 V / 100 mA (bivolt). | E99: UNIDADE | F99: =SUM(G99:Y99) -> 8 | G99: 1 | J99: 1 | M99: 2 | N99: 1 | T99: 1 | U99: 1 | W99: 1 | Z99: ='Mapa comparativo de preços'!S99 -> 8251.3325 | AA99: =Z99*F99 -> 66010.66
A100: 98 | B100: 5208 | C100: 457624 | D100: Mesa agitadora orbital: Máxima capacidade de carga: 10 Kg; Faixa de rotação: 10 - 500 RPM; Tipo de operação: contínua e temporizada; Display digital independente de velocidade e tempo; Com temporizador digital; Agitação por molas com efeito flutuante; Detecção e proteção contra excesso de velocidade; Gabinete em alumínio ou aço carbono com tratamento anti-corrosivo e pintura eletrostática; Pés niveladores emborrachados antivibratórios; Com suporte para adaptadores de Erlenmeyer e adaptador para Erlenmeyer de 250 mL; Voltagem 220 v ou bivolt. | E100: UNIDADE | F100: =SUM(G100:Y100) -> 5 | J100: 2 | K100: 1 | T100: 1 | U100: 1 | Z100: ='Mapa comparativo de preços'!S100 -> 10245.67 | AA100: =Z100*F100 -> 51228.35
...

Sheet Mapa comparativo de preços
A1: ITENS | F1: PESQUISAS - PE 403/2026 PROCESSO: 23419.005286/2026-51 AQUISIÇÃO DE EQUIPAMENTOS PARA OS LABORATÓRIOS DO IFRS - SRP | S1: ESTIMATIVA
A2: ITEM | B2: CATMAT | C2: DESCRIÇÃO | D2: UNIDADE | E2: TOTAL | F2: PESQUISA COMPRASGOV LEGENDA PESQUISA CG-SIS 1 | G2: PESQUISA SITES ESPEC LEGENDA PESQUISA SITE 1 | H2: PESQUISA SITES ESPEC LEGENDA PESQUISA SITE 2 | I2: PESQUISA SITES ESPEC LEGENDA PESQUISA SITE 3 | J2: PESQUISA SITES ESPEC LEGENDA PESQUISA SITE 4 | K2: PESQUISA 4 FORNECEDOR | L2: LEG | M2: PESQUISA 5 FORNECEDOR | N2: LEG | O2: PESQUISA 6 FORNECEDOR | P2: LEG | Q2: PESQUISA 7 FORNECEDOR | R2: LEG | S2: R$ UNITÁRIO | T2: R$ TOTAL
A3: 1 | B3: 629447 | C3: Acessórios para Pêndulo Balístico compatíveis com a marca a Azeheb: – 01 torre para fixação do pêndulo balístico fabricada em aço com pintura eletrostática com trasnferidor de ângulo para e seta indicadora; – 01 pendulo balístico com alojamento para esfera e pino roscado para fixação de massas; – 02 massas aferidas de 50g com furo central de Ø5mm; – 01 manípulo cabeça de plástico M6x16 – 01 manípilo de metal M3x7; – 01 knob de plástico M5; OBS: o laboratório de física possui o lançador de projéteis da Azeheb, por isso, os Acessórios para Pêndulo Balístico devem necessariamente ser compatíveis com a marca Azeheb. Estes acessórios permitem a prática de experimento de pêndulo balístico. | D3: CONJUNTO | E3: 3 | F3: 970.29 | G3: 1167 | H3: 819 | S3: =AVERAGE(F3,G3,H3,I3,J3,K3,M3,O3,Q3) -> 985.43 | T3: =S3*E3 -> 2956.29
A4: 2 | B4: 419764 | C4: Agitador de peneiras eletromagnético, alimentação 220 V, 50/60 Hz, destinado à análise granulométrica de materiais sólidos em laboratório, com sistema de acionamento eletromagnético que proporcione movimento tridimensional (vertical e horizontal) para maior eficiência de separação, capacidade mínima para 6 peneiras padrão de 8” (200 mm) mais tampa e fundo, controle digital de tempo programável (timer) com ajuste de pelo menos 0 a 60 minutos, controle de intensidade de vibração ajustável, sistema de fixação das peneiras por aperto rápido que assegure estabilidade durante a operação, estrutura robusta em aço com pintura eletrostática ou material equivalente resistente à corrosão, base com sistema de amortecimento de vibração e nível de ruído adequado ao uso laboratorial, acompanhado de tampa, fundo, cabo de alimentação e manual em português, equipamento novo, com garantia mínima de 12 meses e assistência técnica no Brasil; | D4: UNIDADE | E4: ='LISTA ITENS FINAL'!F4 -> 2 | F4: 11737 | G4: 9905.5 | H4: 10891.65 | I4: 15946.22 | K4: 23047.87 | L4: FOR 25 | M4: 9350 | N4: FOR 27 | S4: =AVERAGE(F4,G4,H4,I4,J4,K4,M4,O4,Q4) -> 13479.707 | T4: =S4*E4 -> 26959.413
A5: 3 | B5: 415319 | C5: Agitador JarTest digital com 6 provas. Display TFT colorido com touch screen resistivo. Gabinete: em chapa de aço pintada com tinta epóxi eletrostática e parafusos em aço inox 306. Quantidade de jarros: Seis jarros confeccionados em acrílico com parede de 3mm. Capacidade por jarro: 2000ml com escala graduada. Curva de gradiente de velocidade: a 0ºC de 03 a 1472 s-1 até 40ºC de 05 a 2295 s-1, disponível de forma rápida no modo manual e modo automático e de forma gráfica no manual. Material das pás: Aço inox 306 e palhetas com dimensões de 25.4 x 76.2 mm. Base e iluminação: Led alto brilho e guia centralizador do jarro. Transmissão: Conjunto sincronizado composto por polias e correias dentadas (garantia de mesma velocidade em todos os jarros). Modos de funcionamento: Possui modo Automático e Modo Manual de operação disponível. Faixas de programação: No modo automático permite a programação por RPM ou gradiente de velocidade para até 10 receitas ou programas com 20 fases cada receita, totalizando 200 fases a disposição. Rotação: de 10 a 600RPM. Tacímetro: com 3 dígitos para verificação da RPM disponível nos modos automático e manual. Precisão RPM ±2%. Sistema de controle: Microcontrolador de 16 bits a 32MHz e encoder de alta resolução. Alimentação: 127 ou 220Vca 50/60Hz. Consumo: 250W. Ambiente de trabalho: Temperatura Ambiente, 5 a 40ºC, Umidade relativa,15 a 70%. Acessórios: 01-Cabo de alimentação 2P+T, 01-Manual de instruções em português, 06-Jarros de 2 litros em acrílico transparente com escala graduada, 12-Tubos de ensaio de 150mm e 24mls, 01-Dosador de coagulantes e polímeros, 06-Tubos de silicone + estrangulador para coleta de amostras, 01-Curva de gradiente de velocidade. | D5: UNIDADE | E5: ='LISTA ITENS FINAL'!F5 -> 1 | F5: 12019.8 | G5: 9742.7 | H5: 10327.49 | I5: 10124.59 | K5: 8027.66 | L5: FOR 52 | S5: =AVERAGE(F5,G5,H5,I5,J5,K5,M5,O5,Q5) -> 10048.448 | T5: =S5*E5 -> 10048.448
A6: 4 | B6: 408753 | C6: Agitador magnético com aquecimento para agitar até 4 litros. Diâmetro da placa de 14cm. Capacidade 4 litros. Velocidade controlada por circuito eletrônico proporcionando uma rotação de 120 a 1800 RPM. Placa de aquecimento em alumínio injetado com resistência blindada incorporada 650W. Temperatura controlada por termostato capilar de 50 a 360°C. Corpo metálico com pintura em epóxi eletrostático. Acompanha uma barra magnética revestida em Teflon de 9x25mm. Cabo trifilar com fio terra em borracha atendendo a norma IEC 60083 (não derrete quando encostada na placa aquecedora). Alimentação: 220 volts. | D6: UNIDADE | E6: ='LISTA ITENS FINAL'!F6 -> 35 | F6: 1400 | G6: 2097 | H6: 2092.18 | I6: 2702.94 | J6: 2827 | K6: 3710 | L6: FOR 14 | M6: 1620.65 | N6: FOR 16 | O6: 4125 | P6: FOR 27 | Q6: 2820 | R6: FOR 35 | S6: =AVERAGE(F6,G6,H6,I6,J6,K6,M6,O6,Q6) -> 2599.4189 | T6: =S6*E6 -> 90979.661
A7: 5 | B7: 408755 | C7: Agitador magnético uso: líquidos e similares; tipo: com aquecimento; nível de agitação: até 10 litros; velocidade de rotação: de 0 a 3000 rpm; temperatura de trabalho: regulável até 350°c; voltagem: bivolt 127/220 v ou 220 v. | D7: UNIDADE | E7: ='LISTA ITENS FINAL'!F7 -> 19 | F7: 1699.99 | G7: 1606.32 | H7: 1885 | I7: 1688 | J7: 1148.01 | K7: 2891 | L7: FOR 4 | M7: 4125 | N7: FOR 27 | O7: 2820 | P7: FOR 35 | Q7: 3200 | R7: FOR 43 | S7: =AVERAGE(F7,G7,H7,I7,J7,K7,M7,O7,Q7) -> 2340.3689 | T7: =S7*E7 -> 44467.009
A8: 6 | B8: 479583 | C8: Agitador Mecânico Digital 60L. Capacidade máxima de agitação de 60 L (HO), a potência de entrada do motor de 200 W e a potência de saída do motor de 180 W. A tensão de alimentação é de 100-240 VAC, a frequência é de 50/60 Hz e a potência (consumo) é de 210 W. A faixa de velocidade de rotação varia de 100 a 2000 rpm, com display LCD, resolução de velocidade de ±1 rpm e incremento de velocidade de 20 rpm. O torque máximo é de 90 N.cm e possui proteção contra sobrecarga que resulta em parada automática. A viscosidade máxima suportada é de 80000 mPa.s, e o diâmetro máximo de fixação do mandril é de 0.5-10 mm. Dimensões aproximadas: 200x315x600 mm. Peso líquido aproximado de 12 kg. O grau de proteção é de IP 42 e a temperatura ambiente permitida varia de 5 a 40°C. A umidade ambiente permitida é de 80%. O agitador deve conter mufa de fixação: 1 unidade; fonte de alimentação bivolt: 1 unidade; garra e mufa secundária: 1 unidade; suporte (haste e base): 1 unidade; haste e hélice naval: 1 unidade; haste e hélice centrífuga: 1 unidade. | D8: UNIDADE | E8: ='LISTA ITENS FINAL'!F8 -> 5 | F8: 3390 | G8: 2313 | H8: 2070 | I8: 3867.5 | S8: =AVERAGE(F8,G8,H8,I8,J8,K8,M8,O8,Q8) -> 2910.125 | T8: =S8*E8 -> 14550.625
A9: 7 | B9: 439244 | C9: Agitador rotativo de solos (TIPO WAGNER). Descrição Detalhada do Equipamento:Agitador rotativo tipo Wagner, projetado para homogeneização contínua e inversão completa de amostras (rotação de 360° no eixo vertical), com as seguintes especificações mínimas: Capacidade: Suporte para acomodação e fixação de, no mínimo, 08 (oito) frascos / provas simultaneamente. Compatibilidade de Vidraria: Sistema adaptável para frascos de polietileno, vidro ou garrafas tipo Stohlmann com capacidade de até 500 ml cada. Sistema de Fixação: Garras ou barras de pressão em material resistente (aço inoxidável ou alumínio com revestimento), com manípulos de aperto manual que garantam a fixação segura dos frascos durante a rotação completa, evitando vazamentos ou quedas. Controle de Velocidade: Rotação regulável eletronicamente através de painel digital, operando na faixa mínima de 05 a 50 RPM (rotações por minuto). Temporizador (Timer): Sistema de temporização eletrônico integrado, ajustável de 0 a 999 minutos ou de 0 a 24 horas, com desligamento automático do motor ao final do ciclo programado e opção de modo de operação contínuo. Estrutura e Gabinete: Construído em chapas de aço carbono com tratamento anticorrosivo e pintura eletrostática em epóxi, ou em aço inoxidável, garantindo alta resistência mecânica e química .Motorização: Motor de indução silencioso com alto torque para partida com carga cheia, dotado de redutor de velocidade engrenado. Segurança: Pés de borracha antivibração (tipo ventosa) para estabilidade em bancada e sistema de proteção contra sobrecarga térmica do motor. Alimentação Elétrica: Tensão de operação bivolt (110V/220V) ou monofásica em 220V (conforme a rede do laboratório), frequência de 50/60 Hz, atendendo ao padrão brasileiro de plugues e tomadas (NBR 14136).Requisitos Adicionais: Garantia: Mínima de 12 (doze) meses contra defeitos de fabricação. Documentação: Acompanhado de manual de instruções e operação inteiramente em língua portuguesa. Assistência Técnica: Declaração do fabricante ou distribuidor garantindo a disponibilidade de peças de reposição e assistência técnica em território nacional. | D9: Unidade | E9: ='LISTA ITENS FINAL'!F9 -> 2 | F9: 8279.87 | G9: 6900 | K9: 19700 | L9: FOR 35 | M9: 14500 | N9: FOR 43 | S9: =AVERAGE(F9,G9,H9,I9,J9,K9,M9,O9,Q9) -> 12344.968 | T9: =S9*E9 -> 24689.935
A10: 8 | B10: 602471 | C10: Alambique de cobre com capacidade para 20 litros de mosto na panela. Construído em chapa 18, martelado, rebatido, polido, blindado em solda de cobre e solda neutra, conectores e união em bronze, coluna modelo deflegmador com prato borbulhador. Flanges, travas e tampa em metal anti-corrosivo. Com termômetro na panela e no deflegmador. Abertura na panela para introdução do mosto, com tampa vedada com trava. Com sistema de esgotamento, termômetros, sistema anti-zinabre, sistema antivácuo automático, flanges, tampão e registros próprios para uso em alimentos e acabamento sanitário. Serpentina de resfriamento em aço inox 304 adaptada em uma caixa de aço inox 304, com proveta em aço inox 304 na saída com dimensões suficientes para inserir o densímetro e determinar a graduação da bebida. Todo conjunto de resfriamento também deve ter acabamento sanitário. Deve conter uma coluna para fabricação de álcool adaptável ao alambique e outra coluna para uisque. O conjunto todo não deve apresentar vazamentos de líquido e vapor. | D10: UNIDADE | E10: ='LISTA ITENS FINAL'!F10 -> 1 | F10: 2480 | G10: 2399 | H10: 2790 | I10: 2890 | S10: =AVERAGE(F10,G10,H10,I10,J10,K10,M10,O10,Q10) -> 2639.75 | T10: =S10*E10 -> 2639.75
A11: 9 | B11: 455296 | C11: Balança analítica 220G 0,0001G Calibração automática, peso interno. Display LCD retroiluminado com regulagem de contraste. Ampla capela de vidro com 3 portas deslizantes para facilitar o acesso aos itens que estão sendo pesados. Capacidade 210g; Resolução 0,0001 g; Tamanho do prato Ø 80mm; Tempo de resposta (sec.) ≤ 3~4; Linearidade ± 0,0003 g; Repetibilidade 0,0001g; Verificação INMETRO. Leitura mínima 10 mg. Temperatura de trabalho 5 – 35°C (15-30°C para verificação de amostras); Fonte de energia -220V. Já descritas. | D11: UNIDADE | E11: ='LISTA ITENS FINAL'!F11 -> 24 | F11: 5959.72 | G11: 6350 | H11: 9350 | I11: 6108.5 | K11: 9900 | L11: FOR 24 | M11: 10276.6 | N11: FOR 25 | O11: 13000 | P11: FOR 27 | Q11: 11000 | R11: FOR 43 | S11: =AVERAGE(F11,G11,H11,I11,J11,K11,M11,O11,Q11) -> 8993.1025 | T11: =S11*E11 -> 215834.46
A12: 10 | B12: 212166 | C12: Balança Computadora Digital Comercial, dotada de bateria e homologada pelo INMETRO, destinada ao uso em rotinas de conferência interna, pesagem de insumos, fracionamento e auditoria de mercadorias recebidas. ESPECIFICAÇÕES TÉCNICAS MÍNIMAS: Capacidade Máxima de Carga: De até 30 kg ou 35 kg (trinta ou trinta e cinco quilogramas), em conformidade com as capacidades comerciais padronizadas e homologadas. Divisão / Resolução de Escala: Escala de divisão dupla (triplice escala ou divisão mínima de 5g), garantindo precisão na pesagem de pequenas e grandes porções. Painel de Exibição (Displays): Visor duplo (frontal para o operador e traseiro para verificação visual opcional) em LED ou LCD com iluminação de fundo (backlight), indicando simultaneamente as informações de Peso, Preço por Quilo e Preço Total. Alimentação Elétrica: Fonte de alimentação bivolt automática (110V / 220V).Autonomia Portátil: Bateria interna recarregável e embutida no gabinete, com autonomia mínima de 24 horas de uso contínuo longe da tomada. Plataforma de Pesagem (Prato): Confeccionada obrigatoriamente em aço inoxidável, removível para higienização. Teclado e Funções: Teclado numérico de membrana de alta durabilidade e vedado contra umidade, contendo no mínimo as funções de: TARA (subtração do peso de recipientes e caixas de conferência), ZERO e CE (limpeza de dados).Estrutura Externa: Gabinete injetado em plástico ABS de alta resistência, equipado com pés niveladores reguláveis e indicador de nível bolha para calibração de superfície. CERTIFICAÇÃO METROLÓGICA OBRIGATÓRIA: O equipamento deve possuir, obrigatoriamente, homologação e Portaria de Aprovação de Modelo junto ao INMETRO (Instituto Nacional de Metrologia, Qualidade e Tecnologia).O produto deve ser entregue acompanhado do respectivo Selo do INMETRO de verificação inicial de fábrica e lacre físico de proteção ativo, garantindo a inviolabilidade física e a calibração metrológica oficial do instrumento na data de entrega.4. GARANTIA E ASSISTÊNCIA: Garantia integral contra defeitos de fabricação por período não inferior a 12 (doze) meses, acompanhada de manual de instruções em língua portuguesa. | D12: Unidade | E12: ='LISTA ITENS FINAL'!F12 -> 6 | F12: 850 | G12: 885.54 | H12: 1590.12 | I12: 2026.6 | J12: 12544.96 | K12: FOR 51 | S12: =AVERAGE(F12,G12,H12,I12,J12,K12,M12,O12,Q12) -> 3579.444 | T12: =S12*E12 -> 21476.664
A13: 11 | B13: 481484 | C13: Balança Eletrônica Semianalítica de Alta Precisão. Capacidade máxima: 500 g ou superior. Resolução / Carga de Leitura (Sensibilidade): 0,001 g (1 mg / 3 casas decimais).Repetibilidade (Desvio Padrão): Mínimo de ± 0,001 g. Linearidade: Mínimo de ± 0,002 g. Mecanismo de Pesagem: Sistema de pesagem por bloco eletromagnético de alta resolução (tecnologia tipo célula de carga de alto desempenho ou monobloco/UniBloc). Calibração: Sistema de calibração eletrônica (aceita-se calibração externa por peso padrão ou calibração interna automática integrada).Câmara de Pesagem (Capela): Protetor contra correntes de ar (capela) circular ou retangular em vidro ou acrílico transparente de alta resistência, para isolamento ambiental durante a pesagem. Prato de Pesagem: Fabricado em aço inoxidável AISI 304, com diâmetro/dimensões mínimas de 100 mm. Interface e Recursos Virtuais: Display digital em cristal líquido (LCD) ou LED, retroiluminado, com excelente contraste visual. Teclado ergonômico com membrana impermeável e proteção contra respingos. Funções integradas no software: Tara consecutiva/subtrativa em toda a escala, contagem de peças, pesagem percentual e estabilização ajustável .Conectividade: Saída de dados via interface serial RS-232 ou USB para comunicação direta com computador (geração de relatórios GLP/GMP/ISO) e impressoras térmicas. Alimentação Elétrica: Fonte de alimentação externa chaveada automática, Bivolt (110 V a 240 V), frequência de 50/60 Hz .Conformidade Legal: Equipamento com homologação, portaria e selo de aferição inicial obrigatória do INMETRO / DIMEL. Garantia: Mínimo de 12 meses contra defeitos de fabricação, com suporte e assistência técnica autorizada em território nacional. | D13: Unidade | E13: ='LISTA ITENS FINAL'!F13 -> 14 | F13: 4683 | G13: 8212.75 | K13: 17081 | L13: FOR 14 | M13: 9632.5 | N13: FOR 27 | O13: 6600 | P13: FOR 43 | Q13: 12714.31 | R13: FOR 51 | S13: =AVERAGE(F13,G13,H13,I13,J13,K13,M13,O13,Q13) -> 9820.5933 | T13: =S13*E13 -> 137488.31
A14: 12 | B14: 636808 | C14: Bancada fechada para oficina, com estrutura confeccionada em aço e acabamento resistente à corrosão, equipada com no mínimo 6 gavetas para armazenamento de ferramentas e compartimento(s) fechado(s) com porta. As gavetas devem possuir sistema de deslizamento por corrediças ou rolamentos e sistema de fechamento com chave. Deve possuir tampo em madeira maciça, compensado naval ou compensado multilaminado de alta resistência, com espessura mínima de 30 mm. Dimensões externas entre 1.900 e 2.100 mm de comprimento, 550 e 700 mm de profundidade e 830 e 950 mm de altura | D14: UNIDADE | E14: ='LISTA ITENS FINAL'!F14 -> 17 | F14: 3058 | G14: 3555.44 | H14: 3331.8 | I14: 3650.76 | S14: =AVERAGE(F14,G14,H14,I14,J14,K14,M14,O14,Q14) -> 3399 | T14: =S14*E14 -> 57783
A15: 13 | B15: 605231 | C15: Bancada industrial para eletrônica. Largura: 1,3m; Profundidade: 0,6m; Altura do chão: 0,850m; Capacidade de carga: 300 Kg; Tampo revestido em fórmica (HPL). Prateleira superior: Largura: acompanha a bancada;; Profundidade: 0,3m; Altura do chão: 1,5m; Prateleira revestida em fórmica (HPL). Estrutura em alumínio extrudado; Painel de fundo transversal perfurado, com altura de 0,3m, largura acompanha a bancada. Luminária embutida em suporte para iluminar tampo; interruptor próprio. Régua de tomadas embutida na bancada com 4 tomadas 10A e Plugue NBR. | D15: UNIDADE | E15: ='LISTA ITENS FINAL'!F15 -> 28 | F15: 1949 | G15: 2171.14 | H15: 1755.44 | S15: =AVERAGE(F15,G15,H15,I15,J15,K15,M15,O15,Q15) -> 1958.5267 | T15: =S15*E15 -> 54838.747
A16: 14 | B16: 639025 | C16: Banco óptico linear: Banco óptico linear, com trilho graduado de no mínimo 1000 mm, destinado a experimentos de óptica física. Deve incluir fonte de luz (laser ou LED colimado), suportes deslizantes com trava, par de polarizadores lineares com escala angular graduada (0° a 360°, resolução mínima de 1°) para verificação experimental da Lei de Malus, sensor/fotodetector de intensidade luminosa com leitura digital, e acessórios para montagem de rede de difração, permitindo também experimentos de análise espectral e obtenção de espectros de fontes luminosas. | D16: UNIDADE | E16: ='LISTA ITENS FINAL'!F16 -> 1 | F16: 9863.25 | G16: 9100 | K16: 7590 | L16: FOR 23 | S16: =AVERAGE(F16,G16,H16,I16,J16,K16,M16,O16,Q16) -> 8851.0833 | T16: =S16*E16 -> 8851.0833
A17: 15 | B17: 641288 | C17: Banho Maria digital com circulação interna, com capacidade da cuba de 10 L. Equipado com controlador digital microprocessado com sistema PID, sensor PT100 e circulação interna com vazão de até 10 L/min, garantindo estabilidade térmica. Possui cuba em aço inox AISI 304, faixa de trabalho de +5 °C a 100 °C, resolução de 0,1 °C, precisão de ±0,5 °C, gabinete em aço carbono com pintura epóxi e alimentação 110 V ou 220 V. | D17: UNIDADE | E17: ='LISTA ITENS FINAL'!F17 -> 6 | F17: 3300 | G17: 2829.37 | K17: 7222.34 | M17: 11294 | N17: FOR 14 | O17: 5900 | P17: FOR 27 | S17: =AVERAGE(F17,G17,H17,I17,J17,K17,M17,O17,Q17) -> 6109.142 | T17: =S17*E17 -> 36654.852
A18: 16 | B18: 414531 | C18: Banho Maria Digital: Capacidade: 5 Litros; Temperatura de trabalho: +5°C até 100°C; Precisão: +/- 0,5°C; Resolução: 0,1°C; Sensor de temperatura: PT 100; Controlador digital microprocessado; Resistência blindada em aço inox AISI 304 de fácil substituição; Gabinete em aço carbono com tratamento anticorrosico e pintura eletrostática, Cuba em aço inox; Pés de borracha; Posta fusível de segurança; Voltagem: 220 v ou bivolt. | D18: UNIDADE | E18: ='LISTA ITENS FINAL'!F18 -> 11 | F18: 2063 | G18: 2109.75 | H18: 1960.98 | I18: 2088.65 | K18: 2417.91 | L18: FOR 24 | S18: =AVERAGE(F18,G18,H18,I18,J18,K18,M18,O18,Q18) -> 2128.058 | T18: =S18*E18 -> 23408.638
A19: 17 | B19: 452877 | C19: Banho Ultrassom Banho de ultrassom aproximadamente 12 litros 330w. Gabinete em aço inox 304; com duas frequências de operação de 35 e 80khz; controle por microprocessador; operação nas funções normais, pulsado, varredura, desgaseificar, baixa frequência e alta frequência; dimensões internas aproximadas (l x p x a) de 300 x 250 x 200 mm ; capacidade aproximadamente 12 l; com cesto em aço inox 304; alimentação elétrica de 220v, 50/60 hz; potência mínima efetiva de ultrassom 330 w e consumo total de 1130w; aquecimento com controle digital de 30 a 80 °c; potência de aquecimento 1000w; resistências em material cerâmico; timer com controle digital de 0 a 60 minutos ou funcionamento contínuo por até 12 horas; sistema de proteção contra funcionamento ininterrupto acima de 12 horas; sistema de desligamento automático em caso de aquecimento acima do programado; com válvula de drenagem; cabo de energia com plug padrão nbr 14136; garantia de 12 meses a partir da instalação do equipamento; assistência técnica permanente no Brasil, direto do fabricante ou por representante autorizado; manual em português | D19: UNIDADE | E19: ='LISTA ITENS FINAL'!F19 -> 9 | F19: 4700 | G19: 4462 | H19: 4450.05 | I19: 1382.4 | S19: =AVERAGE(F19,G19,H19,I19,J19,K19,M19,O19,Q19) -> 3748.6125 | T19: =S19*E19 -> 33737.512
A20: 18 | B20: 442425 | C20: Binóculos 8 x 42 mm.Binóculos: Binóculo Óptico Portátil. Diâmetro da Lente Objetiva: 42 mm. Sistema Óptico (Prisma): Porro ou Roof (Teto). Material do Prisma: BK-7 ou BaK-4. Revestimento óptico antirreflexo. Sistema de foco central manual com ajuste dioptrico. Corpo leve em ABS ou policarbonato, com revestimento parcial ou total em borracha antiderrapante e resistente a pequenos impactos. Protetores Oculares: Dobráveis ou giratórios para uso com ou sem óculos. Possuir alça de pescoço para transporte. Estojo/bolsa de proteção. Tampas de proteção para as lentes. | D20: UNIDADE | E20: ='LISTA ITENS FINAL'!F20 -> 20 | F20: 2409 | G20: 2199 | K20: 810 | L20: FOR 2 | S20: =AVERAGE(F20,G20,H20,I20,J20,K20,M20,O20,Q20) -> 1806 | T20: =S20*E20 -> 36120
A21: 19 | B21: 441819 | C21: Bloco digestor: Capacidade: 8 Tubos Macro 50 x 250 mm; Faixa de Temperatura: 50 a 450°C; Resolução: 0,1°C; Controlador de temperatura microprocessado; Resistência blindada em aço inox; Sensor de temperatura tipo J; Isolamento em fibra cerâmica; Gabinete em aço inox; Bloco de aquecimento em alumínio; Pés niveladores em borracha; Com estante em aço inos para tubos macro; Com oito (8) tubos de vidro borosilicato 50 mm x 250 mm com orla; Voltagem: 220 v ou bivolt. | D21: UNIDADE | E21: ='LISTA ITENS FINAL'!F21 -> 4 | F21: 8122 | G21: 10852.05 | H21: 9794.4 | K21: 12680 | L21: FOR 25 | M21: 8525.5 | N21: FOR 29 | S21: =AVERAGE(F21,G21,H21,I21,J21,K21,M21,O21,Q21) -> 9994.79 | T21: =S21*E21 -> 39979.16
A22: 20 | B22: 234745 | C22: Bomba Hidraulica de Calibração, para Calibração de Manômetros do tipo Timoneiro com as seguintes configurações mínimas: Modelo de comparação com manômetro padrão, Pressão Máxima 1000 kgf/cm2, Vácuo -0,30 kgf/cm2, Sob Pressão 1200 kgf/cm2, volante em alumínio, Fuso sem fim em aço Iinox, Pistão: Latão, Base: MDF Revestido, Fluído: Água, óleo de silicone/mineral, Rosca: ½ BSP, Dimensões 350x450x255mm peso 11kg. Modelo de referência (Novotest-br TEC-BC-1200) | D22: UNIDADE | E22: ='LISTA ITENS FINAL'!F22 -> 3 | F22: 4505 | G22: 3781.9 | H22: 5754.1 | S22: =AVERAGE(F22,G22,H22,I22,J22,K22,M22,O22,Q22) -> 4680.3333 | T22: =S22*E22 -> 14041
A23: 21 | B23: 230171 | C23: Bomba Centrífuga Magnética para alimentos, resistente a líquidos quentes, acabamento sanitário. Cabeça em polisulfona ou inox. Rotor em polisulfona / inox; O-ring de silicone e arruela de encosto de Teflon. Conexões: Entrada (rosca fêmea 1") e Saída (rosca macho 1/2"). Fluxo Máximo: 64,35 L/min. Altura de bombeamento: Máx. 8,2 m. Tensão 230 VAC. Temperatura de operação: Máx. 121°C (250F). Diâmetro interno do tubo de saída: 11mm. Potência do Motor: 1/8 HP. Frequência: 50/60 Hz. Pressão: 0,8 bar. RPM: 3500. Motor: 1,4 ampéres. Motor e bomba: 2,0 ampéres. Com rolamentos selados (não necessita óleo). Com conexão elétrica completa no padrão brasileiro de 3 pinos. Cabo de força com dupla isolação e plugue de três pinos, dois fases e uma terra, atendendo à norma ABNT NBR 14136. | D23: UNIDADE | E23: ='LISTA ITENS FINAL'!F23 -> 2 | F23: 1808.49 | G23: 1416.29 | H23: 1097.77 | I23: 1358 | S23: =AVERAGE(F23,G23,H23,I23,J23,K23,M23,O23,Q23) -> 1420.1375 | T23: =S23*E23 -> 2840.275
A24: 22 | B24: 636891 | C24: Bomba de vácuo de duplo estágio com vazão de 5,5 CFM (155 L/min) e vácuo nominal de 0,015 mmHg (15 mícrons). Deve possuir motor com proteção térmica, tensão de trabalho de 220 V, válvula de gás ballast para proteção do óleo e válvula solenoide integrada para prevenir o refluxo em caso de queda de energia. Deve apresentar construção robusta com visor de nível de óleo, conexões padrão (1/4" e 3/8" SAE), alça para transporte e acompanhar óleo lubrificante específico. Garantia mínima de 1 ano. Entrega na instituição. | D24: UNIDADE | E24: ='LISTA ITENS FINAL'!F24 -> 6 | F24: 2125.98 | G24: 1188 | K24: 15477 | L24: FOR 14 | M24: 2350 | N24: FOR 27 | S24: =AVERAGE(F24,G24,H24,I24,J24,K24,M24,O24,Q24) -> 5285.245 | T24: =S24*E24 -> 31711.47
A25: 23 | B25: 631619 | C25: Bomba de vácuo isenta de óleo , Sistema de diafragma acionados por pistão, sem necessidade de lubrificantes, colocação de óleo, e sem poluição no ambiente de trabalho por vaporização de óleo no ar; Motor direto sem transmissão ou correia adicional, com auto-resfriamento permitindo funcionamento ininterrupto; Motor com proteção térmica caso haja superaquecimento com desligamento automático e reiniciá-lo após o resfriamento do mesmo; Nível de ruído 50 dB; Frasco ( reservatório ) com filtro, Vacuômetro indicador de 0 a 760 mmHg / 0 a 100 KPa; Potência do motor: 1/6 HP / 80 W / 0.4 A; Vazão: 37 litros / minuto; Vácuo máximo: +/- 670 mmHg; Rotação do motor: +/- 1.500 rpm; Peso: 5.2 Kg; Voltagem 220V / 50 - 60 Hz. | D25: UNIDADE | E25: ='LISTA ITENS FINAL'!F25 -> 10 | F25: 2780 | G25: 2757 | H25: 1869.98 | K25: 13231 | L25: FOR 14 | M25: 5750 | N25: FOR 27 | O25: 13600 | P25: FOR 35 | S25: =AVERAGE(F25,G25,H25,I25,J25,K25,M25,O25,Q25) -> 6664.6633 | T25: =S25*E25 -> 66646.633
A26: 24 | B26: 273929 | C26: Bomba Peristáltica VAZAO 1,2 A 6 LITROS/HORA, autoescorvante. Variação de velocidade de 20 a 100%; circuito microprocessado; display digital; alimentação padrão: 230Vac 50/60Hz; sucção até 650 mHg; bombeamento de 12 mca ou 100 mts na horizontal de acordo com a bitola da mangueira peristáltica (bitola com diâmetro de 6,4mm); rotação: 14 RPM; vazão regulável eletronicamente por controle digital de rotação entre 1,2 e 6,0 l/h. Contra pressão máxima 1,2 bar. O sistema de bombeamento deve ser composto por: cabeçote polipropileno H301; tampa transparente confeccionada em policarbonato; roletes de nailon ou poliacetal com conexão para mangueira de nylon, PVC (para cloro), teflon (para ácidos e/ou solventes) ou inox AISI 304 (para autoclave); mangueiras peristálticas de silicone, santoprene, norprene ou fluran. Gabinete confeccionado em plástico ABS vedado com perfil de borracha; motor de 24 Vcc, imã permanente 2 polos. Deve ser entregue na instituição com os seguintes itens para instalação: 2 parafusos de fenda 4,8x25mm; 2 buchas de 6mm; 2 arruelas; 4 metros de mangueira para sucção e recalque; mangueira de pvc cristal siliconado; pescador de produto em PVC azul. Deve apresentar manual de instruções e cabo de força com dupla isolação e plugue de três pinos, dois fases e uma terra, atendendo à norma ABNT NBR 14136. | D26: UNIDADE | E26: ='LISTA ITENS FINAL'!F26 -> 2 | F26: 4572.19 | G26: 1790 | H26: 2150 | S26: =AVERAGE(F26,G26,H26,I26,J26,K26,M26,O26,Q26) -> 2837.3967 | T26: =S26*E26 -> 5674.7933
A27: 25 | B27: 414025 | C27: Bureta automática digital: Volume: 0-50 ml; Modo Dosagem: Volume Max. 50 mL; Modo Titulação: Até 99 mL; Inexatidão: ±0,03ml; Imprecisão: ≤0,01 ml; Coeficiente de Variação (Repetibilidade): ≤ 0,07%; Display digital com tela giratória em 360°; Bloco de Válvulas autoclavavél; Adaptadores para frasco; Fabricado em material resistente a produtos químicos; Alimentação: Bateria recarregável de longa duração + carregador bivolt. | D27: UNIDADE | E27: ='LISTA ITENS FINAL'!F27 -> 4 | F27: 6996 | G27: 8699 | H27: 11945.5 | K27: 9198.57 | L27: FOR 24 | M27: 11096.97 | N27: FOR 25 | O27: 15699 | P27: FOR 14 | S27: =AVERAGE(F27,G27,H27,I27,J27,K27,M27,O27,Q27) -> 10605.84 | T27: =S27*E27 -> 42423.36
A28: 26 | B28: 422634 | C28: Caixas entomológicas: Dimensões aproximadas: 33 cm x 25 cm x 6,5 cm (com tolerância de + ou - 3 cm nas dimensões externas). Material da Estrutura: Madeira maciça tratada ou MDF. Formato/Estilo: Caixa de madeira ou MDF com tampa de vidro. | D28: UNIDADE | E28: ='LISTA ITENS FINAL'!F28 -> 3 | F28: 224.73 | G28: 108.9 | H28: 165 | K28: 250 | L28: FOR 32 | S28: =AVERAGE(F28,G28,H28,I28,J28,K28,M28,O28,Q28) -> 187.1575 | T28: =S28*E28 -> 561.4725
A29: 27 | B29: 627348 | C29: Câmara Escura Com Duas Lâmpadas UV 254/365nm - Gabinete de Observação/Câmara Escura com visor de proteção Ultravioleta e aberturas laterais. Suporte para lâmpadas UV e UV/Bactericida – Lâmpada UV para Fluorescência. 254/365nm (p/Cromatografia e Microb.) c/Visor Proteção Uv. Garantia de um ano. Medidor Laboratório; Tipo: Câmara Escura; Uso:Exposição Controlada À Luz Ultravioleta;Aplicação: Análises Controlada À Luz Ultravioleta; Características Adicionais:Com Duas Lâmpadas Uv 254/365nm; Material Básico: Aço 1020 | D29: UNIDADE | E29: ='LISTA ITENS FINAL'!F29 -> 4 | F29: 1075 | G29: 1796.27 | H29: 1249.5 | I29: 1257.3 | K29: 4230 | L29: FOR 35 | S29: =AVERAGE(F29,G29,H29,I29,J29,K29,M29,O29,Q29) -> 1921.614 | T29: =S29*E29 -> 7686.456
A30: 28 | B30: 256999 | C30: Câmara germinadora com fotoperíodo, alternância de temperatura e controle de umidade , com capacidade de 342 lítros. ESPECIFICAÇÕES TÉCNICAS DETALHADAS: O equipamento deverá ser novo, sem uso prévio, com tecnologia atualizada e atender integralmente aos seguintes requisitos mínimos de desempenho e construção:Capacidade Volumétrica: Volume interno útil nominal de, no mínimo, 342 litros. Controle de Fotoperíodo (Iluminação): Sistema de iluminação interna por lâmpadas (preferencialmente LED de alta eficiência ou fluorescentes adequadas para crescimento vegetal) com programação automática de fotoperíodo via controlador digital, simulando ciclos de dia e noite .Alternância de Temperatura (Ciclagem): Sistema capaz de operar com alternância automática de temperatura (programação de regimes térmicos distintos para os períodos de luz e escuro, ou simulando rampas e patamares).Controle de Umidade: Sistema de controle e injeção de umidade ativa ou passiva controlada, garantindo homogeneidade em toda a câmara interna, ideal para ensaios de germinação e estabilidade. Painel e Controlador Digital: Controlador microprocessado digital com tela de fácil visualização. Deve permitir a programação digital de temperatura, umidade, tempo e fotoperíodo, além de alarmes de segurança para desvios de parâmetros (altas e baixas temperaturas).Gabinete e Construção:Estrutura externa robusta com tratamento anticorrosivo e pintura epóxi de alta resistência .Câmara interna revestida em material de fácil higienização (como aço inoxidável ou polímeros de alta resistência).Isolamento térmico de alta eficiência para menor consumo de energia e estabilidade interna. Prateleiras internas aramadas, reguláveis e removíveis.Tensão de Alimentação: Operação nativa em 220 V (especificar frequência de 50/60 Hz). ACESSÓRIOS E COMPONENTES INCLUSOS: Conjunto completo de prateleiras internas compatíveis com o volume do equipamento. Sistema de reservatório ou conexão para abastecimento de água (conforme projeto do fabricante para controle de umidade). Manual de operação e instruções técnicas em língua portuguesa. REQUISITOS DE GARANTIA E CONFORMIDADE: Garantia Técnica: Período mínimo de 12 (doze) meses contra defeitos de fabricação, vigentes a partir do recebimento definitivo do bem. Assistência Técnica: Rede de assistência técnica autorizada ou própria estabelecida no país, com capacidade de fornecimento de peças originais. | D30: Unidade | E30: ='LISTA ITENS FINAL'!F30 -> 2 | F30: 12793.7 | G30: 7715.4 | K30: 35600 | L30: FOR 35 | M30: 16400 | N30: FOR 43 | S30: =AVERAGE(F30,G30,H30,I30,J30,K30,M30,O30,Q30) -> 18127.275 | T30: =S30*E30 -> 36254.55
A31: 29 | B31: 434476 | C31: Capela de exaustão. Capela de Exaustão de Gases Grande. Carcaça: Estrutura em fibra de vidro, dutos para exaustão (recomenda-se tubo em PVC rígido com 100mm). Janela em acrílico 4mm transparente, desloca-se em forma de guilhotina parando em qualquer altura. Exaustor Tipo centrífugo, carcaça em fibra de vidro, ventoinha em polipropileno, prolongador do eixo do motor em polipropileno. Exaustão: 60 m3/Min. Fornecido com motor de 1/2 HP, com interruptor independente. Medidas L: 1120 X P: 650 X A: 1100 mm. Dimensões Externas: Largura 1.120 mm, Profundidade 650 mm, Altura 1.100 mm. Luminária: Com lâmpada de tungstênio 40W. Iluminação interna isolada. Interruptor independente. Alimentação 220 V. | D31: UNIDADE | E31: ='LISTA ITENS FINAL'!F31 -> 12 | F31: 8366 | G31: 7313.67 | H31: 5044.5 | I31: 4990 | K31: 39586.41 | L31: FOR 16 | M31: 7167.45 | N31: FOR 25 | O31: 31125 | P31: FOR 27 | S31: =AVERAGE(F31,G31,H31,I31,J31,K31,M31,O31,Q31) -> 14799.004 | T31: =S31*E31 -> 177588.05
A32: 30 | B32: 633703 | C32: Capela de fluxo laminar: O equipamento deve atender as normas técnicas: ABNT – NBR 13.700, ABNT – NBR 15.767 e ISO 14.644-1 Classe 5; Dimensões aproximadas: 100x65x54 cm; Porta frontal tipo guilhotina; Filtro HEPA; Lâmpada UV; Capacidade de exaustão: +/- 600 m³/h; Iluminação em LED; Estrutura com tratamento antibactericida; Voltagem 220v ou bivolt. | D32: UNIDADE | E32: ='LISTA ITENS FINAL'!F32 -> 2 | F32: 9700 | G32: 6871.82 | K32: 22089.29 | L32: FOR 16 | M32: 7084.35 | N32: FOR 24 | S32: =AVERAGE(F32,G32,H32,I32,J32,K32,M32,O32,Q32) -> 11436.365 | T32: =S32*E32 -> 22872.73
A33: 31 | B33: 636770 | C33: Carrinho fechado para ferramentas, confeccionado em chapa de aço, com acabamento em pintura eletrostática, epóxi ou tratamento equivalente resistente à corrosão e ao uso em oficina. Deve possuir 7 gavetas, com corrediças telescópicas ou sistema de rolamento que permita abertura total das gavetas, e sistema de travamento centralizado por fechadura com chave, permitindo o bloqueio das gavetas contra acesso não autorizado. Deve possuir puxador ou alça para deslocamento e tampo superior protegido ou confeccionado em material resistente a impactos, óleos e graxas. Equipado com 4 rodízios de alta resistência, sendo 2 fixos e 2 giratórios, com sistema de freio em pelo menos um dos rodízios giratórios. Capacidade de carga estática mínima de 400 kg e capacidade mínima de 20 kg por gaveta. Dimensões externas entre 900 e 1.050 mm de altura, 700 e 950 mm de largura e 440 e 500 mm de profundidade. | D33: UNIDADE | E33: ='LISTA ITENS FINAL'!F33 -> 12 | F33: 5200 | G33: 4949.9 | H33: 5555.44 | I33: 4858.99 | J33: 5679.99 | S33: =AVERAGE(F33,G33,H33,I33,J33,K33,M33,O33,Q33) -> 5248.864 | T33: =S33*E33 -> 62986.368
A34: 32 | B34: 416622 | C34: Centrífuga digital com rotor velocidade mínima de 4000 RPM – Centrifuga com rotor com capacidade para 12 tubos de 15mL. Com Display LCD e Timer 0 a 99 minutos, Tampa com trava de segurança; Aviso sonoro e abertura automática da tampa após término da centrifugação; Opção de rotores intercambiáveis; Sistema anti-desbalanceamento com mecanismos de trava de velocidade para maior segurança do usuário. Voltagem 220V. | D34: UNIDADE | E34: ='LISTA ITENS FINAL'!F34 -> 4 | F34: 5125 | G34: 5238 | H34: 6149 | S34: =AVERAGE(F34,G34,H34,I34,J34,K34,M34,O34,Q34) -> 5504 | T34: =S34*E34 -> 22016
A35: 33 | B35: 440324 | C35: Chapa Aquecedora Digital: Faixa de temperatura de trabalho: 5ºC acima da temperatura ambiente a 350ºC; Plataforma de Aquecimento (L x C): aproximadamente 35 x 45 cm; Plataforma em aço inoxidável; Gabinete em aço carbono anticorrosivo e pintura eletrostática; Pés emborrachados; Controlador microprocessado digital com indicação da temperatura de processo; Porta fusível de segurança; Resistência blindada de fácil substituição; Voltagem: 220 v ou bivolt. | D35: UNIDADE | E35: ='LISTA ITENS FINAL'!F35 -> 15 | F35: 2638 | G35: 2201.1 | H35: 2218.5 | K35: 5313.61 | L35: FOR 16 | M35: 2622.31 | N35: FOR 24 | O35: 8793 | P35: FOR 14 | S35: =AVERAGE(F35,G35,H35,I35,J35,K35,M35,O35,Q35) -> 3964.42 | T35: =S35*E35 -> 59466.3
A36: 34 | B36: 443713 | C36: Chuveiro Lava Olhos de Emergência: Chuveiro Lava Olhos de Emergência: Em aço galvanizado, com sapata para fixação ao piso, conexões e rosca BSP de 1 polegada; Válvulas de Acionamento: Chuveiro: Válvula de 1 polegada, Lava Olhos: Válvula de ½ polegada e válvula de regulagem de pressão de ½ polegada, ambas confeccionadas em latão com esfera em aço inox; Duchas e Cuba: Duchas (crivos) do chuveiro: Desmontáveis com 28 cm de diâmetro e jato aerado, Cuba do lava olhos: 28 cm de diâmetro, confeccionada em aço inox AISI 304; Acionamento: Chuveiro: Haste triangular de acionamento confeccionada em aço inox AISI 304, Lava Olhos: Alavanca empurre de acionamento confeccionada em aço inox AISI 304; Pintura: Verde padrão segurança, com tinta especial industrial de alta resistência; Em conformidade com a norma Internacional ANSI 1020. | D36: UNIDADE | E36: ='LISTA ITENS FINAL'!F36 -> 4 | F36: 1049.09 | G36: 1250 | H36: 1045.8 | K36: 1250 | L36: FOR 24 | S36: =AVERAGE(F36,G36,H36,I36,J36,K36,M36,O36,Q36) -> 1148.7225 | T36: =S36*E36 -> 4594.89
A37: 35 | B37: 395368 | C37: Cilindro para gás Argônio 5.0 (argônio ultrapuro): Cilindro de gás destinado ao armazenamento de gás Argônio 5.0 ultrapuro, com pureza mínima de 99,999%, capacidade de 50 litros e 10 m³, fabricado em aço sem costura de acordo com as normas técnicas vigentes. Cilindro especial para gases de alta pureza, com tratamento interno e condições adequadas para minimização de contaminação por partículas, umidade e resíduos. Dotado de válvula padrão e capacete de proteção da válvula. Cor de identificação conforme ABNT NBR 12176: marrom. | D37: UNIDADE | E37: ='LISTA ITENS FINAL'!F37 -> 14 | F37: 2552.47 | G37: 2533 | K37: 2350 | L37: FOR 41 | S37: =AVERAGE(F37,G37,H37,I37,J37,K37,M37,O37,Q37) -> 2478.49 | T37: =S37*E37 -> 34698.86
A38: 36 | B38: 309990 | C38: Cilindro para gás nitrogênio (N2): Cilindro de gás destinado ao armazenamento de gás nitrogênio 5.0 ultrapuro, com pureza mínima de 99,999%, capacidade de 50 litros e 10 m³, fabricado em aço sem costura de acordo com as normas técnicas vigentes. Cilindro especial para gases de alta pureza, com tratamento interno e condições adequadas para minimização de contaminação por partículas, umidade e resíduos. Dotado de válvula padrão e capacete de proteção da válvula. Cor de identificação conforme ABNT NBR 12176. | D38: UNIDADE | E38: ='LISTA ITENS FINAL'!F38 -> 6 | F38: 2882.5 | G38: 2533 | H38: 2196 | K38: 2350 | L38: FOR 41 | S38: =AVERAGE(F38,G38,H38,I38,J38,K38,M38,O38,Q38) -> 2490.375 | T38: =S38*E38 -> 14942.25
A39: 37 | B39: 414379 | C39: Cilindro para gás oxigênio (O2): Cilindro de gás destinado ao armazenamento de gás oxigênio 5.0 ultrapuro, com pureza mínima de 99,999%, capacidade de 50 litros e 10 m³, fabricado em aço sem costura de acordo com as normas técnicas vigentes. Cilindro especial para gases de alta pureza, com tratamento interno e condições adequadas para minimização de contaminação por partículas, umidade e resíduos. Dotado de válvula padrão e capacete de proteção da válvula. Cor de identificação conforme ABNT NBR 12176. | D39: UNIDADE | E39: ='LISTA ITENS FINAL'!F39 -> 4 | F39: 2603.45 | G39: 2533 | H39: 2320 | S39: =AVERAGE(F39,G39,H39,I39,J39,K39,M39,O39,Q39) -> 2485.4833 | T39: =S39*E39 -> 9941.9333
A40: 38 | B40: 611943 | C40: Cilindro pneumático linear miniatura, de dupla ação, fabricado em conformidade com as normas ISO 6432 e CETOP RP52P, com diâmetro nominal do êmbolo de 25 mm e curso útil de 125 mm, corpo cilíndrico em tubo de aço inoxidável e cabeçotes em liga de alumínio. A haste deverá ser em aço inoxidável, com rosca externa macho M10 × 1,25 mm, acompanhada de porca de travamento/fixação da haste. O cabeçote dianteiro deverá possuir pescoço roscado M22 × 1,5 mm para fixação em painel ou suporte, acompanhado da respectiva porca sextavada de montagem. O cabeçote traseiro deverá possuir olhal de articulação integrado, com furo passante de 8 mm. O êmbolo deverá possuir anel magnético integrado para acionamento de sensores magnéticos externos destinados à detecção das posições do cilindro. Deverá possuir amortecimento pneumático ajustável de fim de curso em ambas as extremidades. As conexões pneumáticas deverão possuir rosca interna fêmea G 1/8” BSPP. O cilindro deverá ser destinado à operação com ar comprimido filtrado, com faixa de pressão de trabalho de 1 a 10 bar, devendo apresentar dimensões e interfaces mecânicas compatíveis com acessórios, elementos de fixação e suportes destinados a cilindros normalizados conforme ISO 6432. O fornecimento deverá contemplar o cilindro completo, incluindo porca de fixação da haste, porca sextavada de montagem do pescoço, êmbolo com anel magnético integrado e sistema de amortecimento pneumático ajustável em ambas as extremidades. | D40: UNIDADE | E40: ='LISTA ITENS FINAL'!F40 -> 20 | F40: 398.36 | G40: 155.09 | H40: 304.23 | S40: =AVERAGE(F40,G40,H40,I40,J40,K40,M40,O40,Q40) -> 285.89333 | T40: =S40*E40 -> 5717.8667
A41: 39 | B41: 624510 | C41: Colorímetro: Equipamento para medição de cor e absorbância em soluções aquosas. Sistema óptico composto por emissor de luz LED de alta durabilidade e detecção por fotodiodo de silício. Leitura digital em display de cristal líquido (LCD/OLED). Capacidade de armazenamento de curvas de calibração pré-programadas e inserção de curvas pelo usuário. Alimentação via bateria recarregável ou pilhas, com indicador de carga. Acessórios inclusos: Maleta para transporte, conjunto de cubetas ópticas de vidro/quartzo, padrões de verificação/calibração e manual em português | E41: ='LISTA ITENS FINAL'!F41 -> 9 | F41: 4290 | G41: 2919.7 | H41: 6178.28 | I41: 3300 | S41: =AVERAGE(F41,G41,H41,I41,J41,K41,M41,O41,Q41) -> 4171.995 | T41: =S41*E41 -> 37547.955
A42: 40 | B42: 639433 | C42: Condutivímetro de bancada microprocessado. Faixa de medicao: de 0 a 20.000 ou 19.999 uS/cm com selecão automatica, resolucao: 0,01...(0 a 20uS/cm / 0 a 10 ppm); 0,1...(0 a 200 uS/cm / 0 a 100 ppm); 1...(0 a 2000 uS/cm / 0 a 1000 ppm); 0,01... (0 a 20 mS/cm/ 0 a 10000 ppm). Apresenta display digital. Teclado a prova d´água. Acompanha sensores de condutividade e de temperatura, suporte para eletrodo, fonte de alimentação, manual de instruções. Tensão de alimentação 220 volts | D42: UNIDADE | E42: ='LISTA ITENS FINAL'!F42 -> 15 | F42: 2007 | G42: 1287.5 | H42: 2109.48 | I42: 2274.26 | J42: 1257.3 | K42: 7173.38 | L42: FOR 16 | M42: 17914 | N42: FOR 14 | O42: 16250 | P42: FOR 27 | S42: =AVERAGE(F42,G42,H42,I42,J42,K42,M42,O42,Q42) -> 6284.115 | T42: =S42*E42 -> 94261.725
A43: 41 | B43: 629447 | C43: Conjunto de Acessórios "Acerte o Alvo" compatível com o Lançador de Projéteis da Azeheb. 01 unidade de controle; 01 fonte de alimentação 12V/2A; 01 eletroimã para lançamento; 01 cabo para conexão do eletroimã com a unidade de controle; 01 alvo com proteção de borracha; 01 mira laser; 01 sistema de fixação para mira laser; 01 disco para ajuste de mira; 01 cabo para ligação para mira laser; 01 sensor fotoelétrico PGS-D10; 01 cabo para sensor fotoelétrico; O equipamento deve ser 220V ou bivolt. Obs: o laboratório possui o lançador de projéteis da Azeheb. Por isso, o Conjunto de Acessórios "Acerte o Alvo" deve necessariamente ser compatível com a marca Azeheb. | D43: CONJUNTO | E43: ='LISTA ITENS FINAL'!F43 -> 2 | G43: 2039 | H43: 3221 | I43: 3600 | S43: =AVERAGE(F43,G43,H43,I43,J43,K43,M43,O43,Q43) -> 2953.3333 | T43: =S43*E43 -> 5906.6667
A44: 42 | B44: 453434 | C44: Conjunto de Calorimetria e Termometria: – 01 termoscópio; – 01 termômetro -10º C a 110º C; – 01 calorímetro copo interno 200ml de alumínio, e tampa com furo para termômetro; – 01 proveta 100ml; – 01 copo Becker de vidro 250ml; – 01 carretel de linha; – 03 corpos de prova em alumínio; – 03 corpos de prova em ferro; – 01 tela de amianto; – 01 queimador à alcool gel com abafador, tampa e reservatório; – 01 tripé triangular de ferro zincado; - 01 manual detalhado de montagem e procedimentos experimentais | D44: CONJUNTO | E44: ='LISTA ITENS FINAL'!F44 -> 28 | F44: 1164.5 | G44: 1332.38 | H44: 749 | I44: 1105 | K44: 892 | L44: FOR 23 | S44: =AVERAGE(F44,G44,H44,I44,J44,K44,M44,O44,Q44) -> 1048.576 | T44: =S44*E44 -> 29360.128
A45: 43 | B45: 477497 | C45: Conjunto de digestao e destilação KJELDAHL (MICRO): Bloco Microdigestor tipo Kjeldahl com Sistema Neutralizador (Scrubber). Capacidade Operacional: Capacidade para processamento de 42 tubos simultâneos (micro).Estrutura e Materiais: Bloco aquecedor construído em aço inoxidável AISI 304 de alta resistência mecânica e à corrosão. Acompanha grade/suporte (galeria) para sustentação e transporte dos tubos fabricada em alumínio naval ou aço inox, dotada de alças isoladas termicamente para facilidade de manuseio. Desempenho Térmico: Capacidade de atingir e estabilizar temperatura operacional máxima na faixa de 400°C a 450°C. Unidade de Controle: Controlador eletrônico microprocessado digital de temperatura com display (LCD ou LED), operando com algoritmo PID e sensibilidade de ajuste de ± 1°C. Sistema Lavador/Neutralizador de Gases (Scrubber): Incluso obrigatoriamente no kit um módulo exaustor neutralizador de gases e vapores ácidos gerados no processo de digestão, operando por recirculação/lavagem. Vidraria Inclusa: Acompanha lote inicial de 42 tubos de ensaio de alta resistência térmica em vidro borossilicato tipo Kjeldahl, com dimensões de 25 mm de diâmetro x 250 mm de altura, dotados de orla reforçada. Alimentação Elétrica e Potência: Potência nominal mínima de 2000 W. Tensão de operação bivolt ou 220 V (50/60 Hz). Cabo de alimentação longo dotado de plugue injetado trifásico em conformidade com a norma ABNT NBR 14136.Destilador de Nitrogênio e Proteína por Arraste de Vapor Finalidade Analítica: Desenvolvido para destilações de nitrogênio total, nitrogênio amoniacal, análise de proteínas pelo princípio Kjeldahl e determinação de bases voláteis totais (BVT).Princípio de Funcionamento: Destilação rápida por arraste de vapor d'água. Controle e Painel: Controlador eletrônico linear de potência de aquecimento com escala ajustável de 0 a 100%. Painel dotado de indicadores visuais em LED para sinalização de aquecimento ativo e nível de preenchimento de caldeira, além de botão mecânico/eletrônico para enchimento manual da caldeira. Sinalização e Visores: Visor frontal em acrílico ou vidro para verificação direta do nível de água da caldeira, equipado com iluminação interna integrada em LED. Caldeira Integrada: Caldeira interna geradora de vapor construída em vidro borossilicato de alta resistência, com volume mínimo de 2 litros e sistema de abastecimento/enchimento automático de água. Sistema de Refrigeração: Condensador de alta eficiência projetado para resfriamento contínuo através de circulação de água corrente (suportando opcionalmente o uso de fluxo de água resfriada via chiller).Conjunto de Vidrarias: Fabricado integralmente em vidro borossilicato, composto por conjunto de bolas de Kjeldahl (deflegmador), condensador vertical e copo dosador dotado de válvula stop-flow para adição segura de solução de Hidróxido de Sódio (NaOH). Fixação e Ergonomia: Sistema de fixação mecânica do tubo de digestão/destilação por meio de suporte elevatório de acionamento rápido. O fornecedor deve entregar 01 (um) sistema de fixação elevatório reserva junto ao equipamento principal. Segurança Operacional: Dotado de escudo/protetor frontal transparente contra respingos e quebras acidentais de vidraria, fabricado em acrílico de alta resistência.Gabinete: Estrutura externa (chassi) construída integralmente em chapas de aço inoxidável AISI 304, montado sobre pés niveladores de borracha antivibração.Intercambiabilidade de Amostras: Mecânica do equipamento projetada de forma híbrida, sendo perfeitamente capaz de acoplar e vedar tubos do tipo macro (diâmetro de 50 mm x 250 mm de altura) ou tubos do tipo micro (diâmetro de 25 mm x 250 mm de altura).Conectividade Elétrica: Cabo de alimentação com plugue em conformidade com a norma ABNT NBR 14136 | D45: Conj. | E45: ='LISTA ITENS FINAL'!F45 -> 2 | G45: 31707.12 | M45: 38700 | N45: FOR 35 | O45: 40000 | P45: FOR 43 | S45: =AVERAGE(F45,G45,H45,I45,J45,K45,M45,O45,Q45) -> 36802.373 | T45: =S45*E45 -> 73604.747
A46: 44 | B46: 639016 | C46: Conjunto de Eletricidade Avançado Tipo material didático, componentes conjunto de módulos para proteções elétricas, finalidade aulas práticas eletricidade e eletrônica. conjunto composto por no mínimo: – 01 Fonte de alimentação alternada 6V + 6V / 1A com fusível de proteção. Montada em gabinete metálico com bornes de saída, chave liga/desliga e cabe de energia. – 03 Pinos bananas para conexão. – 05 Resistores de 100kohms/0,25W. – 05 Resistores de 15kohms/0,25W. – 05 Resistores de 1,2kohms/0,25W – 05 Resistores de 47ohms/0,25W. – 05 Resistores de 200ohms/0,25W. – 01 Fonte de alimentação contínua chaveada de 6V/1A. – 02 Knob passante M5 – 03 Pares de cabos de ligação preto/vermelho com conector banana / banana. – 01 Matriz de contatos com 24 ilhas com cinco pontos de conexão cada ilha, identificação das conexões serigrafadas. – 01 Módulo transparente com resistor interno de 47ohms / 0,25W com dois pinos bananas de conexão tipo pétala. – 01 Módulo transparente com resistor interno de 100ohms / 0,25W com dois pinos bananas de conexão tipo pétala. – 01 Módulo transparente com resistor interno de 2kohms / 0,25W com dois pinos bananas de conexão tipo pétala. – 01 Módulo transparente com resistor interno de 200ohms / 0,25W com dois pinos bananas de conexão tipo pétala. – 02 Módulos transparentes com capacitor eletrolítico interno de 100µF / 16V com dois pinos bananas de conexão tipo pétala. – 01 Módulo transparente com capacitor eletrolítico interno de 220µF / 16V com dois pinos bananas de conexão tipo pétala. – 01 Módulo transparente com soquete e lâmpada de 1,5W/6V com dois pinos bananas de conexão tipo pétala. – 01 Módulo transparente diodo led vermelho. – 01 Módulo transparente diodo led azul. – 01 Módulo transparente com soquete e lâmpada de 2W/6V com dois pinos bananas de conexão tipo pétala. – 08 Módulos transparentes com curto-circuito com dois pinos bananas de conexão tipo pétala. – 01 Módulo transparente com soquete e lâmpada de 3W/6V com dois pinos bananas de conexão tipo pétala. – 01 Módulo transparente com chave liga/desliga com dois pinos bananas de conexão tipo pétala. – 01 Módulo transparente com conector P4 fêmea para ligar a fonte de alimentação com dois pinos bananas de conexão tipo pétala. – 01 Módulo divisor de tensão composto de um potenciômetro de 3W, montado em caixa metálica com knob girante com 2 pinos banana, conector P4 fêmea. – 01 Módulo transparente com resistor interno de 560kohms / 0,25W com dois pinos bananas de conexão tipo pétala. – 01 Módulo transparente com capacitor cerâmico interno de 47nF com dois pinos bananas de conexão tipo pétala. – 01 Módulo transparente com capacitor cerâmico interno de 100nF com dois pinos bananas de conexão tipo pétala. – 01 Módulo transparente com capacitor cerâmico interno de 220nF com dois pinos bananas de conexão tipo pétala. – 01 Módulo transparente com indutor interno de 100uH com dois pinos bananas de conexão tipo pétala. – 01 Módulo transparente com indutor interno de 220uH com dois pinos bananas de conexão tipo pétala. – 01 Módulo transparente com indutor interno de 330uH com dois pinos bananas de conexão tipo pétala. – 04 Módulo transparente com diodo 1N4007 com dois pinos bananas de conexão tipo pétala. – 01 Bobina de 200 espiras. Enrolada com fio de cobre esmaltado em carretel plástico (CxLxA) 65x45x40mm com orifício central quadrado 19x19mm para colocação em núcleo laminado e pinos banana para conexão com a matriz de contato. – 01 Bobina de 400 espiras. Enrolada com fio de cobre esmaltado em carretel plástico (CxLxA) 65x45x40mm com orifício central quadrado 19x19mm para colocação em núcleo laminado e pinos banana para conexão com a matriz de contato. – 01 Bobina de 600 espiras. Enrolada com fio de cobre esmaltado em carretel plástico (CxLxA) 65x45x40mm com orifício central quadrado 19x19mm para colocação em núcleo laminado e pinos banana para conexão com a matriz de contato. – 02 Suportes, para trabalhos na vertical, com encaixe da matriz – 01 Núcleo laminado em aço silício em formato C em duas partes (CxLxE) 40x68x19mm para montagem de transformadores. – 01 Fuso em inox M5x100 para núcleo laminado. – 01 Fuso em inox M5x100 para núcleo laminado. – manual de montagens e experimentos. | D46: CONJUNTO | E46: ='LISTA ITENS FINAL'!F46 -> 7 | G46: 5339 | H46: 2942.5 | K46: 3385 | L46: FOR 23 | S46: =AVERAGE(F46,G46,H46,I46,J46,K46,M46,O46,Q46) -> 3888.8333 | T46: =S46*E46 -> 27221.833
A47: 45 | B47: 639016 | C47: Conjunto de Hidrostática: – 01 tripé tipo estrela; – 01 haste fêmea com 405mm; – 01 haste macho com 405mm; – 01 dinamômetro tubular de 1N e precisão 0,01N; – 04 corpos de prova em alumínio (paralelepípedo) com 6cm, 5cm, 4cm e 3cm; – 01 corpo de prova de latão (cilindro) 6cm; – 01 corpo de prova de alumínio (cilindro) 6cm; – 01 duplo cilindro de Arquimedes; – 01 seringa de plástico 40ml; – 01 fixador metálico com manipulo e haste de 13cm; – 01 painel em U 75x400mm; – 01 par de Magdeburgo Ø11cm; – 01 mangueira látex 60cm; – 01 densímetro 0,700 a 1,000; – 01 becker 250ml; – 01 proveta de 250ml; – 01 aparelho para vasos comunicantes com 4 tubos; – 01 jogo com 3 sondas de imersão 30cm; – 01 aparelho para propagação da pressão com 3 tubos; – manual de montagens e experimentos. | D47: CONJUNTO | E47: ='LISTA ITENS FINAL'!F47 -> 7 | G47: 2339 | H47: 3562 | K47: 1870 | L47: FOR 23 | S47: =AVERAGE(F47,G47,H47,I47,J47,K47,M47,O47,Q47) -> 2590.3333 | T47: =S47*E47 -> 18132.333
A48: 46 | B48: 632244 | C48: Conjunto de Magnetismo e Eletromagnetismo, modular, desmontável, para aulas práticas, composto por no mínimo: – 04 imãs cilíndricos ~Ø17x8mm; – 04 imãs anel com pólos identificados ~Ø23mmx5mm; – 01 suporte para amortecedor magnético; – 05 imãs anel com pólos identificados ~Ø40 x 7mm; – 06 imãs em barra ~25x13x4mm; – 01 barra de ferro ~Ø12,7x82mm; – 01 barra de alumínio ~Ø12,7x82mm; – 01 barra de cobre ~Ø12,7x82mm; – 01 bússola; – 01 suporte para bússola didática; – 01 montagem Oersted com 3 bornes; – 02 agulhas magnéticas; – 01 base de acrílico para força magnética ~170x130mm; – 02 hastes com apoios; – 01 bobina para motor elétrico de corrente contínua; – 01 balanço de latão ~70x155mm; – 01 imã “U” com suporte metálico; – 01 frasco de limalha de ferro 25g; – 01 bobina conjugada de 200-400-600 espiras; – 01 imã cilíndrico emborrachado com cabo; – 01 placa de acrílico com pés de borracha; – 01 galvanômetro didático -2mA à +2mA; – 01 par de cabos de ligação de 0,5m banana/banana; – 01 circuito-fonte DC 17x13cm com: 02 soquetes para uma pilha; 02 bornes para ligação; 01 chave de 3 posições; – 02 pilhas grandes; – 01 bobina com 22 espiras, Ø60mm, base de acrílico; – 01 solenoide de 03 bobinas de 22 espiras em base de acrílico; – 01 rosa dos ventos; – 01 imã em barra de alnico ~Ø4x50mm; – O equipamento deve ser 220V ou bivolt. – 01 manual de montagens e experimentos. | D48: CONJUNTO | E48: ='LISTA ITENS FINAL'!F48 -> 14 | G48: 3299 | H48: 4912 | K48: 4180 | L48: FOR 23 | S48: =AVERAGE(F48,G48,H48,I48,J48,K48,M48,O48,Q48) -> 4130.3333 | T48: =S48*E48 -> 57824.667
A49: 47 | B49: 639028 | C49: Conjunto para Estudos de Movimento Retílineo (MRU e MRUV): * Cronômetro Digital Microcontrolado com as seguintes características: – 01 display LDC 2×16 com backlight; – resolução 0,000001s (1µs); – 5 entradas digitais para conexão de até 5 sensores fotoelétricos PGS-D10; – conexão de saída polarizada para bobina com 8,5V / 1,5A – memória para armazenamento das medidas de cada função; – botão de liga/desliga; – botão para retenção momentânea e disparo da bobina; – proteção contra curto-circuito; – alimentação com fonte chaveada entrada 110/220V com saída de baixa tensão de 12V/2A com conexão com plugue NBR 14136; – painel de policarbonato com visor protetor do LCD transparente e teclas tipo táctil; – montado em gabinete metálico; – sistema de detecção e teste dos sensores; – conexão USB e software para coleta de dados; – Três funções: F1 [medição do intervalo de tempo entre os sensores, bobina e sensores e chave e sensores, setup para escolha no número de sensores que serão utilizados no experimento]; F2 [medição de tempo de interrupção de 1 sensor ou dois sensores ou medição de tempo entre sensores]; F3 [medição de tempo por número de interrupções do sensor com configuração do número de interrupções, para medição de período de pêndulos ou movimentos circulares]; * 01 trilho com elevação de 10cm montado sobre base metálica com guia para sensores; * 02 sensores fotoelétricos em gabinete de plástico; * 01 cronômetro digital multifunções como descrito acima; * 01 fonte de alimentação 12V/2A * 01 eletroímã com dois bornes; * 01 esfera de metal Ø25mm; * 01 cabo de ligação para eletroimã 1,5m; * 02 cabos de conexão para sensores; * 02 manípulos cabeça de plástico M6X30; * 02 espassadores de alumínio; * 02 porcas de metal de fixação para sensores; * 01 manípulo de cabeça de plástico M5X15; * 01 knob passante M5; – manual de montagens e experimentos. | D49: CONJUNTO | E49: ='LISTA ITENS FINAL'!F49 -> 7 | G49: 2939 | H49: 4643 | K49: 3489 | L49: FOR 23 | S49: =AVERAGE(F49,G49,H49,I49,J49,K49,M49,O49,Q49) -> 3690.3333 | T49: =S49*E49 -> 25832.333
A50: 48 | B50: 629614 | C50: Controlador Lógico Programável Compacto (CLP): com tensão de alimentação de 12/24 V CC (faixa de operação de 10,8 V a 28,8 V CC), mínimo de 8 (oito) entradas digitais — das quais ao menos 4 (quatro) utilizáveis como entradas analógicas na faixa de 0 a 10 V —, mínimo de 4 (quatro) saídas digitais do tipo relé, display integrado ao módulo base, interface Ethernet integrada (RJ-45), servidor web integrado com suporte a páginas definidas pelo usuário, suporte nativo ao protocolo MQTT e conexão nativa a serviços de nuvem (cloud) sem necessidade de módulo ou gateway adicional, registro de dados (data log) integrado, suporte a cartão microSD padrão para armazenamento e transferência de programas, capacidade de memória de programa de no mínimo 400 (quatrocentos) blocos de função, arquitetura expansível modularmente para até 24 entradas digitais, 20 saídas digitais, 8 entradas analógicas e 8 saídas analógicas mediante módulos de expansão do mesmo fabricante, capacidade de comunicação em rede com até 8 (oito) controladores do mesmo tipo e com controladores programáveis de médio e grande porte do mesmo fabricante utilizando protocolo de comunicação proprietário nativo, sem necessidade de conversores ou gateways adicionais, grau de proteção mínimo IP20, montagem em trilho DIN de 35 mm, largura máxima de 72 mm, temperatura de operação de 0 °C a 55 °C e temperatura de armazenamento de -40 °C a 70 °C; cada unidade fornecida deverá vir obrigatoriamente acompanhada de, no mínimo, 1 (uma) licença de uso original, definitiva e sem limitação de prazo de software de programação e engenharia do mesmo fabricante do equipamento, compatível com o equipamento fornecido, com as seguintes características mínimas: - programação por blocos de função gráficos (FBD) com no mínimo 40 (quarenta) tipos de blocos distintos; - suporte à linguagem de programação Ladder (diagrama de contatos), conforme norma IEC 61131-3; - suporte a programação em modo rede, com exibição simultânea de múltiplos controladores; - simulação completa do programa antes da transferência ao equipamento; - transferência de programa entre computador e controlador via Ethernet; - suporte nativo à configuração e monitoramento de conexões MQTT diretamente pelo software; - funções de diagnóstico e monitoramento online; - criação de documentação e impressão de programas; - compatibilidade com os sistemas operacionais Windows 10 e Windows 11 (64 bits); - compatibilidade retroativa com projetos desenvolvidos em versões anteriores do mesmo software; - licença perpétua, incluindo todos os arquivos, códigos, chaves ou credenciais necessários à instalação e ativação; Não serão aceitas versões de demonstração, avaliação, temporárias ou com funcionalidades limitadas, tampouco versões do software anteriores à última geração em janeiro de 2026 do fabricante do equipamento , nem software de fabricante distinto do equipamento fornecido. Equipamento de referência: Controlador Lógico Programável LOGO! 8.4, modelo LOGO! 12/24RCE, código 6ED1052-1MD08-0BA2, fabricante Siemens, acompanhado de licença do software LOGO! Soft Comfort V9 — 6ED1058-0BA08-0YA3, ou produto equivalente que atenda integralmente às especificações acima. | D50: UNIDADE | E50: ='LISTA ITENS FINAL'!F50 -> 15 | F50: 2550 | G50: 2119.94 | H50: 37062.6 | S50: =AVERAGE(F50,G50,H50,I50,J50,K50,M50,O50,Q50) -> 13910.847 | T50: =S50*E50 -> 208662.7
A51: 49 | B51: 622764 | C51: Cortadora metalográfica de precisão com sistema de corte linear automático e/ou manual. Motor elétrico com potência mínima de 0,75 HP (ou 500W a 950W) e velocidade variável programável de no mínimo 300 a 3000 RPM (ou superior), selecionável via painel de comando digital (LCD ou Touchscreen) em língua portuguesa. Capacidade máxima de corte de no mínimo 50 mm de diâmetro (perfil redondo), utilizando discos de corte diamantados ou abrasivos de até 7” ou 8” de diâmetro. Sistema de avanço automático motorizado programável e posicionamento de precisão da amostra de no mínimo 0,01 mm (10 µm). Sistema de refrigeração com recirculação de fluido integrado ou acoplado ao equipamento (capacidade mínima de 3 a 4 litros). Botão de parada de emergência e adequação às normas de segurança operacionais (NR12 ). Acompanha conjunto de morsas/suportes de precisão para corpos de prova regulares e irregulares, disco de corte e fluido refrigerante concentrado. | D51: UNIDADE | E51: ='LISTA ITENS FINAL'!F51 -> 3 | K51: 430000 | L51: FOR 40 | M51: 464461.92 | N51: FOR 50 | S51: =AVERAGE(F51,G51,H51,I51,J51,K51,M51,O51,Q51) -> 447230.96 | T51: =S51*E51 -> 1341692.9
A52: 50 | B52: 308740 | C52: Crônometro Digital AZB 30 USB com 5 sensores fotoelétricos PGS-D10, compatível com o Lançador de Projéteis da Azeheb. Cronômetro digital para medição de intervalos de tempo utilizando sensores fotoelétricos. Permite a utilização de até 5 sensores. Possui ainda controle para uma bobina, precisão de 1μs e software para aquisição de dados Especificação Técnica: – 01 display LDC 2×16 com backlight; – resolução 0,000001s (1µs); – 5 entradas digitais para conexão de até 5 sensores fotoelétricos PGS-D10; – conexão de saída polarizada para bobina com 8,5V / 1,5A – memória para armazenamento das medidas de cada função; – botão de liga/desliga; – botão para retenção momentânea e disparo da bobina; – proteção contra curto-circuito; – alimentação com fonte chaveada entrada 110/220V com saída de baixa tensão de 12V/2A com conexão com plugue NBR 14136; – painel de policarbonato com visor protetor do LCD transparente e teclas tipo táctil; – montado em gabinete metálico; – sistema de detecção e teste dos sensores; – conexão USB e software para coleta de dados; – Três funções: F1 [medição do intervalo de tempo entre os sensores, bobina e sensores e chave e sensores, setup para escolha no número de sensores que serão utilizados no experimento]; F2 [medição de tempo de interrupção de 1 sensor ou dois sensores ou medição de tempo entre sensores]; F3 [medição de tempo por número de interrupções do sensor com configuração do número de interrupções, para medição de período de pêndulos ou movimentos circulares]; Imprescindível manual de uso do aparelho. OBS: o laboratório de física possui o lançador de projéteis da Azeheb, por isso, o Crônometro Digital AZB 30 USB com 5 sensores fotoelétricos PGS-D10 deve, necessariamente, ser compatível com a marca Azeheb. Estes acessórios permitem a prática de experimento de lançamento de projéteis, choques e conservação da energia mecânica. | D52: UNIDADE | E52: ='LISTA ITENS FINAL'!F52 -> 2 | F52: 1581.43 | G52: 3005 | K52: 3167.84 | L52: FOR 23 | S52: =AVERAGE(F52,G52,H52,I52,J52,K52,M52,O52,Q52) -> 2584.7567 | T52: =S52*E52 -> 5169.5133
A53: 51 | B53: 618692 | C53: Deionizador de água: Deionizador para produção de água desmineralizada, que remove os sais minerais. Capacidade de produzir 50 litros por hora. O material deve ser construído em PVC rígido ou similar que garante durabilidade e resistência contra corrosão. Entregar junto dois pré-filtros: 1) Pré-filtro de sedimentos para remoção de partículas solidas superiores a 50 microns; 2) Pré-filtro de carvão ativado para remoção de cloro e material orgânico. Deve acompanhar: Mangueira de alimentação; Manual de instruções; Cabo de alimentação dupla isolação e plugue de três pinos, duas fases e um terra, atendendo norma ABNT NBR 14136. | D53: UNIDADE | E53: ='LISTA ITENS FINAL'!F53 -> 8 | F53: 2792 | G53: 2525 | K53: 2415 | L53: FOR 14 | M53: 14181.08 | N53: FOR 16 | O53: 3757.4 | P53: FOR 51 | Q53: 3364.9 | R53: FOR 52 | S53: =AVERAGE(F53,G53,H53,I53,J53,K53,M53,O53,Q53) -> 4839.23 | T53: =S53*E53 -> 38713.84
A54: 52 | B54: 234599 | C54: Desidratadora Industrial: Desidratadora industrial/profissional de alimentos, elétrica, com potência de 400 W e capacidade para 8 bandejas removíveis. Equipada com sistema de aquecimento e circulação de ar quente, ventilação forçada e controle de temperatura ajustável. Estrutura resistente e de fácil higienização. Adequada para desidratação de frutas, legumes, verduras, ervas, carnes e demais alimentos. | D54: UNIDADE | E54: ='LISTA ITENS FINAL'!F54 -> 3 | F54: 3632.31 | G54: 6363.34 | H54: 5874.75 | S54: =AVERAGE(F54,G54,H54,I54,J54,K54,M54,O54,Q54) -> 5290.1333 | T54: =S54*E54 -> 15870.4
A55: 53 | B55: 604057 | C55: Destilador a vapor tipo Clevenger: O conjunto é composto por 1 (um) aparelho de Clevenger, extrator/coletor de óleos essenciais, em vidro borossilicato; 1 (uma) manta aquecedora, com capacidade de 2 L, tensão de 220 V, com regulador de potência; 1 (um) balão de fundo redondo, com capacidade de 2 L, boca única, com junta 24/40; 1 (um) suporte universal (haste) para bancada de laboratório; 1 (uma) garra tipo condensador (três dedos) com mufa; e 5 (cinco) metros de mangueira de silicone, para uso laboratorial, com diâmetro compatível com os bicos do condensador. | D55: UNIDADE | E55: ='LISTA ITENS FINAL'!F55 -> 8 | F55: 1699 | G55: 1350 | H55: 1600 | S55: =AVERAGE(F55,G55,H55,I55,J55,K55,M55,O55,Q55) -> 1549.6667 | T55: =S55*E55 -> 12397.333
A56: 54 | B56: 441546 | C56: Destilador de água: Modelo: Destilador de Água Tipo Pilsen; Rendimento: 10 litros; Potência: 7000 watts; GABINETE: Chapa de aço carbono SAE 1020 com tratamento anticorrosivo; Suporte de fixação na parede; * Coletor de vapores e partes que entram em contato com a água já destilada em aço inox e materiais inertes; Fácil Instalação; Consumo: 10X maior que o rendimento; Pureza da água destilada: abaixo de 4 uS, com entrada até 300 uS; Condutividade: até 3,5 uS/cm com entrada 310 uS/cm; Controle Elétrico: Chave liga/desliga; Indicador de Acionamento: Lâmpada piloto; Cabo de Alimentação: sem plug; Sistema de Aquecimento: Resistência tubular blindada em aço inox 304; Tubo de destilação, tampa e caldeira em aço inox 304; Sensor de Nível: Eletrônico com desligamento automático em caso de falta de água; Caldeira: Aço inox 304 sem soldas ou emendas; Pressão: 10mCa ~ 30mCa; Alimentação: 220V (monofásico ou bifásico). | D56: UNIDADE | E56: ='LISTA ITENS FINAL'!F56 -> 8 | F56: 3297.96 | G56: 2501.25 | K56: 3314.92 | L56: FOR 24 | M56: 9159 | N56: FOR 14 | O56: 5950 | P56: FOR 35 | Q56: 10900 | R56: FOR 43 | S56: =AVERAGE(F56,G56,H56,I56,J56,K56,M56,O56,Q56) -> 5853.855 | T56: =S56*E56 -> 46830.84
A57: 55 | B57: 606420 | C57: Detector de Gás Multigá Portátil para 02, H2S, CO e LEL. Faixa de temperatura de operação: -20°C a +50°C. bateria íons de lítio. Alarme Audível, Visual, Vibratório. Carregador/fonte de alimentação, Adaptador de carregamento. | D57: UNIDADE | E57: ='LISTA ITENS FINAL'!F57 -> 5 | F57: 1812.1 | G57: 1189.89 | H57: 2500 | S57: =AVERAGE(F57,G57,H57,I57,J57,K57,M57,O57,Q57) -> 1833.9967 | T57: =S57*E57 -> 9169.9833
A58: 56 | B58: 632266 | C58: Dinamômetro de plástico 0,2N / 20G (KIT com no mínimo 5 unidades): Codificação cromática em cápsula de plástico transparente com escala de fácil leitura. Proteção contra o alongamento excessivo e possibilidade de ajuste do zero e medição em qualquer direção. Tamanho (CxØ) 260x17mm. Exatidão da medida menor que 1% da faixa de medição. 0,2N/20g com precisão de 0,002N / 0,2g. | D58: KIT | E58: ='LISTA ITENS FINAL'!F58 -> 8 | F58: 220 | G58: 350 | H58: 261 | S58: =AVERAGE(F58,G58,H58,I58,J58,K58,M58,O58,Q58) -> 277 | T58: =S58*E58 -> 2216
A59: 57 | B59: 441787 | C59: Dispersor Homogeneizador de alta velocidade tipo turrax. Velocidade máxima: 30.000 rpm, volume de trabalho 250 - 5000ml,controle de velocidade contínuo com 6 níveis, material das lâminas: aço inoxidável 304, potência 1300W,viscosidade máxima 8000mPas. Com itens inclusos: estrutura de suporte com base antiderrapante, braço de fixação dupla com suporte para bécker, retentor de recipiente para segurança adicional, Comprimento do cabeçote imerso: 150 mm,Tensão de alimentação: AC 220V | 50/60Hz,Cabeçote padrão φ25mm,Motor de corrente contínua sem escovas,Controle de velocidade: Contínuo,Viscosidade Máxima: 8000mPas. Sistema de proteção com isolamento duplo para garantir segurança.Umidade Relativa: 80%. | D59: UNIDADE | E59: ='LISTA ITENS FINAL'!F59 -> 3 | G59: 6956.58 | H59: 8323.54 | I59: 9591.3 | S59: =AVERAGE(F59,G59,H59,I59,J59,K59,M59,O59,Q59) -> 8290.4733 | T59: =S59*E59 -> 24871.42
A60: 58 | B60: 607570 | C60: Dosímetro de ruído digital c/ faixa de medição 35 a 140db, memória para 680 horas de medição. Filtro de banda de 1/1 e 1/3 de oitava, tela de OLED, tecnologia Wheel. Faixa de frequências de 20 Hz a 10 kHz. dosimetrias simultâneas com as normas NR-15 e NHO-01. | D60: UNIDADE | E60: ='LISTA ITENS FINAL'!F60 -> 2 | F60: 4012.36 | G60: 4799 | H60: 4400 | S60: =AVERAGE(F60,G60,H60,I60,J60,K60,M60,O60,Q60) -> 4403.7867 | T60: =S60*E60 -> 8807.5733
A61: 59 | B61: 601425 | C61: Esmerilhadeira angular de 4.1/2" (115 mm), alimentação 220 V, potência mínima de 850 W, rotação sem carga mínima de 11.000 rpm, eixo roscado M14, dupla isolação elétrica, trava do eixo para facilitar a substituição dos acessórios, capa de proteção metálica ajustável e empunhadura lateral auxiliar. Deve acompanhar, no mínimo, empunhadura lateral, capa de proteção e chave para troca do disco. Garantia mínima de 12 meses. | D61: UNIDADE | E61: ='LISTA ITENS FINAL'!F61 -> 29 | F61: 524.15 | G61: 598 | H61: 469 | I61: 521.11 | J61: 469 | S61: =AVERAGE(F61,G61,H61,I61,J61,K61,M61,O61,Q61) -> 516.252 | T61: =S61*E61 -> 14971.308
A62: 60 | B62: 623488 | C62: Espectofotômetro por Infravermelho FTIR - Espectrofotômetro de Infravermelho por Transformada de Fourier (FTIR), de bancada, com interferômetro de alinhamento permanente, acessório de Reflexão Total Atenuada (ATR) com cristal de diamante de alta dureza e resistência mecânica/química, inerte a solventes, ácidos e bases, com dispositivo para fixação de amostra sólidas de polímeros. Equipamento com hardware e software de controle e biblioteca espectral. Cobertura de análise na região do Médio Infravermelho, em torno de 400 cm⁻¹ a 4.000 cm⁻¹, resolução espectral selecionável. Fonte de Radiação de infravermelho de longa vida útil composta de carbeto de silício ou material cerâmico equivalente. Detector piroelétrico de alta sensibilidade do tipo DLaTGS (ou equivalente) termoestabilizado. Incluídos os serviço de Instalação, treinamento operacional e garantia mínima de 36 meses. | D62: UNIDADE | E62: ='LISTA ITENS FINAL'!F62 -> 5 | F62: 283428 | K62: 363270 | L62: FOR 17 | M62: 258319.61 | N62: FOR 18 | O62: 164,864,41 | P62: FOR 19 | Q62: 70963.29 | R62: FOR 16 | S62: =AVERAGE(F62,G62,H62,I62,J62,K62,M62,O62,Q62) -> 243995.23 | T62: =S62*E62 -> 1219976.1
A63: 61 | B63: 600649 | C63: Espectrofotômetro de Absorção Atômica: Faixa espectral de 190–900 nm; Sistema de feixe duplo com compensação automática de desvios térmicos; Sistema de gás com estabilizador de pressão e controle de chama; Queimador em liga de titânio; Reflexão total otimizada; Lâmpadas catódicas de aquecimento rápido; Processador integrado com display digital; Faixa de comprimento de onda: 190–900 nm; Precisão do comprimento de onda: ≤ ±0,5 nm; Repetibilidade: ≤ 0,3 nm (direção única); Largura de banda ajustável: 0,2 / 0,4 / 0,7 / 1,4 / 2,4 / 5,0 nm; Estabilidade de linha de base: ±0,004 Abs/30 min; Resolução espectral: ≤ 40%; Limite de detecção (Cu) ≤ 0,08 µg/mL; Lâmpadas de cátodo oco (diâmetro: 1,5" 37mm; 2 pinos; não codificada): Alumínio (Al), Magnésio (Mg) e Cálcio (Ca). Voltagem: 220 v ou bivolt.Reflexão total otimizada; Lâmpadas catódicas de aquecimento rápido; Processador integrado com display digital; Faixa de comprimento de onda: 190–900 nm; Precisão do comprimento de onda: ≤ ±0,5 nm; Repetibilidade: ≤ 0,3 nm (direção única); Largura de banda ajustável: 0,2 / 0,4 / 0,7 / 1,4 / 2,4 / 5,0 nm; Estabilidade de linha de base: ±0,004 Abs/30 min; Resolução espectral: ≤ 40%; Limite de detecção (Cu) ≤ 0,08 µg/mL; Voltagem: 220 v ou bivolt. | D63: UNIDADE | E63: ='LISTA ITENS FINAL'!F63 -> 4 | F63: 134576 | G63: 118778 | K63: 158664.45 | L63: FOR 16 | M63: 202850 | N63: FOR 25 | S63: =AVERAGE(F63,G63,H63,I63,J63,K63,M63,O63,Q63) -> 153717.11 | T63: =S63*E63 -> 614868.45
A64: 62 | B64: 623488 | C64: Espectrofotômetro digital: Espectrofotômetro de Feixe Único UV-Visível: Sistema Óptico: Feixe Único/ Monocromador de TC de rede de difração de 1200 linhas; Faixa de Comprimento de Onda: 190-1100 nm; Largura de Banda: 2nm; Luz Dispersa: ≤0,2%T; Precisão do Comprimento de Onda: ±2 nm; Repetibilidade do Comprimento de Onda: ≤0,5nm; Precisão Fotométrica: ±0,5%T; Repetibilidade Fotométrica: ±0,2%T; Vendabilidade: 0% ≤0,2%T, 100% ≤0,5%T; Faixa de Transmitância: 0,0-199,9%T; Faixa de Absorção: -0,3 - 2,999A; Fonte de Luz: Lâmpada de deutério, lâmpada de tungstênio; Display: LED de 4 dígitos; Voltagem: 220V ou bivolt. | D64: UNIDADE | E64: ='LISTA ITENS FINAL'!F64 -> 9 | F64: 13762 | G64: 12600 | H64: 14379.72 | K64: 36477.95 | L64: FOR 16 | M64: 17640 | N64: FO 24 | S64: =AVERAGE(F64,G64,H64,I64,J64,K64,M64,O64,Q64) -> 18971.934 | T64: =S64*E64 -> 170747.41
A65: 63 | B65: 628272 | C65: Estação agrometerorológica automática. Estação agrometeorológica automática e autônoma, destinada ao monitoramento contínuo de variáveis meteorológicas, composta por sistema de aquisição, registro e armazenamento de dados. Deverá possuir comunicação via Wi-Fi e armazenamento interno dos dados, possibilitando a consulta, visualização e posterior exportação das informações coletadas. Deverá contar com sistema de alimentação por energia solar, com bateria recarregável, adequado para operação autônoma em campo, com autonomia operacional de no mínimo 72 (setenta e duas) horas consecutivas sem incidência de radiação solar, com bateria totalmente carregada. Deverá ser fornecida completa, incluindo estrutura de instalação, sensores, cabos, conectores e demais acessórios necessários ao seu pleno funcionamento, bem como sistema, aplicativo ou plataforma para visualização e acompanhamento dos dados. Os sensores deverão ser apropriados para instalação e operação em ambiente externo, com grau de proteção mínimo IP65 para sensores e estrutura de instalação, e fornecidos com calibração ou aferição de fábrica, conforme especificação do fabricante. As medições deverão ser contínuas, com intervalo de registro programável (5, 10, 15, 30 e 60 minutos), e capacidade de armazenamento interno para no mínimo 01 (um) ano de dados, considerando intervalo de registro de 15 minutos. A exportação dos dados deverá ser disponibilizada em formatos abertos (CSV/TXT) e, preferencialmente, por meio de API ou compatibilidade com plataformas de terceiros. O fornecimento deverá incluir instalação, configuração completa e validação de funcionamento no local indicado pela contratante, devendo a estação atender às recomendações técnicas da Organização Meteorológica Mundial (OMM) para estações meteorológicas automáticas. Sensores e Variáveis Meteorológicas Mínimas:- Pluviômetro: para medição da precipitação pluviométrica, com resolução de 0,2 mm e precisão de ±1% ou superior; - Sensor de temperatura do ar: para medição da temperatura do ar, com resolução de 0,1 °C e precisão de ±0,3 °C; - Sensor de umidade relativa do ar: para medição da umidade relativa do ar, com resolução de 1% e precisão de ±3% na faixa de 0% a 100%; - Piranômetro: para medição da radiação solar global/incidente, em conformidade com a norma ISO 9060 (Classe C ou superior), com faixa de medição de 0 a 2.000 W/m²; - Anemômetro: para medição da velocidade do vento, com precisão de ±0,5 m/s ou ±5% da leitura; - Biruta eletrônica ou sensor de direção do vento: para medição da direção do vento, com resolução de 1° e precisão de ±5°. Condições de Fornecimento e Garantia : inclui garantia mínima de 12 (doze) meses, manual em português, treinamento operacional, assistência técnica autorizada em território nacional e disponibilidade garantida de peças de reposição. | D65: Unidade | E65: ='LISTA ITENS FINAL'!F65 -> 3 | F65: 64464 | G65: 42689.45 | H65: 64567.36 | S65: =AVERAGE(F65,G65,H65,I65,J65,K65,M65,O65,Q65) -> 57240.27 | T65: =S65*E65 -> 171720.81
A66: 64 | B66: 340753 | C66: Estação de retrabalho SMD, analógica, certificada de acordo com as normas técnicas IEC 60335-1 e IEC 60335-2-45. Potência de Pico: 850W – 127V; Potência Nominal: 300W – 127V; Proteção contra descargas eletrostáticas (ESD); Faixa de Temperatura: 100°C ~ 480°C; Fluxo (Vazão) Máximo de Ar: 24L/minuto (máx); Tipo de Bomba: Diafragma Ruído: <50dB; Melhor Eficiência Térmica – Resistência de Cerâmica; Rápido Aquecimento; Resfriamento Automático; Alimentação: 127V ; Fusível: 8A (127V); Comprimento do Cabo: 900mm; Dimensões: 152x135x245mm; Peso: Aproximadamente 2.8Kg. Manual de Instruções; Cabo de Alimentação Bocal (3 unidades) – Ø9mm, Ø6mm, Ø2mm Acessórios Opcionais / Reposição: Alça (21J434) Bocal Ø2mm 21J448), Bocal Ø6mm (21J449) Bocal Ø9mm (21J450) Resistência 127V (21J427) ; Conjunto Tubo Mica (21J435). | D66: UNIDADE | E66: ='LISTA ITENS FINAL'!F66 -> 14 | F66: 1019.9 | G66: 759.5 | H66: 1994.05 | S66: =AVERAGE(F66,G66,H66,I66,J66,K66,M66,O66,Q66) -> 1257.8167 | T66: =S66*E66 -> 17609.433
A67: 65 | B67: 458306 | C67: Estação de solda convencional, soldagem de componentes PTH e SMD, rápida recuperação térmica e faixa de temperatura ajustável. Pico de Potência: 60W; Frequência: 60Hz; Tensão de Saída: 24V; Tensão de Alimentação: 127V (60Hz); Resistência: Cerâmica; Controle de Temperatura: Analógica; Temperatura Ajustável: 200°C (392°F) a 480°C (896°F) Dimensões: 90x120x170mm; Manual de Instruções; Ferro de Soldar 900A; Esponja Vegetal; Suporte para Ferro de Soldar. | D67: UNIDADE | E67: ='LISTA ITENS FINAL'!F67 -> 51 | F67: 405 | G67: 342.5 | H67: 1490 | S67: =AVERAGE(F67,G67,H67,I67,J67,K67,M67,O67,Q67) -> 745.83333 | T67: =S67*E67 -> 38037.5
A68: 66 | B68: 420201 | C68: Estéreomicroscópio binocular. Especificações Técnicas Principais: Sistema Óptico e Zoom: Ampliação contínua de 8x a 32x. Oculares: Oculares: Par de oculares de campo amplo com aumento de 10x e número de campo igual ou superior a 20 mm, dotadas de ajuste focalizável (ajuste de dioptria) em ambas as oculares. Distância de Trabalho: Distância livre de trabalho de, no mínimo, 92 mm, permitindo espaço adequado para a livre manipulação e preparação de amostras na bancada. Focalização: Sistema macro por pinhão e cremalheira na estativa C. Iluminação: Luz fria de LED branca (vida útil aproximada de 25.000 horas), refletida e transmitida com controle direto na base e fonte externa bivolt (12V-30W) com adaptadores globais .O sistema deve possibilitar iluminação por luz refletida (incidente) e transmitida, com chaves de controle de intensidade independentes ou integradas diretamente na base do equipamento. Ergonomia e Design da Estativa: Estativa robusta que incorpore alça integrada ao corpo/coluna para transporte seguro do equipamento. Acessórios Inclusos: equipamento deverá ser entregue acompanhado de todos os componentes necessários ao seu pleno funcionamento imediato, incluindo obrigatoriamente: 01 (uma) Capa protetora contra poeira e umidade, confeccionada em material resistente, compatível com as dimensões aproximadas do equipamento (mínimo de 300 x 190 x 400 mm). Cabos de alimentação e adaptadores exigidos. Manual de instruções de operação em língua portuguesa (ou tradução oficial disponível). OBRIGAÇÕES DA CONTRATADA E GARANTIA: O licitante vencedor deverá fornecer garantia técnica total contra defeitos de fabricação por um período mínimo de 12 (doze) meses, contados a partir da data de recebimento definitivo do equipamento. Assistência Técnica: O fornecedor deverá garantir suporte técnico e disponibilidade de peças de reposição em território nacional. | D68: UNIDADE | E68: ='LISTA ITENS FINAL'!F68 -> 22 | F68: 18400 | G68: 20061.3 | K68: 18186.1 | L68: FOR 36 | S68: =AVERAGE(F68,G68,H68,I68,J68,K68,M68,O68,Q68) -> 18882.467 | T68: =S68*E68 -> 415414.27
A69: 67 | B69: 480704 | C69: Estereomicroscópio Trinocular Óptico Digital Híbrido Sistema Óptico (Lupa): Construído em prismas e lentes de vidro cristalino com tratamento antifungo e antirreflexo. Cabeçote: Tipo Binocular/Trinocular com inclinação ergonômica de 45° ou 60° e rotação de 360° do conjunto óptico. Ajuste de distância interpupilar (mínimo entre 54 mm e 75 mm) e ajuste de dioptria em pelo menos uma das portas das oculares. Ampliação Total: Faixa de aumento óptico configurável até 80x, obtida através da combinação de objetivas fixas/rotativas (ex: 2x e 4x) com pares de oculares de campo amplo (WF 10x e WF 20x inclusas).Sistema de Visualização Digital Integrado:Tela Digital: Monitor integrado em tecnologia LCD/IPS de 10,1 polegadas, acoplado diretamente ao corpo do equipamento, permitindo visualização em tempo real e demonstrações coletivas.Câmera Digital: Câmera de alta resolução (mínimo de 2.0 MP a 12 MP) integrada ou acoplada via tubo divisor de feixe óptico, com capacidade de captura de fotos e gravação de vídeos diretamente em cartão de memória ou via conexão USB.Estativa e Focalização: Mecanismo de focalização macrométrico bilateral controlado por pinhão e cremalheira, com regulagem de tensão no manípulo. Distância de trabalho livre que permita a manipulação confortável de placas e objetos. Iluminação: Sistema de iluminação dupla em LED de alta durabilidade, composto por luz incidente (episcópica - superior) e luz transmitida (diascópica - inferior), com controles de intensidade independentes ou integrados na própria base do equipamento. Platina: Base equipada com área circular dotada de disco de vidro fosco e garras (presilhas) metálicas para fixação de amostras, acompanhada de disco reversível opaco (preto/branco) para contraste de objetos claros e escuros. Alimentação Elétrica: Tensão de operação bivolt automática (faixa de trabalho compatível com 127/220 V).Acessórios Inclusos: Capa de proteção contra poeira sob medida, protetores oculares de borracha flexível, fusíveis sobressalentes e manual de operação em língua portuguesa. Garantia: Mínimo de 12 meses contra defeitos de fabricação, com suporte e rede de assistência técnica autorizada em território nacional. | D69: Unidade | E69: ='LISTA ITENS FINAL'!F69 -> 2 | F69: 72921.7 | G69: 49383.53 | K69: 75360 | L69: FOR 48 | S69: =AVERAGE(F69,G69,H69,I69,J69,K69,M69,O69,Q69) -> 65888.41 | T69: =S69*E69 -> 131776.82
A70: 68 | B70: 637344 | C70: Estufa de Secagem com Circulação e Renovação de Ar Forçada 1600 litros: Capacidade: 1600 litros; Temperatura de trabalho: 5°C acima da temperatura ambiente até 200°C; Precisão ±1°C; Controle de temperatura microprocessado digital com display LED de 04 dígitos cpara indicação da temperatura de processo, set point e tempo; Termostato eletromecânico contra superaquecimento; Resistência blindada; Sensor de temperatura PT100; Timer programável de 01 até 9.999 minutos com ajuste de 01 em 01 minuto; Dispositivo regulável para renovação de ar do interior da câmara; Com respiro superior para saída de gases, umidade ou acomodação de termômetroGabinete em aço carbono 1020 com tratamento anticorrosiva e pintura eletrostática; Pintura interna tipo alumínio resistente a altas temperaturas (até 600°C) ou inox; 2 portas com abertura de dentro para fora; Pés com rodízios giratórios; Isolamento térmico em lã de vidro, inclusive nas portas; Chave liga/desliga; Cabo de alimentação e plug com três pinos, duas fases e um terra; Fusível de segurança; Voltagem: 220v ou bivolt. | D70: UNIDADE | E70: ='LISTA ITENS FINAL'!F70 -> 4 | F70: 26460 | G70: 28785.53 | H70: 27755 | K70: 35990.24 | L70: FOR 24 | M70: 26660 | N70: FOR 25 | O70: 35625 | P70: FOR 27 | Q70: 39614.57 | R70: FOR 51 | S70: =AVERAGE(F70,G70,H70,I70,J70,K70,M70,O70,Q70) -> 31555.763 | T70: =S70*E70 -> 126223.05
A71: 69 | B71: 641106 | C71: Estufa digital de secagem e esterilização. Temperatura de trabalho: 50 até 200°C. Controle de temperatura digital microprocessado. Display de LED 3 dígitos. Resolução 1°C para indicação de temperatura de processo. Sensor de temperatura tipo J. Cabo de alimentação com plug de 3 pinos, duas fases e um terra. Precisão do sistema: ±5°C. Isolamento térmico de lã de vidro, inclusive nas portas. Alimentação 220 V. Capacidade: 280 litros. Medidas internas: 80x50x70 cm. Potência: 2000 W. Painel de controle: LED indicador das fases do processo; Adesivo em policarbonato; Chave geral liga/desliga; Porta fusível; Controlador eletrônico. Gabinete: Chapa de aço carbono SAE 1020; Pintura eletrostática epóxi texturizada, tratamento anticorrosivo; Porta com puxador anatômico e abertura para direita; Pintura interna tipo alumínio resistente a altas temperaturas (até 600°C); Saída superior – respiro para gases, umidade ou acomodação do termômetro; Trilhos internos para deslocamento das bandejas; Vedação com perfil de silicone de alta temperatura. Acessórios inclusos: 2 Bandejas; Fusível de segurança; Manual de instruções em Português. | D71: UNIDADE | E71: ='LISTA ITENS FINAL'!F71 -> 6 | F71: 4400 | G71: 4987 | H71: 4523.9 | I71: 5647.02 | S71: =AVERAGE(F71,G71,H71,I71,J71,K71,M71,O71,Q71) -> 4889.48 | T71: =S71*E71 -> 29336.88
